Workbook
Name COMMODITY: #REF!
Name DEGREE_DAYS: #REF!
Name FIRM_REQS: #REF!
Name INTERRUP_REQ: #REF!
Name JUL_ACT_DEMAND: #REF!
Name LNG_WACOG: #REF!
Name PrintArea: #REF!
Name STOR_WACOG: #REF!
Name STORAGE: #REF!
Name STORAGE_DATA: #REF!
Name SUMMARY: #REF!
Name YR_REPORT0203: 'YR REPORTS'!#REF!
Name YR_REPORT0304: 'YR REPORTS'!#REF!
Name YR_REPORT0405: 'YR REPORTS'!#REF!
Name Yr_Summaries: 'YR SUMMARIES'!$A$3:$I$25

Sheet WORKBOOK NOTES
A1: Year Report
A2: RS,GS,MS Mcfs | B2: Actual Mcfs and Projected PGC - CIS
A3: CIS Mcfs | B3: Actual Mcfs and Projected Mcfs
A4: PGC Mcfs | B4: Actual sum and Projected Mcfs
A5: Non-PGC Mcfs | B5: Actual Mcfs and Projected Mcfs
A6: Total Mcfs | B6: Sum
A8: Total Commodity Costs of Sales | B8: Actual FSA Total - Demand, Proj Rec Total Dths*FT Wacog (NYMEX & hedge) and STOW Nov-Mar - COR fuel is weighted average of PGC and non-PGC
A9: Total Demand Costs
A10: Total Cost of Sales | B10: Actual from Energy Services FSA, Planned Comd + Demand
A11: Cumulative Cost of Sales
A13: PGC Commodity Costs (RS,GS,MS,CIS) | B13: Total Commodity - Non-PGC Commodity
A14: PGC Unit Commodity Costs
A15: RS,GS,MS Demand Costs | B15: Total Demand - LVS Demand - CIS Demand
A16: RS,GS,MS Unit Demand Costs
A17: RS,GS,MS Unit PGC | B17: PGC Unit Commodity + RS,GS,MS Unit Demand
A18: RS,GS,MS PGC Costs | B18: (PGC Commodity - CIS Commodity) + RS,GS,MS Demand
A19: RS,GS,MS PGC Cumulative Costs
A20: CIS Unit PGC (w/o Demand) | B20: same as PGC Unit Commodity
A21: CIS PGC Costs (w/o Demand) | B21: CIS Unit PGC * CIS Mcfs
A22: CIS PGC Cumulative Costs (w/o Demand)
A23: Total PGC Costs (w/o CIS Demand) | B23: PGC gas + RS,GS,MS demand
A24: PGC Cumulative Costs (w/o CIS Demand)
A25: CIS Demand Costs | B25: Fin Ops
A26: Total PGC Costs (with CIS Demand) | B26: PGC gas + PGC Demand (incl CIS)
A27: PGC Cumulative Costs (with CIS Demand)
A29: Non-PGC Hedge Mcf | B29: Link to LVS Hedge page
A30: Non-PGC Hedge $/Mcf | B30: Input based on citygate hedge quote
A31: Non-PGC Hedge Costs
A32: Non-PGC WACOG Mcfs | B32: Non-PGC Total Mcfs - Hedged Mcfs
A33: Non-PGC WACOG $/Mcf | B33: Actual COR Wacog, Planned FT Gas INDEX WACOG w non-PGC COR loss
A34: Non-PGC WACOG Costs
A35: Non-PGC Commodity Costs
A36: Non-PGC Demand Costs
A37: Total Non-PGC Costs
A39: RS,GS,MS PGC Rate
A40: RS,GS,MS PGC Revenue
A41: RS,GS,MS PGC Cumulative Revenue
A42: RS,GS,MS Mth Revenue vs Cost
A43: RS,GS,MS Cumulative PGC Recovery
A44: CIS PGC Rate
A45: CIS PGC Revenue
A46: CIS PGC Cumulative Revenue
... A71: Unit Cost Diff

Sheet HEDGE REPORT
A2: Department of Public Utilities
A3: Comparison of Hedge Contracts and Storage vs Market
A8: PGC Hedges | H8: 40764 | I8: Hedge vs
A9: Hedge Dates | B9: Delivery Months | C9: Type | D9: Dth/Day | E9: Total Dths | F9: %PGC Reqs | G9: Hedge $/Dth | H9: NYMEX | I9: NYMEX or Index | J9: Total $
A10: 08/13/09,10/15/10 | B10: Jul10-Mar11 | C10: Fixed Price - Columbia | D10: =+'FT GAS'!S60 -> 1826.6423 | E10: =+'FT GAS'!S59 -> 500500 | F10: =E10/MCFS!$P$13 -> 0.039280835 | G10: =+'FT GAS'!S62 -> 4.4546454 | H10: =('FT GAS'!G59*'FT GAS'!G109+'FT GAS'!H59*'FT GAS'!H109+'FT GAS'!I59*'FT GAS'!I109+'FT GAS'!J59*'FT GAS'!J109+'FT GAS'!K59*'FT GAS'!K109+'FT GAS'!L59*'FT GAS'!L109+'FT GAS'!M59*'FT GAS'!M109+'FT GAS'!N59*'FT GAS'!N109+'FT GAS'!O59*'FT GAS'!O109)/'FT GAS'!S59 -> 4.0421738 | I10: =H10-G10 -> -0.41247153 | J10: =E10*I10 -> -206442 | K10: =+'[1]HEDGE - RESULTS'!$N$472 -> -195488
A11: 4/13/10,6/29/10,7/23/10,11/1/10,2/28/11,3/10/11 | B11: Jul10-Jun11 | C11: Collar - Columbia | D11: =+'FT GAS'!S52 -> 6643.8356 | E11: =+'FT GAS'!S51 -> 2425000 | F11: =E11/MCFS!$P$13 -> 0.19032173 | G11: =+'FT GAS'!S54 -> 4.3751433 | H11: =('FT GAS'!G51*'FT GAS'!G109+'FT GAS'!H51*'FT GAS'!H109+'FT GAS'!I51*'FT GAS'!I109+'FT GAS'!J51*'FT GAS'!J109+'FT GAS'!K51*'FT GAS'!K109+'FT GAS'!L51*'FT GAS'!L109+'FT GAS'!M51*'FT GAS'!M109+'FT GAS'!N51*'FT GAS'!N109+'FT GAS'!O51*'FT GAS'!O109+'FT GAS'!P51*'FT GAS'!P109+'FT GAS'!Q51*'FT GAS'!Q109+'FT GAS'!R51*'FT GAS'!R109)/'FT GAS'!S51 -> 4.1263866 | I11: =H11-G11 -> -0.2487567 | J11: =E11*I11 -> -603235 | K11: =+'[1]HEDGE - RESULTS'!$N$466 -> -419270
A12: PGC FY1011 Hedge Totals | E12: =SUM(E10:E11) -> 2925500 | F12: =SUM(F10:F11) -> 0.22960256 | G12: =(E10*G10+E11*G11)/E12 -> 4.3887447 | H12: =(E10*H10+E11*H11)/E12 -> 4.1119793 | I12: =(E10*I10+E11*I11)/E12 -> -0.27676534 | J12: =SUM(J10:J11) -> -809677
H14: =H8 -> 40764 | I14: Storage vs
E15: Storage Dths | F15: %PGC Reqs | G15: Storage WACOG | H15: NYMEX + BASIS | I15: NYMEX + BASIS | J15: Total $
A16: PGC Storage (75% Planned Use) | E16: =ROUND(-SUM('STORAGE TOT'!H9:K9),-5) -> 3100000 | F16: =E16/MCFS!$P$13 -> 0.24329788 | G16: =+'STORAGE TOT'!F19 -> 4.6787158 | H16: =AVERAGE('FT GAS'!L109:N109)+(0.64*0.16+0.36*0.26) -> 4.4623333 | I16: =H16-G16 -> -0.21638244 | J16: =E16*I16 -> -670785.55
H18: =H8 -> 40764 | I18: Hedge & Storage vs
E19: Hedge & Storage Dths | F19: %PGC Reqs | G19: Hedge & Storage WACOG | H19: NYMEX | I19: NYMEX or Index | J19: Total $
A20: PGC FY1011 Hedge & Storage | E20: =SUM(E12,E16) -> 6025500 | F20: =SUM(F12,F16) -> 0.47290044 | G20: =(E12*G12+E16*G16)/E20 -> 4.537929 | H20: =(E12*H12+E16*H16)/E20 -> 4.2922295 | I20: =H20-G20 -> -0.24569954 | J20: =SUM(J12,J16) -> -1480462.6
A24: NON-PGC Hedges | H24: 40764 | I24: Hedge vs
A25: Hedge Dates | B25: Delivery Months | C25: Type | D25: Dth/Day | E25: Total Dths | F25: %NON-PGC Reqs | G25: Hedge $/Dth | H25: NYMEX | I25: NYMEX or Index | J25: Total $
A26: 9/28/2010,4/26/11 | B26: Nov10-Mar11, May-Jun11 | C26: Fixed Price - Columbia | D26: =+'FT GAS'!S68 -> 4349.0566 | E26: =+'FT GAS'!S67 -> 922000 | F26: =E26/MCFS!P15 -> 0.24502618 | G26: =+'FT GAS'!S70 -> 4.2743547 | H26: =('FT GAS'!K67*'FT GAS'!K109+'FT GAS'!L67*'FT GAS'!L109+'FT GAS'!M67*'FT GAS'!M109+'FT GAS'!N67*'FT GAS'!N109+'FT GAS'!O67*'FT GAS'!O109+'FT GAS'!Q67*'FT GAS'!Q109+'FT GAS'!R67*'FT GAS'!R109)/'FT GAS'!S67 -> 4.0653216 | I26: =G26-H26 -> 0.20903308 | J26: =I26*E26 -> 192728.5
A29: FY10-11 PGC and NON-PGC Hedges Total | E29: =E12+E26 -> 3847500 | G29: =(E12*G12+E26*G26)/E29 -> 4.3613327 | H29: =(E12*H12+E26*H26)/E29 -> 4.1007984 | I29: =H29-G29 -> -0.26053424 | J29: =E29*I29 -> -1002405.5
A35: PGC Hedges | H35: 40764 | I35: Hedge vs
A36: Hedge Dates | B36: Delivery Months | C36: Type | D36: Dth/Day | E36: Total Dths | F36: %PGC Reqs | G36: Hedge $/Dth | H36: NYMEX | I36: NYMEX or Index | J36: Total $
A37: 11/1/10,2/28/11,3/10/11 | B37: Jul11-Mar12 | C37: Collar - Columbia | D37: =+'FT GAS'!AJ52 -> 6118.1818 | E37: =+'FT GAS'!AJ51 -> 1682500 | F37: =E37/MCFS!AF13 -> 0.13120002 | G37: =+'FT GAS'!AJ54 -> 4.2811233 | H37: =('FT GAS'!X51*'FT GAS'!X109+'FT GAS'!Y51*'FT GAS'!Y109+'FT GAS'!Z51*'FT GAS'!Z109+'FT GAS'!AA51*'FT GAS'!AA109+'FT GAS'!AB51*'FT GAS'!AB109+'FT GAS'!AC51*'FT GAS'!AC109+'FT GAS'!AD51*'FT GAS'!AD109+'FT GAS'!AE51*'FT GAS'!AE109+'FT GAS'!AF51*'FT GAS'!AF109)/'FT GAS'!AJ51 -> 4.2811233 | I37: =H37-G37 -> 0 | J37: =E37*I37 -> 0 | K37: =+'[1]HEDGE - RESULTS'!$N$500 -> 0
A38: PGC FY1112 Hedge Totals | E38: =SUM(E37:E37) -> 1682500 | F38: =SUM(F37:F37) -> 0.13120002 | G38: =(E37*G37)/E38 -> 4.2811233 | H38: =(E37*H37)/E38 -> 4.2811233 | I38: =I37 -> 0 | J38: =SUM(J37:J37) -> 0
H40: =H35 -> 40764 | I40: Storage vs
E41: Storage Dths | F41: %PGC Reqs | G41: Storage WACOG | H41: NYMEX + BASIS | I41: NYMEX + BASIS | J41: Total $
A42: PGC Storage (75% Planned Use) | E42: =ROUND(-SUM('STORAGE TOT'!T9:W9),-5) -> 3100000 | F42: =E42/MCFS!$AF$13 -> 0.24173555 | G42: =+'STORAGE TOT'!R19 -> 4.359959 | H42: =AVERAGE('FT GAS'!AC109:AE109)+(0.64*0.09+0.36*0.15) -> 4.5646 | I42: =H42-G42 -> 0.20464104 | J42: =E42*I42 -> 634387.22
H44: =H35 -> 40764 | I44: Hedge & Storage vs
E45: Hedge & Storage Dths | F45: %PGC Reqs | G45: Hedge & Storage WACOG | H45: NYMEX | I45: NYMEX or Index | J45: Total $
A46: PGC FY1112 Hedge & Storage | E46: =SUM(E38,E42) -> 4782500 | F46: =SUM(F38,F42) -> 0.37293557 | G46: =(E38*G38+E42*G42)/E46 -> 4.3322243 | H46: =(E38*H38+E42*H42)/E46 -> 4.4648719 | I46: =H46-G46 -> 0.13264761 | J46: =SUM(J38,J42) -> 634387.22
A50: NON-PGC Hedges | H50: 40764 | I50: Hedge vs
A51: Hedge Dates | B51: Delivery Months | C51: Type | D51: Dth/Day | E51: Total Dths | F51: %NON-PGC Reqs | G51: Hedge $/Dth | H51: NYMEX | I51: NYMEX or Index | J51: Total $
A52: 40659 | B52: Jul11-Apr12 | C52: Fixed Price - Columbia | D52: =+'FT GAS'!AJ68 -> 2898.3607 | E52: =+'FT GAS'!AJ67 -> 884000 | F52: =E52/MCFS!AF15 -> 0.2285311 | G52: =+'FT GAS'!AJ70 -> 4.7 | H52: =('FT GAS'!X67*'FT GAS'!X109+'FT GAS'!Y67*'FT GAS'!Y109+'FT GAS'!Z67*'FT GAS'!Z109+'FT GAS'!AA67*'FT GAS'!AA109+'FT GAS'!AB67*'FT GAS'!AB109+'FT GAS'!AC67*'FT GAS'!AC109+'FT GAS'!AD67*'FT GAS'!AD109+'FT GAS'!AE67*'FT GAS'!AE109+'FT GAS'!AF67*'FT GAS'!AF109+'FT GAS'!AG67*'FT GAS'!AG109)/'FT GAS'!AJ67 -> 4.3277189 | I52: =G52-H52 -> 0.37228111 | J52: =I52*E52 -> 329096.5

Sheet YR SUMMARIES
A1: Factor
A2: 1000000
A3: =CELL("FILENAME",A1) -> H:\Gaspurch\GasCosts\Annual\FY1113\[1113pgc9Aug11.xlsx]YR SUMMARIES
A4: City of Richmond
A5: Department of Public Utilities
A6: Gas Cost Summary
A7: NYMEX Settlement: | B7: 40764
C9: 09-10 | D9: 09-10 | E9: 09-10 | G9: 10-11 | H9: 10-11 | I9: 10-11 | K9: 11-12 | L9: 11-12 | M9: 11-12 | O9: 12-13 | P9: 12-13 | Q9: 12-13
C10: Total ($M) | D10: MMcf | E10: $/Mcf | G10: Total ($M) | H10: MMcf | I10: $/Mcf | J10: vs 0910 | K10: Total ($M) | L10: MMcf | M10: $/Mcf | N10: vs 1011 | O10: Total ($M) | P10: MMcf | Q10: $/Mcf | R10: vs 1112
A11: Total | C11: =+'[2]YR SUMMARIES'!C11 -> 103.42265 | D11: =+'[2]YR SUMMARIES'!D11 -> 15.405617 | E11: =+'[2]YR SUMMARIES'!E11 -> 6.7133079 | G11: =+'YR REPORTS'!P23/'YR SUMMARIES'!$A$2 -> 92.591799 | H11: =+'YR REPORTS'!P12/'YR SUMMARIES'!$A$2 -> 15.472026 | I11: =G11/H11 -> 5.9844652 | K11: ='YR REPORTS'!AG23/'YR SUMMARIES'!A2 -> 93.83372 | L11: =+'YR REPORTS'!AG12/'YR SUMMARIES'!A2 -> 14.573559 | M11: =K11/L11 -> 6.4386276 | O11: ='YR REPORTS'!AW23/'YR SUMMARIES'!A2 -> 102.72503 | P11: =+'YR REPORTS'!AW12/'YR SUMMARIES'!A2 -> 14.736375 | Q11: =O11/P11 -> 6.970848
A12: PGC | C12: =+'[2]YR SUMMARIES'!C12 -> 81.915525 | D12: =+'[2]YR SUMMARIES'!D12 -> 11.807259 | E12: =+'[2]YR SUMMARIES'!E12 -> 6.9377259 | G12: =SUM('YR REPORTS'!P33,'YR REPORTS'!P35,'YR REPORTS'!P59)/$A$2 -> 75.445167 | H12: =+'YR REPORTS'!P10/'YR SUMMARIES'!$A$2 -> 11.844756 | I12: =G12/H12 -> 6.3694995 | J12: =(I12-E12)/E12 -> -0.081903839 | K12: =SUM('YR REPORTS'!AG33,'YR REPORTS'!AG35,'YR REPORTS'!AG59)/A2 -> 75.120428 | L12: =+'YR REPORTS'!AG10/'YR SUMMARIES'!A2 -> 11.128459 | M12: =K12/L12 -> 6.750299 | N12: =(M12-I12)/I12 -> 0.059784845 | O12: =SUM('YR REPORTS'!AW33,'YR REPORTS'!AW35,'YR REPORTS'!AW59)/A2 -> 81.71834 | P12: =+'YR REPORTS'!AW10/'YR SUMMARIES'!A2 -> 11.209675 | Q12: =O12/P12 -> 7.2899828 | R12: =(Q12-M12)/M12 -> 0.079949606
A13: Non-PGC | C13: =+'[2]YR SUMMARIES'!C13 -> 21.507128 | D13: =+'[2]YR SUMMARIES'!D13 -> 3.5983587 | E13: =+'[2]YR SUMMARIES'!E13 -> 5.9769273 | G13: =+'YR REPORTS'!P71/'YR SUMMARIES'!$A$2 -> 18.79389 | H13: =+'YR REPORTS'!P11/'YR SUMMARIES'!$A$2 -> 3.6272698 | I13: =G13/H13 -> 5.181277 | K13: =+'YR REPORTS'!AG71/'YR SUMMARIES'!A2 -> 18.713293 | L13: =+'YR REPORTS'!AG66/'YR SUMMARIES'!A2 -> 3.4451 | M13: =K13/L13 -> 5.4318576 | O13: =+'YR REPORTS'!AW71/'YR SUMMARIES'!A2 -> 21.006692 | P13: =+'YR REPORTS'!AW66/'YR SUMMARIES'!A2 -> 3.5267 | Q13: =O13/P13 -> 5.9564726
C15: 09-10 | D15: 09-10 | E15: 09-10 | G15: 10-11 | H15: 10-11 | I15: 10-11 | K15: 11-12 | L15: 11-12 | M15: 11-12
C16: Total ($M) | D16: MMcf | E16: $/Mcf | G16: Total ($M) | H16: MMcf | I16: $/Mcf | K16: Total ($M) | L16: MMcf | M16: $/Mcf
A17: Total Hedge Status | C17: =+'[2]YR SUMMARIES'!C17 -> -2.201508 | D17: =+'[2]YR SUMMARIES'!D17 -> 4.3836562 | E17: =+'[2]YR SUMMARIES'!E17 -> -0.50220817 | G17: =SUM(G18:G19) -> -0.6169485 | H17: =SUM(H18:H19) -> 3.4266797 | I17: =G17/H17 -> -0.18004265 | K17: =SUM(K18:K19) -> 0 | L17: =SUM(L18:L19) -> 1.4984766 | M17: =K17/L17 -> 0
A18: PGC Hedge Status | C18: =+'[2]YR SUMMARIES'!C18 -> -1.7571565 | D18: =+'[2]YR SUMMARIES'!D18 -> 3.7927266 | E18: =+'[2]YR SUMMARIES'!E18 -> -0.46329638 | G18: =+'HEDGE REPORT'!J12/'YR SUMMARIES'!A2 -> -0.809677 | H18: =+('HEDGE REPORT'!E12/A2/1.04*(1-0.05))*(1-0.025) -> 2.6055234 | I18: =G18/H18 -> -0.31075407 | K18: =+'HEDGE REPORT'!J38/'YR SUMMARIES'!A2 -> 0 | L18: =+('HEDGE REPORT'!E38/A2/1.04*(1-0.05))*(1-0.025) -> 1.4984766 | M18: =K18/L18 -> 0
A19: Non-PGC Hedge Status | C19: =+'[2]YR SUMMARIES'!C19 -> -0.4443515 | D19: =+'[2]YR SUMMARIES'!D19 -> 0.59092969 | E19: =+'[2]YR SUMMARIES'!E19 -> -0.75195325 | G19: ='HEDGE REPORT'!J26/'YR SUMMARIES'!A2 -> 0.1927285 | H19: =+('HEDGE REPORT'!E26/A2/1.04*(1-0.05))*(1-0.025) -> 0.82115625 | I19: =G19/H19 -> 0.23470381
C21: 09-10 | D21: 09-10 | E21: 09-10 | G21: 10-11 | H21: 10-11 | I21: 10-11 | K21: 11-12 | L21: 11-12 | M21: 11-12
C22: Total ($M) | D22: MMcf | E22: $/Mcf | G22: Total ($M) | H22: MMcf | I22: $/Mcf | K22: Total ($M) | L22: MMcf | M22: $/Mcf
A23: PGC Storage | C23: =+'[2]YR SUMMARIES'!C23 -> 0.70929114 | D23: =+'[2]YR SUMMARIES'!D23 -> 2.90625 | E23: =+'[2]YR SUMMARIES'!E23 -> 0.24405717 | G23: =+'HEDGE REPORT'!J16/A2 -> -0.67078555 | H23: =+'HEDGE REPORT'!E16/A2*(1-0.025)/1.04 -> 2.90625 | I23: =G23/H23 -> -0.23080793 | K23: =+'HEDGE REPORT'!J42/A2 -> 0.63438722 | L23: =+'HEDGE REPORT'!E42/A2*(1-0.025)/1.04 -> 2.90625 | M23: =K23/L23 -> 0.21828377
A24: PGC Hedge and Storage | C24: =+'[2]YR SUMMARIES'!C24 -> -1.0478654 | D24: =+'[2]YR SUMMARIES'!D24 -> 6.6989766 | E24: =+'[2]YR SUMMARIES'!E24 -> -0.15642171 | G24: =SUM(G18,G23) -> -1.4804626 | H24: =SUM(H18,H23) -> 5.5117734 | I24: =G24/H24 -> -0.26860004 | K24: =SUM(K18,K23) -> 0.63438722 | L24: =SUM(L18,L23) -> 4.4047266 | M24: =K24/L24 -> 0.1440242
A25: PGC w/o Hedge and Storage | C25: =+'[2]YR SUMMARIES'!C25 -> 80.86766 | D25: =+'[2]YR SUMMARIES'!D25 -> 11.807259 | E25: =+'[2]YR SUMMARIES'!E25 -> 6.8489783 | G25: =SUM(G12,G24) -> 73.964704 | H25: =H12 -> 11.844756 | I25: =G25/H25 -> 6.2445106 | J25: =(I25-I12)/I12 -> -0.019623027 | K25: =SUM(K12,K24) -> 75.754815 | L25: =L12 -> 11.128459 | M25: =K25/L25 -> 6.8073049 | N25: =(M25-M12)/M12 -> 0.0084449362
A27: PGC Rate | I27: =+'YR REPORTS'!P76 -> 6.8695394 | M27: =+'YR REPORTS'!AG76 -> 6.5 | Q27: =+'YR REPORTS'!AW76 -> 6.5
A28: PGC Cumulative Recovery | F28: =+'YR REPORTS'!B90/'YR SUMMARIES'!A2 -> 2.5487391 | G28: =+'YR REPORTS'!O90/'YR SUMMARIES'!A2 -> 8.3582289 | K28: =+'YR REPORTS'!AF90/'YR SUMMARIES'!A2 -> 4.4646854 | O28: =+'YR REPORTS'!AV90/A2 -> -5.498866
A29: Yr Change | G29: =G28-F28 -> 5.8094899 | K29: =K28-G28 -> -3.8935436 | O29: =O28-K28 -> -9.9635514
A36: Prepayment Discounts | G36: $M | H36: MMDth | I36: $/Dth | J36: Tot $% | K36: Tot MMDth%
A37: Transco Yr Base (10K/day) - Future | G37: =H37*I37 -> 1.9018421 | H37: =9.9*365/1000/0.95 -> 3.8036842 | I37: 0.5 | J37: =G37/$G$11 -> 0.020540071 | K37: =H37/(MCFS!$P$17/1000000) -> 0.23046422 | M37: FUTURE Deal
A38: MGAG Columbia Winter Base | G38: =H38*I38 -> 1.0315789 | H38: =(10*(30+31)+15*(31+31+28))/1000/0.95 -> 2.0631579 | I38: 0.5 | J38: =G38/$G$11 -> 0.011141148 | K38: =H38/(MCFS!$P$17/1000000) -> 0.12500619 | L38: =K38+K39 -> 0.24618566 | M38: MGAG Deal 1
A39: MGAG Columbia Storage | G39: =H39*I39 -> 1 | H39: =2 -> 2 | I39: 0.5 | J39: =G39/$G$11 -> 0.010800093 | K39: =H39/(MCFS!$P$17/1000000) -> 0.12117947
A40: Total | G40: =SUM(G37:G39) -> 3.9334211 | H40: =SUM(H37:H39) -> 7.8668421 | J40: =SUM(J37:J39) -> 0.042481311 | K40: =SUM(K37:K39) -> 0.47664988 | L40: RMI 10% to 50%
J42: PGC $% | K42: PGC MMDth%
A43: Transco Yr Base (10K/day) - Future | G43: =G37 -> 1.9018421 | H43: =H37 -> 3.8036842 | J43: =G43/G12 -> 0.02520827 | K43: =H43/(MCFS!$P$13/1000000) -> 0.29852526
A44: MGAG Columbia Winter Base | G44: =G38 -> 1.0315789 | H44: =H38 -> 2.0631579 | J44: =G44/G12 -> 0.013673228 | K44: =H44/(MCFS!$P$13/1000000) -> 0.16192321
A45: MGAG Columbia Storage | G45: =G39 -> 1 | H45: =H39 -> 2 | J45: =G45/G12 -> 0.01325466 | K45: =H45/(MCFS!$P$13/1000000) -> 0.15696637
A46: Total | G46: =SUM(G43:G45) -> 3.9334211 | H46: =SUM(H43:H45) -> 7.8668421 | J46: =SUM(J43:J45) -> 0.052136157 | K46: =SUM(K43:K45) -> 0.61741484
A48: Other Supply | H48: MMDth | K48: Tot MMDth%
A49: Columbia Yr Baseload | H49: =13.5*365/1000/0.95 -> 5.1868421 | K49: =H49/(MCFS!$P$17/1000000) -> 0.31426939
A50: DTI Winter Base | H50: =(5*(30+31)+7.5*(31+31+28))/1000/0.97 -> 1.0103093 | K50: =H50/(MCFS!$P$17/1000000) -> 0.061214372
A51: DTI Storage | H51: =1.1 -> 1.1 | K51: =H51/(MCFS!$P$17/1000000) -> 0.066648709
A52: Total | H52: =SUM(H49:H51) -> 7.2971514
H54: MMDth | K54: Tot MMDth%
A55: Total Baseload Supply | H55: =SUM(H40,H52) -> 15.163993 | K55: =H55/(MCFS!$P$17/1000000) -> 0.91878235
A57: Warm Year Swing Supply | H57: =15.9-H55 -> 0.73600651 | K57: =H57/(MCFS!$P$17/1000000) -> 0.04459444
A58: Columbia | F58: 0.5 | H58: =F58*H57 -> 0.36800326 | K58: =H58/(MCFS!$P$17/1000000) -> 0.02229722
A59: DTI | F59: 0.5 | H59: =F59*H57 -> 0.36800326 | K59: =H59/(MCFS!$P$17/1000000) -> 0.02229722
A61: Normal Year Swing Supply | H61: =18.3-H55 -> 3.1360065 | K61: =H61/(MCFS!$P$17/1000000) -> 0.1900098
A62: Columbia | F62: 0.5 | H62: =F62*H61 -> 1.5680033 | K62: =H62/(MCFS!$P$17/1000000) -> 0.095004902
A63: DTI | F63: 0.5 | H63: =F63*H61 -> 1.5680033 | K63: =H63/(MCFS!$P$17/1000000) -> 0.095004902
A65: Cold Year Swing | H65: =20.1-H55 -> 4.9360065 | K65: =H65/(MCFS!$P$17/1000000) -> 0.29907133
A66: Columbia | F66: 0.5 | H66: =F66*H65 -> 2.4680033 | K66: =H66/(MCFS!$P$17/1000000) -> 0.14953566
A67: DTI | F67: 0.5 | H67: =F67*H65 -> 2.4680033 | K67: =H67/(MCFS!$P$17/1000000) -> 0.14953566

Sheet YR REPORTS
C1: =CELL("FILENAME",A1) -> H:\Gaspurch\GasCosts\Annual\FY1113\[1113pgc9Aug11.xlsx]YR REPORTS | F1: =F20/F12 -> 2.9985825 | T1: =CELL("FILENAME",O1) -> H:\Gaspurch\GasCosts\Annual\FY1113\[1113pgc9Aug11.xlsx]YR REPORTS | AJ1: =CELL("FILENAME",AF1) -> H:\Gaspurch\GasCosts\Annual\FY1113\[1113pgc9Aug11.xlsx]YR REPORTS
C2: City of Richmond | T2: City of Richmond | AJ2: City of Richmond
C3: Department of Public Utilities | T3: Department of Public Utilities | AJ3: Department of Public Utilities
C4: Projected Gas Costs and PGC Recovery | T4: Projected Gas Costs and PGC Recovery | AJ4: Projected Gas Costs and PGC Recovery
C5: 40765 | D5: HURRICANE | E5: HURRICANE | F5: HURRICANE | G5: HURRICANE | H5: HURRICANE | T5: =NOW() -> 41059.682 | AJ5: =NOW() -> 41059.682
D6: A C T U A L | E6: A C T U A L | F6: A C T U A L | G6: A C T U A L | H6: A C T U A L | I6: A C T U A L | J6: A C T U A L | K6: A C T U A L | L6: A C T U A L | M6: A C T U A L | N6: A C T U A L | O6: A C T U A L | U6: P L A N | V6: P L A N | W6: P L A N | X6: P L A N | Y6: P L A N | Z6: P L A N | AA6: P L A N | AB6: P L A N | AC6: P L A N | AD6: P L A N | AE6: P L A N | AF6: P L A N | AK6: P L A N | AL6: P L A N | AM6: P L A N | AN6: P L A N | AO6: P L A N | AP6: P L A N | AQ6: P L A N | AR6: P L A N | AS6: P L A N | AT6: P L A N | AU6: P L A N | AV6: P L A N
D7: 40360 | E7: 40391 | F7: 40422 | G7: 40452 | H7: 40483 | I7: 40513 | J7: 40544 | K7: 40575 | L7: 40603 | M7: 40634 | N7: 40664 | O7: 40695 | P7: 1011 TOTALS | U7: 40725 | V7: 40756 | W7: 40787 | X7: 40817 | Y7: 40848 | Z7: 40878 | AA7: 40909 | AB7: 40940 | AC7: 40969 | AD7: 41000 | AE7: 40664 | AF7: 41061 | AG7: 1112 TOTALS | AH7: vs Prior FY | AK7: 41091 | AL7: 41122 | AM7: 41153 | AN7: 41183 | AO7: 41214 | AP7: 41244 | AQ7: 41275 | AR7: 41306 | AS7: 41334 | AT7: 41365 | AU7: 41395 | AV7: 41426 | AW7: 1213 TOTALS | AX7: vs Prior FY
C8: RS,GS,MS Mcfs | D8: =D10-D9 -> 181300.8 | E8: =E10-E9 -> 193938.7 | F8: =F10-F9 -> 214222 | G8: =G10-G9 -> 411591 | H8: =H10-H9 -> 1019821.9 | I8: =I10-I9 -> 2297085 | J8: =J10-J9 -> 2281561.4 | K8: =K10-K9 -> 1453437.1 | ... O8: =O10-O9 -> 215254.8 | P8: =SUM(D8:O8) -> 10223900 | T8: RS,GS,MS Mcfs | U8: =U10-U9 -> 195316.01 | V8: =V10-V9 -> 195316.01 | W8: =W10-W9 -> 238932.19 | X8: =X10-X9 -> 611288.49 | Y8: =Y10-Y9 -> 1057935.8 | Z8: =Z10-Z9 -> 1578193.4 | AA8: =AA10-AA9 -> 1809289.2 | AB8: =AB10-AB9 -> 1479794.9 | ... AG8: =AG10-AG9 -> 9528365.8 | AH8: =AG8-P8 -> -695534.33 | AJ8: RS,GS,MS Mcfs | AK8: =AK10-AK9 -> 196989.37 | AL8: =AL10-AL9 -> 196989.37 | AM8: =AM10-AM9 -> 240976.34 | AN8: =AN10-AN9 -> 616501.63 | AO8: =AO10-AO9 -> 1066949.4 | AP8: =AP10-AP9 -> 1591634.6 | AQ8: =AQ10-AQ9 -> 1824696.9 | AR8: =AR10-AR9 -> 1492397.6 | ... AW8: =AW10-AW9 -> 9609581.8 | AX8: =AW8-AG8 -> 81216.038
C9: CIS Mcfs | D9: =+MCFS!D79 -> 57280 | E9: =+MCFS!E79 -> 60834.8 | F9: =+MCFS!F79 -> 65658 | G9: =+MCFS!G79 -> 93332 | H9: =+MCFS!H79 -> 162707.4 | I9: =+MCFS!I79 -> 274133.2 | J9: =+MCFS!J79 -> 274682.6 | K9: =+MCFS!K79 -> 191027.3 | ... O9: =+MCFS!O79 -> 62806.1 | P9: =SUM(D9:O9) -> 1620855.8 | T9: CIS Mcfs | U9: =+MCFS!T46 -> 71625.5 | V9: =+MCFS!U46 -> 71625.5 | W9: =+MCFS!V46 -> 74540.715 | X9: =+MCFS!W46 -> 115173.12 | Y9: =+MCFS!X46 -> 160281.15 | Z9: =+MCFS!Y46 -> 216397.16 | AA9: =+MCFS!Z46 -> 240590.28 | AB9: =+MCFS!AA46 -> 201143.23 | ... AF9: =+MCFS!AE46 -> 69315 | AG9: =SUM(U9:AF9) -> 1600093.4 | AH9: =AG9-P9 -> -20762.35 | AJ9: CIS Mcfs | AK9: =+MCFS!AJ46 -> 71625.5 | AL9: =+MCFS!AK46 -> 71625.5 | AM9: =+MCFS!AL46 -> 74540.715 | AN9: =+MCFS!AM46 -> 115173.12 | AO9: =+MCFS!AN46 -> 160281.15 | AP9: =+MCFS!AO46 -> 216397.16 | AQ9: =+MCFS!AP46 -> 240590.28 | AR9: =+MCFS!AQ46 -> 201143.23 | ... AV9: =+MCFS!AU46 -> 69315 | AW9: =SUM(AK9:AV9) -> 1600093.4 | AX9: =AW9-AG9 -> 0
C10: PGC Mcfs | D10: =+MCFS!D87 -> 238580.8 | E10: =+MCFS!E87 -> 254773.5 | F10: =+MCFS!F87 -> 279880 | G10: =+MCFS!G87 -> 504923 | H10: =+MCFS!H87 -> 1182529.3 | I10: =+MCFS!I87 -> 2571218.2 | J10: =+MCFS!J87 -> 2556244 | K10: =+MCFS!K87 -> 1644464.4 | ... O10: =+MCFS!O87 -> 278060.9 | P10: =SUM(D10:O10) -> 11844756 | T10: PGC Mcfs | U10: =+MCFS!T52 -> 266941.51 | V10: =+MCFS!U52 -> 266941.51 | W10: =+MCFS!V52 -> 313472.9 | X10: =+MCFS!W52 -> 726461.61 | Y10: =+MCFS!X52 -> 1218216.9 | Z10: =+MCFS!Y52 -> 1794590.6 | AA10: =+MCFS!Z52 -> 2049879.5 | AB10: =+MCFS!AA52 -> 1680938.1 | ... AF10: =+MCFS!AE52 -> 258330.49 | AG10: =SUM(U10:AF10) -> 11128459 | AH10: =AG10-P10 -> -716296.68 | AJ10: PGC Mcfs | AK10: =+MCFS!AJ52 -> 268614.87 | AL10: =+MCFS!AK52 -> 268614.87 | AM10: =+MCFS!AL52 -> 315517.06 | AN10: =+MCFS!AM52 -> 731674.76 | AO10: =+MCFS!AN52 -> 1227230.5 | AP10: =+MCFS!AO52 -> 1808031.7 | AQ10: =+MCFS!AP52 -> 2065287.2 | AR10: =+MCFS!AQ52 -> 1693540.9 | ... AV10: =+MCFS!AU52 -> 259949.87 | AW10: =SUM(AK10:AV10) -> 11209675 | AX10: =AW10-AG10 -> 81216.038
C11: Non-PGC Mcfs | D11: =+MCFS!D99 -> 221336 | E11: =+MCFS!E99 -> 228946.3 | F11: =+MCFS!F99 -> 247884 | G11: =+MCFS!G99 -> 272765 | H11: =+MCFS!H99 -> 329173.8 | I11: =+MCFS!I99 -> 419536.6 | J11: =+MCFS!J99 -> 444747 | K11: =+MCFS!K99 -> 352434.3 | ... O11: =+MCFS!O99 -> 221191 | P11: =SUM(D11:O11) -> 3627269.8 | T11: Non-PGC Mcfs | U11: =+MCFS!T62 -> 222200 | V11: =+MCFS!U62 -> 212000 | W11: =+MCFS!V62 -> 192400 | X11: =+MCFS!W62 -> 308200 | Y11: =+MCFS!X62 -> 314600 | Z11: =+MCFS!Y62 -> 381100 | AA11: =+MCFS!Z62 -> 393500 | AB11: =+MCFS!AA62 -> 348800 | ... AF11: =+MCFS!AE62 -> 212800 | AG11: =SUM(U11:AF11) -> 3445100 | AH11: =AG11-P11 -> -182169.8 | AJ11: Non-PGC Mcfs | AK11: =+MCFS!AJ62 -> 227250 | AL11: =+MCFS!AK62 -> 217050 | AM11: =+MCFS!AL62 -> 197500 | AN11: =+MCFS!AM62 -> 314400 | AO11: =+MCFS!AN62 -> 325000 | AP11: =+MCFS!AO62 -> 390700 | AQ11: =+MCFS!AP62 -> 403200 | AR11: =+MCFS!AQ62 -> 354300 | ... AV11: =+MCFS!AU62 -> 217900 | AW11: =SUM(AK11:AV11) -> 3526700 | AX11: =AW11-AG11 -> 81600
C12: Total Mcfs | D12: =SUM(D10:D11) -> 459916.8 | E12: =SUM(E10:E11) -> 483719.8 | F12: =SUM(F10:F11) -> 527764 | G12: =SUM(G10:G11) -> 777688 | H12: =SUM(H10:H11) -> 1511703.1 | I12: =SUM(I10:I11) -> 2990754.8 | J12: =SUM(J10:J11) -> 3000991 | K12: =SUM(K10:K11) -> 1996898.7 | ... O12: =SUM(O10:O11) -> 499251.9 | P12: =SUM(D12:O12) -> 15472026 | T12: Total Mcfs | U12: =SUM(U10:U11) -> 489141.51 | V12: =SUM(V10:V11) -> 478941.51 | W12: =SUM(W10:W11) -> 505872.9 | X12: =SUM(X10:X11) -> 1034661.6 | Y12: =SUM(Y10:Y11) -> 1532816.9 | Z12: =SUM(Z10:Z11) -> 2175690.6 | AA12: =SUM(AA10:AA11) -> 2443379.5 | AB12: =SUM(AB10:AB11) -> 2029738.1 | ... AF12: =SUM(AF10:AF11) -> 471130.49 | AG12: =SUM(U12:AF12) -> 14573559 | AH12: =AG12-P12 -> -898466.48 | AJ12: Total Mcfs | AK12: =SUM(AK10:AK11) -> 495864.87 | AL12: =SUM(AL10:AL11) -> 485664.87 | AM12: =SUM(AM10:AM11) -> 513017.06 | AN12: =SUM(AN10:AN11) -> 1046074.8 | AO12: =SUM(AO10:AO11) -> 1552230.5 | AP12: =SUM(AP10:AP11) -> 2198731.7 | AQ12: =SUM(AQ10:AQ11) -> 2468487.2 | AR12: =SUM(AR10:AR11) -> 2047840.9 | ... AV12: =SUM(AV10:AV11) -> 477849.87 | AW12: =SUM(AK12:AV12) -> 14736375 | AX12: =AW12-AG12 -> 162816.04
C13: Citygate Dths based on Sales | D13: =D12*1.04/0.95 -> 503487.87 | E13: =E12*1.04/0.95 -> 529545.89 | F13: =F12*1.04/0.95 -> 577762.69 | G13: =G12*1.04/0.95 -> 851363.71 | H13: =H12*1.04/0.95 -> 1654917.1 | I13: =I12*1.04/0.95 -> 3274089.5 | J13: =J12*1.04/0.95 -> 3285295.4 | K13: =K12*1.04/0.95 -> 2186078.6 | ... O13: =O12*1.04/0.95 -> 546549.45 | U13: =U18-'[3]YR REPORTS'!AK14 -> -2764488.2 | V13: =V18-'[3]YR REPORTS'!AL14 -> -3029456 | W13: =W18-'[3]YR REPORTS'!AM14 -> -3299529.6 | X13: =X18-'[3]YR REPORTS'!AN14 -> -4006843.8 | Y13: =Y18-'[3]YR REPORTS'!AO14 -> -6070340.2 | Z13: =Z18-'[3]YR REPORTS'!AP14 -> -5776303.7 | AA13: =AA18-'[3]YR REPORTS'!AQ14 -> -6880485.9 | AB13: =AB18-'[3]YR REPORTS'!AR14 -> -6520827.8 | ... AF13: =AF18-'[3]YR REPORTS'!AV14 -> -3537805.8 | AG13: =SUM(U13:AF13) -> -57114532
C14: Gas Control CG Dths less TS | D14: 489092 | E14: 523045.3 | F14: 522239 | G14: 837221.1 | H14: 1566775 | I14: 3338002.9 | J14: 3245498 | K14: 2043492 | L14: 1794438.6 | M14: 956395 | N14: 643660.9 | O14: 512361.4
C15: Difference | D15: =D13-D14 -> 14395.865 | E15: =E13-E14 -> 6500.5863 | F15: =F13-F14 -> 55523.695 | G15: =G13-G14 -> 14142.605 | H15: =H13-H14 -> 88142.078 | I15: =I13-I14 -> -63913.435 | J15: =J13-J14 -> 39797.411 | K15: =K13-K14 -> 142586.58 | ... O15: =O13-O14 -> 34188.048
C16: % Difference | D16: =D15/D13 -> 0.028592278 | E16: =E15/E13 -> 0.012275775 | F16: =F15/F13 -> 0.096101211 | G16: =G15/G13 -> 0.016611708 | H16: =H15/H13 -> 0.053260722 | I16: =I15/I13 -> -0.01952098 | J16: =J15/J13 -> 0.0121138 | K16: =K15/K13 -> 0.065224818 | ... O16: =O15/O13 -> 0.062552526
C18: Total Projected Commodity Costs (Storage injections not expensed) | D18: =('FT GAS'!G39*'FT GAS'!G117) -> 6875630.4 | E18: =('FT GAS'!H39*'FT GAS'!H117) -> 6724037.8 | F18: =('FT GAS'!I39*'FT GAS'!I117) -> 3538837.1 | G18: =('FT GAS'!J39*'FT GAS'!J117) -> 5455152.8 | H18: =('FT GAS'!K39*'FT GAS'!K117) -> 5476111.5 | I18: =('FT GAS'!L39*'FT GAS'!L117) -> 6531723.2 | J18: =('FT GAS'!M39*'FT GAS'!M117) -> 8081770.5 | K18: =('FT GAS'!N39*'FT GAS'!N117) -> 7432439.6 | ... O18: =('FT GAS'!R39*'FT GAS'!R117) -> 4515282 | P18: =SUM(D18:O18) -> 71560978 | T18: Total Projected Commodity Costs (Storage injections not expensed) | U18: =+'FT GAS'!X39*'FT GAS'!X117 -> 4443056.2 | V18: =+'FT GAS'!Y39*'FT GAS'!Y117 -> 4526077 | W18: =+'FT GAS'!Z39*'FT GAS'!Z117 -> 3754206.6 | X18: =+'FT GAS'!AA39*'FT GAS'!AA117 -> 5820361.6 | Y18: =+'FT GAS'!AB39*'FT GAS'!AB117 -> 7264609.6 | Z18: =+'FT GAS'!AC39*'FT GAS'!AC117 -> 6889233.7 | AA18: =+'FT GAS'!AD39*'FT GAS'!AD117 -> 7818102.3 | AB18: =+'FT GAS'!AE39*'FT GAS'!AE117 -> 6543633.4 | ... AF18: =+'FT GAS'!AI39*'FT GAS'!AI117 -> 4571391.9 | AG18: =SUM(U18:AF18) -> 71213894 | AJ18: Total Projected Commodity Costs (Storage injections not expensed) | AK18: =+'FT GAS'!AO39*'FT GAS'!AO117 -> 4759580.6 | AL18: =+'FT GAS'!AP39*'FT GAS'!AP117 -> 4858042.3 | AM18: =+'FT GAS'!AQ39*'FT GAS'!AQ117 -> 4358763.5 | AN18: =+'FT GAS'!AR39*'FT GAS'!AR117 -> 6700259.4 | AO18: =+'FT GAS'!AS39*'FT GAS'!AS117 -> 8415223.3 | AP18: =+'FT GAS'!AT39*'FT GAS'!AT117 -> 8068149.9 | AQ18: =+'FT GAS'!AU39*'FT GAS'!AU117 -> 9176757.9 | AR18: =+'FT GAS'!AV39*'FT GAS'!AV117 -> 7637404.3 | ... AV18: =+'FT GAS'!AZ39*'FT GAS'!AZ117 -> 5152167.6 | AW18: =SUM(AK18:AV18) -> 81222155
C19: Total Commodity Costs of Sales | D19: =D23-D20 -> 2377282.5 | E19: =E23-E20 -> 2506842.6 | F19: =F23-F20 -> 1934936.8 | G19: =G23-G20 -> 3146006.9 | H19: =H23-H20 -> 6061281.3 | I19: =I23-I20 -> 15215357 | J19: =J23-J20 -> 14815847 | K19: =K23-K20 -> 9169606.8 | L19: =L23-L20 -> 7978119.9 | M19: =('FT GAS'!P7*'FT GAS'!P117) -> 5103942.2 | N19: =('FT GAS'!Q7*'FT GAS'!Q117) -> 3258942.6 | O19: =('FT GAS'!R7*'FT GAS'!R117) -> 2244832 | P19: =SUM(D19:O19) -> 73812997 | T19: Total Commodity Costs of Sales | U19: =('FT GAS'!X7*'FT GAS'!X117) -> 2376500.1 | V19: =('FT GAS'!Y7*'FT GAS'!Y117) -> 2334977.1 | W19: =('FT GAS'!Z7*'FT GAS'!Z117) -> 2289840 | X19: =('FT GAS'!AA7*'FT GAS'!AA117) -> 4759318.5 | Y19: =('FT GAS'!AB39*'FT GAS'!AB117)-'STORAGE TOT'!S12 -> 7264609.6 | Z19: =('FT GAS'!AC39*'FT GAS'!AC117)-'STORAGE TOT'!T12 -> 10817399 | AA19: =('FT GAS'!AD39*'FT GAS'!AD117)-'STORAGE TOT'!U12 -> 12339117 | AB19: =('FT GAS'!AE39*'FT GAS'!AE117)-'STORAGE TOT'!V12 -> 10233747 | AC19: =('FT GAS'!AF39*'FT GAS'!AF117)-'STORAGE TOT'!W12 -> 8365604 | AD19: =('FT GAS'!AG7*'FT GAS'!AG117) -> 5380619.8 | AE19: =('FT GAS'!AH7*'FT GAS'!AH117) -> 3348209.4 | AF19: =('FT GAS'!AI7*'FT GAS'!AI117) -> 2336969.3 | AG19: =SUM(U19:AF19) -> 71846910 | AJ19: Total Commodity Costs of Sales | AK19: =('FT GAS'!AO7*'FT GAS'!AO117) -> 2546785.6 | AL19: =('FT GAS'!AP7*'FT GAS'!AP117) -> 2508412.1 | AM19: =('FT GAS'!AQ7*'FT GAS'!AQ117) -> 2656281.6 | AN19: =('FT GAS'!AR7*'FT GAS'!AR117) -> 5466447.9 | AO19: =('FT GAS'!AS39*'FT GAS'!AS117)-'STORAGE TOT'!AE12 -> 8415223.3 | AP19: =('FT GAS'!AT39*'FT GAS'!AT117)-'STORAGE TOT'!AF12 -> 12083676 | AQ19: =('FT GAS'!AU39*'FT GAS'!AU117)-'STORAGE TOT'!AG12 -> 13792896 | AR19: =('FT GAS'!AV39*'FT GAS'!AV117)-'STORAGE TOT'!AH12 -> 11406200 | AS19: =('FT GAS'!AW39*'FT GAS'!AW117)-'STORAGE TOT'!AI12 -> 9425440.5 | AT19: =('FT GAS'!AX7*'FT GAS'!AX117) -> 6012499.5 | AU19: =('FT GAS'!AY7*'FT GAS'!AY117) -> 3772403.8 | AV19: =('FT GAS'!AZ7*'FT GAS'!AZ117) -> 2651955.2 | AW19: =SUM(AK19:AV19) -> 80738222
C20: Total Demand Costs | D20: =+DEMAND!B108 -> 1597446.5 | E20: =+DEMAND!C108 -> 1590093.5 | F20: =+DEMAND!D108 -> 1582543.9 | G20: =+DEMAND!E108 -> 1783386.1 | H20: =+DEMAND!F108 -> 1775834.4 | I20: =+DEMAND!G108 -> 1770817.9 | J20: =+DEMAND!H108 -> 1780271.3 | K20: =+DEMAND!I108 -> 1755976.4 | ... O20: =+DEMAND!M108 -> 1715042.4 | P20: =SUM(D20:O20) -> 20426059 | T20: Total Demand Costs | U20: =+DEMAND!T108 -> 1744142.6 | V20: =+DEMAND!U108 -> 1744142.6 | W20: =+DEMAND!V108 -> 1744142.6 | X20: =+DEMAND!W108 -> 1880190.3 | Y20: =+DEMAND!X108 -> 1928352.7 | Z20: =+DEMAND!Y108 -> 1928352.7 | AA20: =+DEMAND!Z108 -> 1928352.7 | AB20: =+DEMAND!AA108 -> 1928352.7 | ... AF20: =+DEMAND!AE108 -> 1744142.6 | AG20: =SUM(U20:AF20) -> 21986810 | AJ20: Total Demand Costs | AK20: =+DEMAND!AL108 -> 1744142.6 | AL20: =+DEMAND!AM108 -> 1744142.6 | AM20: =+DEMAND!AN108 -> 1744142.6 | AN20: =+DEMAND!AO108 -> 1880190.3 | AO20: =+DEMAND!AP108 -> 1928352.7 | AP20: =+DEMAND!AQ108 -> 1928352.7 | AQ20: =+DEMAND!AR108 -> 1928352.7 | AR20: =+DEMAND!AS108 -> 1928352.7 | ... AV20: =+DEMAND!AW108 -> 1744142.6 | AW20: =SUM(AK20:AV20) -> 21986810
C21: Total Projected Costs (Storage injections not expensed) - Cash Reqs | D21: =SUM(D18,D20) -> 8473076.9 | E21: =SUM(E18,E20) -> 8314131.3 | F21: =SUM(F18,F20) -> 5121381 | G21: =SUM(G18,G20) -> 7238538.9 | H21: =SUM(H18,H20) -> 7251945.9 | I21: =SUM(I18,I20) -> 8302541.1 | J21: =SUM(J18,J20) -> 9862041.9 | K21: =SUM(K18,K20) -> 9188416 | ... O21: =SUM(O18,O20) -> 6230324.4 | P21: =SUM(D21:O21) -> 91987037 | T21: Total Projected Costs (Storage injections not expensed) - Cash Reqs | U21: =SUM(U18,U20) -> 6187198.9 | V21: =SUM(V18,V20) -> 6270219.6 | W21: =SUM(W18,W20) -> 5498349.3 | X21: =SUM(X18,X20) -> 7700551.9 | Y21: =SUM(Y18,Y20) -> 9192962.3 | Z21: =SUM(Z18,Z20) -> 8817586.5 | AA21: =SUM(AA18,AA20) -> 9746455 | AB21: =SUM(AB18,AB20) -> 8471986.1 | ... AF21: =SUM(AF18,AF20) -> 6315534.5 | AG21: =SUM(U21:AF21) -> 93200704 | AJ21: Total Projected Costs (Storage injections not expensed) - Cash Reqs | AK21: =SUM(AK18,AK20) -> 6503723.3 | AL21: =SUM(AL18,AL20) -> 6602185 | AM21: =SUM(AM18,AM20) -> 6102906.1 | AN21: =SUM(AN18,AN20) -> 8580449.8 | AO21: =SUM(AO18,AO20) -> 10343576 | AP21: =SUM(AP18,AP20) -> 9996502.6 | AQ21: =SUM(AQ18,AQ20) -> 11105111 | AR21: =SUM(AR18,AR20) -> 9565757.1 | ... AV21: =SUM(AV18,AV20) -> 6896310.3 | AW21: =SUM(AK21:AV21) -> 1.0320896e+08
C22: Total Actual Costs (Storage injections not expensed) - Cash Reqs | D22: 8474325.8 | E22: 8484022.3 | F22: 5007760.5 | G22: 5820773.8 | H22: 7209736.1 | I22: 12682220 | J22: 12603930 | K22: 8455529 | L22: 6231902.1 | M22: 6691527.7 | N22: 7155437.1 | O22: 6209024.8 | P22: =SUM(D22:O22) -> 95026189 | T22: Total Actual Costs (Storage injections not expensed) - Cash Reqs | AJ22: Total Actual Costs (Storage injections not expensed) - Cash Reqs
C23: Total Cost of Sales | D23: 3974728.9 | E23: 4096936.1 | F23: 3517480.7 | G23: 4929393 | H23: 7837115.7 | I23: 16986175 | J23: 16596118 | K23: 10925583 | L23: 9749085.5 | M23: 5661841.2 | N23: 4442946.7 | O23: 3874395.2 | P23: =SUM(D23:O23) -> 92591799 | T23: Total Cost of Sales | U23: =SUM(U19:U20) -> 4120642.8 | V23: =SUM(V19:V20) -> 4079119.7 | W23: =SUM(W19:W20) -> 4033982.7 | X23: =SUM(X19:X20) -> 6639508.8 | Y23: =SUM(Y19:Y20) -> 9192962.3 | Z23: =SUM(Z19:Z20) -> 12745752 | AA23: =SUM(AA19:AA20) -> 14267470 | AB23: =SUM(AB19:AB20) -> 12162100 | ... AF23: =SUM(AF19:AF20) -> 4081111.9 | AG23: =SUM(U23:AF23) -> 93833720 | AJ23: Total Cost of Sales | AK23: =SUM(AK19:AK20) -> 4290928.2 | AL23: =SUM(AL19:AL20) -> 4252554.7 | AM23: =SUM(AM19:AM20) -> 4400424.2 | AN23: =SUM(AN19:AN20) -> 7346638.2 | AO23: =SUM(AO19:AO20) -> 10343576 | AP23: =SUM(AP19:AP20) -> 14012029 | AQ23: =SUM(AQ19:AQ20) -> 15721248 | AR23: =SUM(AR19:AR20) -> 13334553 | ... AV23: =SUM(AV19:AV20) -> 4396097.8 | AW23: =SUM(AK23:AV23) -> 1.0272503e+08
C24: Monthly Cost of Sales Budgeted | P24: =SUM(D24:O24) -> 0 | AG24: =SUM(U24:AF24) -> 0
C25: Cumulative Total Cost of Sales | D25: =D23 -> 3974728.9 | E25: =D25+E23 -> 8071665.1 | F25: =E25+F23 -> 11589146 | G25: =F25+G23 -> 16518539 | H25: =G25+H23 -> 24355654 | I25: =H25+I23 -> 41341829 | J25: =I25+J23 -> 57937947 | K25: =J25+K23 -> 68863531 | L25: =K25+L23 -> 78612616 | ... O25: =N25+O23 -> 92591799 | T25: Cumulative Total Cost of Sales | U25: =U23 -> 4120642.8 | V25: =U25+V23 -> 8199762.5 | W25: =V25+W23 -> 12233745 | X25: =W25+X23 -> 18873254 | Y25: =X25+Y23 -> 28066216 | Z25: =Y25+Z23 -> 40811968 | AA25: =Z25+AA23 -> 55079437 | AB25: =AA25+AB23 -> 67241537 | AC25: =AB25+AC23 -> 77535494 | ... AF25: =AE25+AF23 -> 93833720 | AJ25: Cumulative Total Cost of Sales | AK25: =AK23 -> 4290928.2 | AL25: =AK25+AL23 -> 8543482.9 | AM25: =AL25+AM23 -> 12943907 | AN25: =AM25+AN23 -> 20290545 | AO25: =AN25+AO23 -> 30634122 | AP25: =AO25+AP23 -> 44646150 | AQ25: =AP25+AQ23 -> 60367399 | AR25: =AQ25+AR23 -> 73701952 | AS25: =AR25+AS23 -> 85055745 | ... AV25: =AU25+AV23 -> 1.0272503e+08
C26: Average Cost of Sales ($/Mcf) | D26: =D23/D12 -> 8.6422782 | E26: =E23/E12 -> 8.4696473 | F26: =F23/F12 -> 6.6648742 | G26: =G23/G12 -> 6.3385227 | H26: =H23/H12 -> 5.1842956 | I26: =I23/I12 -> 5.6795612 | J26: =J23/J12 -> 5.5302126 | K26: =K23/K12 -> 5.4712757 | ... P26: =P23/P12 -> 5.9844652 | T26: Average Cost of Sales ($/Mcf) | U26: =U23/U12 -> 8.4242346 | V26: =V23/V12 -> 8.5169476 | W26: =W23/W12 -> 7.9743007 | X26: =X23/X12 -> 6.4170824 | Y26: =Y23/Y12 -> 5.9974301 | Z26: =Z23/Z12 -> 5.8582557 | AA26: =AA23/AA12 -> 5.839236 | AB26: =AB23/AB12 -> 5.9919551 | ... AG26: =AG23/AG12 -> 6.4386276 | AJ26: Average Cost of Sales ($/Mcf) | AK26: =AK23/AK12 -> 8.6534225 | AL26: =AL23/AL12 -> 8.7561506 | AM26: =AM23/AM12 -> 8.5775398 | AN26: =AN23/AN12 -> 7.0230528 | AO26: =AO23/AO12 -> 6.6636855 | AP26: =AP23/AP12 -> 6.3727778 | AQ26: =AQ23/AQ12 -> 6.3687785 | AR26: =AR23/AR12 -> 6.5115182 | ... AW26: =AW23/AW12 -> 6.970848
C28: Total Revenue | D28: =SUM(D78,D83,D59,D71) -> 3166294.2 | E28: =SUM(E78,E83,E59,E71) -> 3334658.7 | F28: =SUM(F78,F83,F59,F71) -> 3281448.4 | G28: =SUM(G78,G83,G59,G71) -> 5095987.5 | H28: =SUM(H78,H83,H59,H71) -> 10175315 | I28: =SUM(I78,I83,I59,I71) -> 19874318 | J28: =SUM(J78,J83,J59,J71) -> 19885444 | K28: =SUM(K78,K83,K59,K71) -> 12480478 | ... O28: =SUM(O78,O83,O59,O71) -> 3129383.6 | P28: =SUM(D28:O28) -> 1.0024205e+08 | Q28: =P28/P12 -> 6.4789221 | T28: Total Revenue | U28: =SUM(U78,U83,U59,U71) -> 3050941.7 | V28: =SUM(V78,V83,V59,V71) -> 3003838.1 | W28: =SUM(W78,W83,W59,W71) -> 3125630 | X28: =SUM(X78,X83,X59,X71) -> 6296163.8 | Y28: =SUM(Y78,Y83,Y59,Y71) -> 9526309.2 | Z28: =SUM(Z78,Z83,Z59,Z71) -> 13619257 | AA28: =SUM(AA78,AA83,AA59,AA71) -> 15356574 | AB28: =SUM(AB78,AB83,AB59,AB71) -> 12775142 | ... AF28: =SUM(AF78,AF83,AF59,AF71) -> 2978315.2 | AG28: =SUM(U28:AF28) -> 91120177 | AJ28: Total Revenue | AK28: =SUM(AK78,AK83,AK59,AK71) -> 3125498.3 | AL28: =SUM(AL78,AL83,AL59,AL71) -> 3079391.6 | AM28: =SUM(AM78,AM83,AM59,AM71) -> 3281943 | AN28: =SUM(AN78,AN83,AN59,AN71) -> 6553078.7 | AO28: =SUM(AO78,AO83,AO59,AO71) -> 9838226.4 | AP28: =SUM(AP78,AP83,AP59,AP71) -> 14005108 | AQ28: =SUM(AQ78,AQ83,AQ59,AQ71) -> 15778292 | AR28: =SUM(AR78,AR83,AR59,AR71) -> 13113246 | ... AV28: =SUM(AV78,AV83,AV59,AV71) -> 3112419.8 | AW28: =SUM(AK28:AV28) -> 93941480
C29: YTD Revenue | D29: =D28 -> 3166294.2 | E29: =D29+E28 -> 6500952.9 | F29: =E29+F28 -> 9782401.4 | G29: =F29+G28 -> 14878389 | H29: =G29+H28 -> 25053703 | I29: =H29+I28 -> 44928021 | J29: =I29+J28 -> 64813465 | K29: =J29+K28 -> 77293943 | L29: =K29+L28 -> 87504285 | ... O29: =N29+O28 -> 1.0024205e+08 | T29: Cumulative Revenue | U29: =U28 -> 3050941.7 | V29: =U29+V28 -> 6054779.8 | W29: =V29+W28 -> 9180409.8 | X29: =W29+X28 -> 15476574 | Y29: =X29+Y28 -> 25002883 | Z29: =Y29+Z28 -> 38622140 | AA29: =Z29+AA28 -> 53978715 | AB29: =AA29+AB28 -> 66753857 | AC29: =AB29+AC28 -> 77199763 | ... AF29: =AE29+AF28 -> 91120177 | AJ29: Cumulative Revenue | AK29: =AK28 -> 3125498.3 | AL29: =AK29+AL28 -> 6204889.9 | AM29: =AL29+AM28 -> 9486832.9 | AN29: =AM29+AN28 -> 16039912 | AO29: =AN29+AO28 -> 25878138 | AP29: =AO29+AP28 -> 39883246 | AQ29: =AP29+AQ28 -> 55661538 | AR29: =AQ29+AR28 -> 68774785 | AS29: =AR29+AS28 -> 79516857 | ... AV29: =AU29+AV28 -> 93941480
C30: Total Revenue vs Total Costs | D30: =D28-D23 -> -808434.75 | E30: =E28-E23 -> -762277.37 | F30: =F28-F23 -> -236032.23 | G30: =G28-G23 -> 166594.48 | H30: =H28-H23 -> 2338199 | I30: =I28-I23 -> 2888143.1 | J30: =J28-J23 -> 3289325.4 | K30: =K28-K23 -> 1554894.9 | ... O30: =O28-O23 -> -745011.64 | P30: =SUM(D30:O30) -> 7650249.1 | T30: Total Revenue vs Total Costs | U30: =U28-U23 -> -1069701.1 | V30: =V28-V23 -> -1075281.6 | W30: =W28-W23 -> -908352.67 | X30: =X28-X23 -> -343345.03 | Y30: =Y28-Y23 -> 333346.91 | Z30: =Z28-Z23 -> 873505.78 | AA30: =AA28-AA23 -> 1089104.8 | AB30: =AB28-AB23 -> 613042.78 | ... AF30: =AF28-AF23 -> -1102796.7 | AG30: =SUM(U30:AF30) -> -2713543.6 | AJ30: Total Revenue vs Total Costs | AK30: =AK28-AK23 -> -1165429.9 | AL30: =AL28-AL23 -> -1173163.1 | AM30: =AM28-AM23 -> -1118481.3 | AN30: =AN28-AN23 -> -793559.57 | AO30: =AO28-AO23 -> -505349.73 | AP30: =AP28-AP23 -> -6920.6844 | AQ30: =AQ28-AQ23 -> 57043.971 | AR30: =AR28-AR23 -> -221306.58 | ... AV30: =AV28-AV23 -> -1283678.1
C31: YTD Revenue vs YTD Costs | D31: =D29-D25 -> -808434.75 | E31: =E29-E25 -> -1570712.1 | F31: =F29-F25 -> -1806744.4 | G31: =G29-G25 -> -1640149.9 | H31: =H29-H25 -> 698049.08 | I31: =I29-I25 -> 3586192.2 | J31: =J29-J25 -> 6875517.6 | K31: =K29-K25 -> 8430412.5 | ... O31: =O29-O25 -> 7650249.1 | T31: Cumulative Revenue vs Cumulative Costs | U31: =U29-U25 -> -1069701.1 | V31: =V29-V25 -> -2144982.7 | W31: =W29-W25 -> -3053335.4 | X31: =X29-X25 -> -3396680.4 | Y31: =Y29-Y25 -> -3063333.5 | Z31: =Z29-Z25 -> -2189827.7 | AA31: =AA29-AA25 -> -1100722.9 | AB31: =AB29-AB25 -> -487680.07 | ... AF31: =AF29-AF25 -> -2713543.6 | AJ31: Cumulative Revenue vs Cumulative Costs | AK31: =AK29-AK25 -> -1165429.9 | AL31: =AL29-AL25 -> -2338593 | AM31: =AM29-AM25 -> -3457074.3 | AN31: =AN29-AN25 -> -4250633.9 | AO31: =AO29-AO25 -> -4755983.6 | AP31: =AP29-AP25 -> -4762904.3 | AQ31: =AQ29-AQ25 -> -4705860.3 | AR31: =AR29-AR25 -> -4927166.9 | ... AV31: =AV29-AV25 -> -8783551.4
C33: PGC Commodity Costs (RS,GS,MS,CIS) | D33: =D19-D69 -> 1199357.8 | E33: =E19-E69 -> 1273840.9 | F33: =F19-F69 -> 910868.71 | G33: =G19-G69 -> 1962482.9 | H33: =H19-H69 -> 4713123.6 | I33: =I19-I69 -> 13208730 | J33: =J19-J69 -> 12704318 | K33: =K19-K69 -> 7473187.2 | ... O33: =O19-O69 -> 1164277.3 | P33: =SUM(D33:O33) -> 56760866 | T33: PGC Commodity Costs (RS,GS,MS,CIS) | U33: =U19-U69 -> 1283322.7 | V33: =V19-V69 -> 1288903.2 | W33: =W19-W69 -> 1421279.9 | X33: =X19-X69 -> 3360768.2 | Y33: =Y19-Y69 -> 5783606.7 | Z33: =Z19-Z69 -> 8929271.2 | AA33: =AA19-AA69 -> 10346922 | AB33: =AB19-AB69 -> 8467467.5 | ... AF33: =AF19-AF69 -> 1262942.1 | AG33: =SUM(U33:AF33) -> 54933618 | AJ33: PGC Commodity Costs (RS,GS,MS,CIS) | AK33: =AK19-AK69 -> 1389928.4 | AL33: =AL19-AL69 -> 1397661.5 | AM33: =AM19-AM69 -> 1644695.6 | AN33: =AN19-AN69 -> 3844868.2 | AO33: =AO19-AO69 -> 6680891.8 | AP33: =AP19-AP69 -> 9897065.3 | AQ33: =AQ19-AQ69 -> 11479133 | AR33: =AR19-AR69 -> 9383734.7 | ... AV33: =AV19-AV69 -> 1454349.4 | AW33: =SUM(AK33:AV33) -> 61531530
C34: PGC Unit Commodity Costs $/Mcf | D34: =D33/D10 -> 5.0270506 | E34: =E33/E10 -> 4.9998957 | F34: =F33/F10 -> 3.2544973 | G34: =G33/G10 -> 3.8866974 | H34: =H33/H10 -> 3.9856295 | I34: =I33/I10 -> 5.1371488 | J34: =J33/J10 -> 4.9699161 | K34: =K33/K10 -> 4.5444506 | ... P34: =P33/P10 -> 4.7920672 | T34: PGC Unit Commodity Costs $/Mcf | U34: =U33/U10 -> 4.8075052 | V34: =V33/V10 -> 4.8284107 | W34: =W33/W10 -> 4.5339802 | X34: =X33/X10 -> 4.6262158 | Y34: =Y33/Y10 -> 4.7476 | Z34: =Z33/Z10 -> 4.9756593 | AA34: =AA33/AA10 -> 5.0475756 | AB34: =AB33/AB10 -> 5.0373464 | ... AG34: =AG33/AG10 -> 4.9363184 | AJ34: PGC Unit Commodity Costs $/Mcf | AK34: =AK33/AK10 -> 5.1744284 | AL34: =AL33/AL10 -> 5.2032174 | AM34: =AM33/AM10 -> 5.2126993 | AN34: =AN33/AN10 -> 5.254887 | AO34: =AO33/AO10 -> 5.4438768 | AP34: =AP33/AP10 -> 5.4739445 | AQ34: =AQ33/AQ10 -> 5.558129 | AR34: =AR33/AR10 -> 5.5408966 | ... AW34: =AW33/AW10 -> 5.4891447
C35: RS,GS,MS Demand Costs | D35: =D20-D70-D59 -> 1300783.5 | E35: =E20-E70-E59 -> 1295320.1 | F35: =F20-F70-F59 -> 1311370.9 | G35: =G20-G70-G59 -> 1481308.1 | H35: =H20-H70-H59 -> 1464543.8 | I35: =I20-I70-I59 -> 1477029 | J35: =J20-J70-J59 -> 1475595.1 | K35: =K20-K70-K59 -> 1454627 | ... O35: =O20-O70-O59 -> 1405778.7 | P35: =SUM(D35:O35) -> 16875472 | Q35: =P35/P53 -> 0.22917316 | T35: RS,GS,MS Demand Costs | U35: =U20-U70-U59 -> 1444142.6 | V35: =V20-V70-V59 -> 1444142.6 | W35: =W20-W70-W59 -> 1444142.6 | X35: =X20-X70-X59 -> 1580190.3 | Y35: =Y20-Y70-Y59 -> 1628352.7 | Z35: =Z20-Z70-Z59 -> 1628352.7 | AA35: =AA20-AA70-AA59 -> 1628352.7 | AB35: =AB20-AB70-AB59 -> 1628352.7 | ... AF35: =AF20-AF70-AF59 -> 1444142.6 | AG35: =SUM(U35:AF35) -> 18386810 | AJ35: RS,GS,MS Demand Costs | AK35: =AK20-AK70-AK59 -> 1444142.6 | AL35: =AL20-AL70-AL59 -> 1444142.6 | AM35: =AM20-AM70-AM59 -> 1444142.6 | AN35: =AN20-AN70-AN59 -> 1580190.3 | AO35: =AO20-AO70-AO59 -> 1628352.7 | AP35: =AP20-AP70-AP59 -> 1628352.7 | AQ35: =AQ20-AQ70-AQ59 -> 1628352.7 | AR35: =AR20-AR70-AR59 -> 1628352.7 | ... AV35: =AV20-AV70-AV59 -> 1444142.6 | AW35: =SUM(AK35:AV35) -> 18386810
C36: RS,GS,MS Unit Demand Costs $/Mcf | D36: =D35/D8 -> 7.1747255 | E36: =E35/E8 -> 6.679018 | F36: =F35/F8 -> 6.1215509 | G36: =G35/G8 -> 3.5989808 | H36: =H35/H8 -> 1.436078 | I36: =I35/I8 -> 0.64300148 | J36: =J35/J8 -> 0.6467479 | K36: =K35/K8 -> 1.0008187 | ... P36: =P35/P8 -> 1.6505905 | T36: RS,GS,MS Unit Demand Costs $/Mcf | U36: =U35/U8 -> 7.3938776 | V36: =V35/V8 -> 7.3938776 | W36: =W35/W8 -> 6.0441527 | X36: =X35/X8 -> 2.5850157 | Y36: =Y35/Y8 -> 1.5391792 | Z36: =Z35/Z8 -> 1.0317828 | AA36: =AA35/AA8 -> 0.89999582 | AB36: =AB35/AB8 -> 1.1003908 | ... AG36: =AG35/AG8 -> 1.9296919 | AJ36: RS,GS,MS Unit Demand Costs $/Mcf | AK36: =AK35/AK8 -> 7.331069 | AL36: =AL35/AL8 -> 7.331069 | AM36: =AM35/AM8 -> 5.9928814 | AN36: =AN35/AN8 -> 2.5631568 | AO36: =AO35/AO8 -> 1.5261762 | AP36: =AP35/AP8 -> 1.0230695 | AQ36: =AQ35/AQ8 -> 0.89239627 | AR36: =AR35/AR8 -> 1.0910984 | ... AW36: =AW35/AW8 -> 1.9133829
C37: RS,GS,MS Unit PGC$/Mcf | D37: =D34+D36 -> 12.201776 | E37: =E34+E36 -> 11.678914 | F37: =F34+F36 -> 9.3760482 | G37: =G34+G36 -> 7.4856782 | H37: =H34+H36 -> 5.4217075 | I37: =I34+I36 -> 5.7801503 | J37: =J34+J36 -> 5.616664 | K37: =K34+K36 -> 5.5452693 | ... P37: =P34+P36 -> 6.4426577 | T37: RS,GS,MS Unit PGC$/Mcf | U37: =U34+U36 -> 12.201383 | V37: =V34+V36 -> 12.222288 | W37: =W34+W36 -> 10.578133 | X37: =X34+X36 -> 7.2112315 | Y37: =Y34+Y36 -> 6.2867792 | Z37: =Z34+Z36 -> 6.007442 | AA37: =AA34+AA36 -> 5.9475714 | AB37: =AB34+AB36 -> 6.1377372 | ... AG37: =AG34+AG36 -> 6.8660102 | AJ37: RS,GS,MS Unit PGC$/Mcf | AK37: =AK34+AK36 -> 12.505497 | AL37: =AL34+AL36 -> 12.534286 | AM37: =AM34+AM36 -> 11.205581 | AN37: =AN34+AN36 -> 7.8180438 | AO37: =AO34+AO36 -> 6.970053 | AP37: =AP34+AP36 -> 6.4970139 | AQ37: =AQ34+AQ36 -> 6.4505252 | AR37: =AR34+AR36 -> 6.631995 | ... AW37: =AW34+AW36 -> 7.4025277
C38: RS,GS,MS Mcfs - Projected | D38: =MCFS!D52-MCFS!D46 -> 193829.86 | E38: =MCFS!E52-MCFS!E46 -> 193829.86 | F38: =MCFS!F52-MCFS!F46 -> 237121.35 | G38: =MCFS!G52-MCFS!G46 -> 606697.07 | H38: =MCFS!H52-MCFS!H46 -> 1050011 | I38: =MCFS!I52-MCFS!I46 -> 1566384 | J38: =MCFS!J52-MCFS!J46 -> 1795754.6 | K38: =MCFS!K52-MCFS!K46 -> 1468722.7 | ... O38: =MCFS!O52-MCFS!O46 -> 187577.29 | P38: =SUM(D38:O38) -> 9456904.9 | T38: RS,GS,MS Mcfs - Projected | AJ38: RS,GS,MS Mcfs - Projected
C39: RS,GS,MS Average Unit Demand Cost - Projected | D39: =$P$35/$P$38 -> 1.7844604 | E39: =$P$35/$P$38 -> 1.7844604 | F39: =$P$35/$P$38 -> 1.7844604 | G39: =$P$35/$P$38 -> 1.7844604 | H39: =$P$35/$P$38 -> 1.7844604 | I39: =$P$35/$P$38 -> 1.7844604 | J39: =$P$35/$P$38 -> 1.7844604 | K39: =$P$35/$P$38 -> 1.7844604 | ... P39: =$P$35/$P$38 -> 1.7844604 | Q39: RS & GS COUNT | T39: RS,GS,MS Average Unit Demand Cost | U39: =$AG$35/$AG$8 -> 1.9296919 | V39: =$AG$35/$AG$8 -> 1.9296919 | W39: =$AG$35/$AG$8 -> 1.9296919 | X39: =$AG$35/$AG$8 -> 1.9296919 | Y39: =$AG$35/$AG$8 -> 1.9296919 | Z39: =$AG$35/$AG$8 -> 1.9296919 | AA39: =$AG$35/$AG$8 -> 1.9296919 | AB39: =$AG$35/$AG$8 -> 1.9296919 | ... AG39: =$AG$35/$AG$8 -> 1.9296919 | AJ39: RS,GS,MS Average Unit Demand Cost - Projected | AK39: =$AW$35/$AW$8 -> 1.9133829 | AL39: =$AW$35/$AW$8 -> 1.9133829 | AM39: =$AW$35/$AW$8 -> 1.9133829 | AN39: =$AW$35/$AW$8 -> 1.9133829 | AO39: =$AW$35/$AW$8 -> 1.9133829 | AP39: =$AW$35/$AW$8 -> 1.9133829 | AQ39: =$AW$35/$AW$8 -> 1.9133829 | AR39: =$AW$35/$AW$8 -> 1.9133829 | ... AW39: =$AW$35/$AW$8 -> 1.9133829
C40: RS,GS,MS Demand Revenue ($1.50/Mcf) - Projected | D40: =D38*D39 -> 345881.71 | E40: =E38*E39 -> 345881.71 | F40: =F38*F39 -> 423133.65 | G40: =G38*G39 -> 1082626.9 | H40: =H38*H39 -> 1873703 | I40: =I38*I39 -> 2795150.1 | J40: =J38*J39 -> 3204453 | K40: =K38*K39 -> 2620877.5 | ... O40: =O38*O39 -> 334724.23 | P40: =SUM(D40:O40) -> 16875472 | Q40: 109000 | T40: RS,GS,MS Demand Revenue ($1.48/Mcf) | U40: =1.48*U8 -> 289067.69 | V40: =1.48*V8 -> 289067.69 | W40: =1.48*W8 -> 353619.64 | X40: =1.48*X8 -> 904706.96 | Y40: =1.48*Y8 -> 1565745 | Z40: =1.48*Z8 -> 2335726.2 | AA40: =1.48*AA8 -> 2677748.1 | AB40: =1.48*AB8 -> 2190096.4 | ... AF40: =1.48*AF8 -> 279742.93 | AG40: =SUM(U40:AF40) -> 14101981 | AJ40: RS,GS,MS Demand Revenue ($1.44/Mcf) - Projected | AK40: =AK39*AK8 -> 376916.1 | AL40: =AL39*AL8 -> 376916.1 | AM40: =AM39*AM8 -> 461080.03 | AN40: =AN39*AN8 -> 1179603.7 | AO40: =AO39*AO8 -> 2041482.7 | AP40: =AP39*AP8 -> 3045406.5 | AQ40: =AQ39*AQ8 -> 3491344 | AR40: =AR39*AR8 -> 2855528.2 | ... AV40: =AV39*AV8 -> 364757.51 | AW40: =SUM(AK40:AV40) -> 18386810
C41: RS,GS,MS Mcfs - Actual | D41: =+MCFS!D87-MCFS!D79 -> 181300.8 | E41: =+MCFS!E87-MCFS!E79 -> 193938.7 | F41: =+MCFS!F87-MCFS!F79 -> 214222 | G41: =+MCFS!G87-MCFS!G79 -> 411591 | H41: =+MCFS!H87-MCFS!H79 -> 1019821.9 | I41: =+MCFS!I87-MCFS!I79 -> 2297085 | J41: =+MCFS!J87-MCFS!J79 -> 2281561.4 | K41: =+MCFS!K87-MCFS!K79 -> 1453437.1 | ... M41: =+MCFS!M87-MCFS!M79 -> 528496.4 | T41: RS,GS,MS Mcfs - Actual | AJ41: RS,GS,MS Mcfs - Actual
C42: RS,GS,MS Mcfs - Actual vs Projected | D42: =D41-D38 -> -12529.062 | E42: =E41-E38 -> 108.83802 | F42: =F41-F38 -> -22899.351 | G42: =G41-G38 -> -195106.07 | H42: =H41-H38 -> -30189.107 | I42: =I41-I38 -> 730701.05 | J42: =J41-J38 -> 485806.77 | K42: =K41-K38 -> -15285.615 | ... M42: =M41-M38 -> -125162.09 | T42: RS,GS,MS Mcfs - Actual vs Projected | AJ42: RS,GS,MS Mcfs - Actual vs Projected
C43: RS,GS,MS - Actual vs Projected Demand Revenue | D43: =D42*D39 -> -22357.615 | E43: =E42*E39 -> 194.21714 | F43: =F42*F39 -> -40862.984 | G43: =G42*G39 -> -348159.05 | H43: =H42*H39 -> -53871.265 | I43: =I42*I39 -> 1303907.1 | J43: =J42*J39 -> 866902.94 | K43: =K42*K39 -> -27276.575 | ... M43: =M42*M39 -> -223346.79 | T43: RS,GS,MS - Actual vs Projected Demand Revenue | AJ43: RS,GS,MS - Actual vs Projected Demand Revenue
C44: RS,GS,MS - Actual vs Projected Cumlative Demand Revenue | D44: =D43 -> -22357.615 | E44: =D44+E43 -> -22163.397 | F44: =E44+F43 -> -63026.381 | G44: =F44+G43 -> -411185.43 | H44: =G44+H43 -> -465056.7 | I44: =H44+I43 -> 838850.37 | J44: =I44+J43 -> 1705753.3 | K44: =J44+K43 -> 1678476.7 | L44: =K44+L43 -> 1661097 | M44: =L44+M43 -> 1437750.2 | T44: RS,GS,MS - Actual vs Projected Cumlative Demand Revenue | AJ44: RS,GS,MS - Actual vs Projected Cumlative Demand Revenue
C45: RS,GS,MS Average Unit Demand Cost + PGC Unit Commodity Costs $/Mcf | D45: =D34+D39 -> 6.811511 | E45: =E34+E39 -> 6.7843561 | F45: =F34+F39 -> 5.0389577 | G45: =G34+G39 -> 5.6711577 | H45: =H34+H39 -> 5.7700898 | I45: =I34+I39 -> 6.9216092 | J45: =J34+J39 -> 6.7543764 | K45: =K34+K39 -> 6.3289109 | ... P45: =P34+P39 -> 6.5765276 | Q45: YR$/CUSTOMER | T45: RS,GS,MS Average Unit Demand Cost + PGC Unit Commodity Costs $/Mcf | U45: =U34+U39 -> 6.7371971 | V45: =V34+V39 -> 6.7581026 | W45: =W34+W39 -> 6.463672 | X45: =X34+X39 -> 6.5559077 | Y45: =Y34+Y39 -> 6.6772919 | Z45: =Z34+Z39 -> 6.9053512 | AA45: =AA34+AA39 -> 6.9772674 | AB45: =AB34+AB39 -> 6.9670383 | ... AG45: =AG34+AG39 -> 6.8660102 | AJ45: RS,GS,MS Average Unit Demand Cost + PGC Unit Commodity Costs $/Mcf | AK45: =AK34+AK39 -> 7.0878113 | AL45: =AL34+AL39 -> 7.1166003 | AM45: =AM34+AM39 -> 7.1260822 | AN45: =AN34+AN39 -> 7.1682699 | AO45: =AO34+AO39 -> 7.3572597 | AP45: =AP34+AP39 -> 7.3873274 | AQ45: =AQ34+AQ39 -> 7.4715119 | AR45: =AR34+AR39 -> 7.4542795 | ... AW45: =AW34+AW39 -> 7.4025277
C46: RS,GS,MS PGC Costs | D46: =(D33-D51)+D35 -> 2212191.8 | E46: =(E33-E51)+E35 -> 2264993.4 | F46: =(F33-F51)+F35 -> 2008555.8 | G46: =(G33-G51)+G35 -> 3081037.8 | H46: =(H33-H51)+H35 -> 5529176 | I46: =(I33-I51)+I35 -> 13277497 | J46: =(J33-J51)+J35 -> 12814764 | K46: =(K33-K51)+K35 -> 8059700.1 | ... O46: =(O33-O51)+O35 -> 2307078.7 | P46: =SUM(D46:O46) -> 65919282 | Q46: =P40/Q40 -> 154.82084 | T46: RS,GS,MS PGC Costs | U46: =(U33-U51)+U35 -> 2383125.4 | V46: =(V33-V51)+V35 -> 2387208.6 | W46: =(W33-W51)+W35 -> 2527456.4 | X46: =(X33-X51)+X35 -> 4408142.8 | Y46: =(Y33-Y51)+Y35 -> 6651008.7 | Z46: =(Z33-Z51)+Z35 -> 9480905.4 | AA46: =(AA33-AA51)+AA35 -> 10760877 | AB46: =(AB33-AB51)+AB35 -> 9082592.2 | ... AF46: =(AF33-AF51)+AF35 -> 2368213.3 | AG46: =SUM(U46:AF46) -> 65457019 | AJ46: RS,GS,MS PGC Costs | AK46: =(AK33-AK51)+AK35 -> 2463450 | AL46: =(AL33-AL51)+AL35 -> 2469121.1 | AM46: =(AM33-AM51)+AM35 -> 2700279.9 | AN46: =(AN33-AN51)+AN35 -> 4819836.7 | AO46: =(AO33-AO51)+AO35 -> 7436693.7 | AP46: =(AP33-AP51)+AP35 -> 10340872 | AQ46: =(AQ33-AQ51)+AQ35 -> 11770254 | AR46: =(AR33-AR51)+AR35 -> 9897573.7 | ... AV46: =(AV33-AV51)+AV35 -> 2510693.3 | AW46: =SUM(AK46:AV46) -> 71167158
C47: RS,GS,MS PGC YTD Costs | D47: =D46 -> 2212191.8 | E47: =D47+E46 -> 4477185.1 | F47: =E47+F46 -> 6485740.9 | G47: =F47+G46 -> 9566778.7 | H47: =G47+H46 -> 15095955 | I47: =H47+I46 -> 28373451 | J47: =I47+J46 -> 41188215 | K47: =J47+K46 -> 49247915 | L47: =K47+L46 -> 56378083 | ... O47: =N47+O46 -> 65919282 | Q47: MTH$/CUSTOMER | T47: RS,GS,MS PGC Cumulative Costs | U47: =U46 -> 2383125.4 | V47: =U47+V46 -> 4770333.9 | W47: =V47+W46 -> 7297790.4 | X47: =W47+X46 -> 11705933 | Y47: =X47+Y46 -> 18356942 | Z47: =Y47+Z46 -> 27837847 | AA47: =Z47+AA46 -> 38598724 | AB47: =AA47+AB46 -> 47681316 | AC47: =AB47+AC46 -> 55210444 | ... AF47: =AE47+AF46 -> 65457019 | AJ47: RS,GS,MS PGC Cumulative Costs | AK47: =AK46 -> 2463450 | AL47: =AK47+AL46 -> 4932571.2 | AM47: =AL47+AM46 -> 7632851 | AN47: =AM47+AN46 -> 12452688 | AO47: =AN47+AO46 -> 19889381 | AP47: =AO47+AP46 -> 30230253 | AQ47: =AP47+AQ46 -> 42000507 | AR47: =AQ47+AR46 -> 51898081 | AS47: =AR47+AS46 -> 60155934 | ... AV47: =AU47+AV46 -> 71167158
C48: PGC Unit Commodity Cost vs WACOG | D48: =D34-D67 -> -0.29483419 | E48: =E34-E67 -> -0.38565399 | F48: =F34-F67 -> -0.87674177 | G48: =G34-G67 -> -0.45229043 | H48: =H34-H67 -> 0.25536768 | I48: =I34-I67 -> 0.31788179 | J48: =J34-J67 -> 0.20761239 | K48: =K34-K67 -> -0.32954593 | ... O48: =O34-O67 -> -0.69803528
C50: CIS Unit Commodity Costs $/Mcf | D50: =D34 -> 5.0270506 | E50: =E34 -> 4.9998957 | F50: =F34 -> 3.2544973 | G50: =G34 -> 3.8866974 | H50: =H34 -> 3.9856295 | I50: =I34 -> 5.1371488 | J50: =J34 -> 4.9699161 | K50: =K34 -> 4.5444506 | ... P50: =P34 -> 4.7920672 | Q50: =Q46/12 -> 12.901737 | T50: CIS Unit Commodity Costs $/Mcf | U50: =U34 -> 4.8075052 | V50: =V34 -> 4.8284107 | W50: =W34 -> 4.5339802 | X50: =X34 -> 4.6262158 | Y50: =Y34 -> 4.7476 | Z50: =Z34 -> 4.9756593 | AA50: =AA34 -> 5.0475756 | AB50: =AB34 -> 5.0373464 | ... AG50: =AG34 -> 4.9363184 | AJ50: CIS Unit Commodity Costs $/Mcf | AK50: =AK34 -> 5.1744284 | AL50: =AL34 -> 5.2032174 | AM50: =AM34 -> 5.2126993 | AN50: =AN34 -> 5.254887 | AO50: =AO34 -> 5.4438768 | AP50: =AP34 -> 5.4739445 | AQ50: =AQ34 -> 5.558129 | AR50: =AR34 -> 5.5408966 | ... AW50: =AW34 -> 5.4891447
C51: CIS Commodity Costs | D51: =D50*D9 -> 287949.46 | E51: =E50*E9 -> 304167.66 | F51: =F50*F9 -> 213683.78 | G51: =G50*G9 -> 362753.24 | H51: =H50*H9 -> 648491.41 | I51: =I50*I9 -> 1408263 | J51: =J50*J9 -> 1365149.5 | K51: =K50*K9 -> 868114.12 | ... O51: =O50*O9 -> 262977.34 | P51: =SUM(D51:O51) -> 7717056.6 | T51: CIS Commodity Costs | U51: =U50*U9 -> 344339.96 | V51: =V50*V9 -> 345837.33 | W51: =W50*W9 -> 337966.12 | X51: =X50*X9 -> 532815.73 | Y51: =Y50*Y9 -> 760950.79 | Z51: =Z50*Z9 -> 1076718.5 | AA51: =AA50*AA9 -> 1214397.6 | AB51: =AB50*AB9 -> 1013228.1 | ... AF51: =AF50*AF9 -> 338871.46 | AG51: =SUM(U51:AF51) -> 7863408.7 | AJ51: CIS Commodity Costs | AK51: =AK50*AK9 -> 370621.02 | AL51: =AL50*AL9 -> 372683.04 | AM51: =AM50*AM9 -> 388558.33 | AN51: =AN50*AN9 -> 605221.76 | AO51: =AO50*AO9 -> 872550.83 | AP51: =AP50*AP9 -> 1184546 | AQ51: =AQ50*AQ9 -> 1337231.8 | AR51: =AR50*AR9 -> 1114513.8 | ... AV51: =AV50*AV9 -> 387798.72 | AW51: =SUM(AK51:AV51) -> 8751181.5
C52: CIS YTD Commodity Costs | D52: =D51 -> 287949.46 | E52: =D52+E51 -> 592117.12 | F52: =E52+F51 -> 805800.9 | G52: =F52+G51 -> 1168554.1 | H52: =G52+H51 -> 1817045.5 | I52: =H52+I51 -> 3225308.6 | J52: =I52+J51 -> 4590458.1 | K52: =J52+K51 -> 5458572.2 | L52: =K52+L51 -> 6368273.4 | ... O52: =N52+O51 -> 7717056.6 | T52: CIS Cumulative Commodity Costs | U52: =U51 -> 344339.96 | V52: =U52+V51 -> 690177.29 | W52: =V52+W51 -> 1028143.4 | X52: =W52+X51 -> 1560959.1 | Y52: =X52+Y51 -> 2321909.9 | Z52: =Y52+Z51 -> 3398628.5 | AA52: =Z52+AA51 -> 4613026.1 | AB52: =AA52+AB51 -> 5626254.2 | AC52: =AB52+AC51 -> 6501787.7 | ... AF52: =AE52+AF51 -> 7863408.7 | AJ52: CIS Cumulative Commodity Costs | AK52: =AK51 -> 370621.02 | AL52: =AK52+AL51 -> 743304.06 | AM52: =AL52+AM51 -> 1131862.4 | AN52: =AM52+AN51 -> 1737084.2 | AO52: =AN52+AO51 -> 2609635 | AP52: =AO52+AP51 -> 3794181 | AQ52: =AP52+AQ51 -> 5131412.8 | AR52: =AQ52+AR51 -> 6245926.7 | AS52: =AR52+AS51 -> 7221276.1 | ... AV52: =AU52+AV51 -> 8751181.5
C53: Total PGC Costs (w/o CIS Demand) | D53: =SUM(D33,D35) -> 2500141.2 | E53: =SUM(E33,E35) -> 2569161 | F53: =SUM(F33,F35) -> 2222239.6 | G53: =SUM(G33,G35) -> 3443791 | H53: =SUM(H33,H35) -> 6177667.4 | I53: =SUM(I33,I35) -> 14685760 | J53: =SUM(J33,J35) -> 14179913 | K53: =SUM(K33,K35) -> 8927814.2 | ... O53: =SUM(O33,O35) -> 2570056 | P53: =SUM(D53:O53) -> 73636339 | T53: Total PGC Costs (w/o CIS Demand) | U53: =SUM(U33,U35) -> 2727465.3 | V53: =SUM(V33,V35) -> 2733045.9 | W53: =SUM(W33,W35) -> 2865422.6 | X53: =SUM(X33,X35) -> 4940958.5 | Y53: =SUM(Y33,Y35) -> 7411959.5 | Z53: =SUM(Z33,Z35) -> 10557624 | AA53: =SUM(AA33,AA35) -> 11975274 | AB53: =SUM(AB33,AB35) -> 10095820 | ... AF53: =SUM(AF33,AF35) -> 2707084.7 | AG53: =SUM(U53:AF53) -> 73320428 | AJ53: Total PGC Costs (w/o CIS Demand) | AK53: =SUM(AK33,AK35) -> 2834071 | AL53: =SUM(AL33,AL35) -> 2841804.2 | AM53: =SUM(AM33,AM35) -> 3088838.2 | AN53: =SUM(AN33,AN35) -> 5425058.5 | AO53: =SUM(AO33,AO35) -> 8309244.5 | AP53: =SUM(AP33,AP35) -> 11525418 | AQ53: =SUM(AQ33,AQ35) -> 13107486 | AR53: =SUM(AR33,AR35) -> 11012087 | ... AV53: =SUM(AV33,AV35) -> 2898492 | AW53: =SUM(AK53:AV53) -> 79918340
C54: PGC YTD Costs (w/o CIS Demand) | D54: =D53 -> 2500141.2 | E54: =E53+D54 -> 5069302.2 | F54: =F53+E54 -> 7291541.8 | G54: =G53+F54 -> 10735333 | H54: =H53+G54 -> 16913000 | I54: =I53+H54 -> 31598760 | J54: =J53+I54 -> 45778673 | K54: =K53+J54 -> 54706487 | L54: =L53+K54 -> 62746357 | ... O54: =O53+N54 -> 73636339 | T54: PGC YTD Costs (w/o CIS Demand) | U54: =U53 -> 2727465.3 | V54: =V53+U54 -> 5460511.2 | W54: =W53+V54 -> 8325933.8 | X54: =X53+W54 -> 13266892 | Y54: =Y53+X54 -> 20678852 | Z54: =Z53+Y54 -> 31236476 | AA54: =AA53+Z54 -> 43211750 | AB54: =AB53+AA54 -> 53307570 | AC54: =AC53+AB54 -> 61712232 | ... AF54: =AF53+AE54 -> 73320428 | AJ54: PGC YTD Costs (w/o CIS Demand) | AK54: =AK53 -> 2834071 | AL54: =AL53+AK54 -> 5675875.2 | AM54: =AM53+AL54 -> 8764713.4 | AN54: =AN53+AM54 -> 14189772 | AO54: =AO53+AN54 -> 22499016 | AP54: =AP53+AO54 -> 34024434 | AQ54: =AQ53+AP54 -> 47131920 | AR54: =AR53+AQ54 -> 58144007 | AS54: =AS53+AR54 -> 67377210 | ... AV54: =AV53+AU54 -> 79918340
B55: FY0910 Balance | C55: PGC Billed and Uncollected | D55: 122162.88 | E55: 203012.88 | F55: 81795.27 | G55: 6921.17 | H55: 43018.03 | I55: =-2250000-5538.6 -> -2255538.6 | J55: -7279.3 | K55: 0 | L55: 40000 | M55: 155000 | N55: 185000 | O55: 190000 | P55: =SUM(D55:O55) -> -1235907.7 | T55: PGC Billed and Uncollected | U55: 200000 | V55: 220000 | W55: 100000 | X55: 60000 | Y55: 30000 | Z55: 0 | AA55: 0 | AB55: 0 | AC55: 40000 | AD55: 155000 | AE55: 185000 | AF55: 190000 | AG55: =SUM(U55:AF55) -> 1180000 | AJ55: PGC Billed and Uncollected | AK55: 200000 | AL55: 220000 | AM55: 100000 | AN55: 60000 | AO55: 30000 | AP55: 0 | AQ55: 0 | AR55: 0 | AS55: 40000 | AT55: 155000 | AU55: 185000 | AV55: 190000 | AW55: =SUM(AK55:AV55) -> 1180000
B56: -1429410 | C56: YTD PGC Billed and Uncollected | D56: =D55 -> 122162.88 | E56: =D56+E55 -> 325175.76 | F56: =E56+F55 -> 406971.03 | G56: =F56+G55 -> 413892.2 | H56: =G56+H55 -> 456910.23 | I56: =H56+I55 -> -1798628.4 | J56: =I56+J55 -> -1805907.7 | K56: =J56+K55 -> -1805907.7 | L56: =K56+L55 -> -1765907.7 | ... O56: =N56+O55 -> -1235907.7 | T56: YTD PGC Billed and Uncollected | U56: =U55 -> 200000 | V56: =U56+V55 -> 420000 | W56: =V56+W55 -> 520000 | X56: =W56+X55 -> 580000 | Y56: =X56+Y55 -> 610000 | Z56: =Y56+Z55 -> 610000 | AA56: =Z56+AA55 -> 610000 | AB56: =AA56+AB55 -> 610000 | AC56: =AB56+AC55 -> 650000 | ... AF56: =AE56+AF55 -> 1180000 | AJ56: YTD PGC Billed and Uncollected | AK56: =AK55 -> 200000 | AL56: =AK56+AL55 -> 420000 | AM56: =AL56+AM55 -> 520000 | AN56: =AM56+AN55 -> 580000 | AO56: =AN56+AO55 -> 610000 | AP56: =AO56+AP55 -> 610000 | AQ56: =AP56+AQ55 -> 610000 | AR56: =AQ56+AR55 -> 610000 | AS56: =AR56+AS55 -> 650000 | ... AV56: =AU56+AV55 -> 1180000
C57: Total PGC Costs (w/o CIS Demand) and PGC Billed and Uncollected | D57: =D53+D55 -> 2622304.1 | E57: =E53+E55 -> 2772173.9 | F57: =F53+F55 -> 2304034.9 | G57: =G53+G55 -> 3450712.2 | H57: =H53+H55 -> 6220685.4 | I57: =I53+I55 -> 12430221 | J57: =J53+J55 -> 14172634 | K57: =K53+K55 -> 8927814.2 | ... O57: =O53+O55 -> 2760056 | P57: =SUM(D57:O57) -> 72400431 | T57: Total PGC Costs (w/o CIS Demand) and PGC Billed and Uncollected | U57: =U53+U55 -> 2927465.3 | V57: =V53+V55 -> 2953045.9 | W57: =W53+W55 -> 2965422.6 | X57: =X53+X55 -> 5000958.5 | Y57: =Y53+Y55 -> 7441959.5 | Z57: =Z53+Z55 -> 10557624 | AA57: =AA53+AA55 -> 11975274 | AB57: =AB53+AB55 -> 10095820 | ... AF57: =AF53+AF55 -> 2897084.7 | AJ57: Total PGC Costs (w/o CIS Demand) and PGC Billed and Uncollected | AK57: =AK53+AK55 -> 3034071 | AL57: =AL53+AL55 -> 3061804.2 | AM57: =AM53+AM55 -> 3188838.2 | AN57: =AN53+AN55 -> 5485058.5 | AO57: =AO53+AO55 -> 8339244.5 | AP57: =AP53+AP55 -> 11525418 | AQ57: =AQ53+AQ55 -> 13107486 | AR57: =AR53+AR55 -> 11012087 | ... AV57: =AV53+AV55 -> 3088492
C58: PGC YTD Costs (w/o CIS Demand) and PGC Billed and Uncollected | D58: =D54+D56 -> 2622304.1 | E58: =E54+E56 -> 5394478 | F58: =F54+F56 -> 7698512.9 | G58: =G54+G56 -> 11149225 | H58: =H54+H56 -> 17369910 | I58: =I54+I56 -> 29800131 | J58: =J54+J56 -> 43972765 | K58: =K54+K56 -> 52900580 | ... O58: =O54+O56 -> 72400431 | T58: PGC YTD Costs (w/o CIS Demand) and PGC Billed and Uncollected | U58: =U54+U56 -> 2927465.3 | V58: =V54+V56 -> 5880511.2 | W58: =W54+W56 -> 8845933.8 | X58: =X54+X56 -> 13846892 | Y58: =Y54+Y56 -> 21288852 | Z58: =Z54+Z56 -> 31846476 | AA58: =AA54+AA56 -> 43821750 | AB58: =AB54+AB56 -> 53917570 | ... AF58: =AF54+AF56 -> 74500428 | AJ58: PGC YTD Costs (w/o CIS Demand) and PGC Billed and Uncollected | AK58: =AK54+AK56 -> 3034071 | AL58: =AL54+AL56 -> 6095875.2 | AM58: =AM54+AM56 -> 9284713.4 | AN58: =AN54+AN56 -> 14769772 | AO58: =AO54+AO56 -> 23109016 | AP58: =AP54+AP56 -> 34634434 | AQ58: =AQ54+AQ56 -> 47741920 | AR58: =AR54+AR56 -> 58754007 | ... AV58: =AV54+AV56 -> 81098340
C59: CIS Demand Costs | D59: 144745.95 | E59: 146931.97 | F59: 145897.42 | G59: 148492 | H59: 153609.14 | I59: 153320.93 | J59: 155375.47 | K59: 152223.27 | L59: 157507.97 | M59: 141085.23 | N59: 151683.96 | O59: 157954.9 | P59: =SUM(D59:O59) -> 1808828.2 | T59: CIS Demand Costs | U59: 150000 | V59: 150000 | W59: 150000 | X59: 150000 | Y59: 150000 | Z59: 150000 | AA59: 150000 | AB59: 150000 | AC59: 150000 | AD59: 150000 | AE59: 150000 | AF59: 150000 | AG59: =SUM(U59:AF59) -> 1800000 | AJ59: CIS Demand Costs | AK59: 150000 | AL59: 150000 | AM59: 150000 | AN59: 150000 | AO59: 150000 | AP59: 150000 | AQ59: 150000 | AR59: 150000 | AS59: 150000 | AT59: 150000 | AU59: 150000 | AV59: 150000 | AW59: =SUM(AK59:AV59) -> 1800000
C60: Total PGC Costs (with CIS Demand) | D60: =D53+D59 -> 2644887.2 | E60: =E53+E59 -> 2716093 | F60: =F53+F59 -> 2368137 | G60: =G53+G59 -> 3592283 | H60: =H53+H59 -> 6331276.5 | I60: =I53+I59 -> 14839080 | J60: =J53+J59 -> 14335289 | K60: =K53+K59 -> 9080037.5 | ... O60: =O53+O59 -> 2728010.9 | P60: =SUM(D60:O60) -> 75445167 | T60: Total PGC Costs (with CIS Demand) | U60: =U53+U59 -> 2877465.3 | V60: =V53+V59 -> 2883045.9 | W60: =W53+W59 -> 3015422.6 | X60: =X53+X59 -> 5090958.5 | Y60: =Y53+Y59 -> 7561959.5 | Z60: =Z53+Z59 -> 10707624 | AA60: =AA53+AA59 -> 12125274 | AB60: =AB53+AB59 -> 10245820 | ... AF60: =AF53+AF59 -> 2857084.7 | AG60: =SUM(U60:AF60) -> 75120428 | AJ60: Total PGC Costs (with CIS Demand) | AK60: =AK53+AK59 -> 2984071 | AL60: =AL53+AL59 -> 2991804.2 | AM60: =AM53+AM59 -> 3238838.2 | AN60: =AN53+AN59 -> 5575058.5 | AO60: =AO53+AO59 -> 8459244.5 | AP60: =AP53+AP59 -> 11675418 | AQ60: =AQ53+AQ59 -> 13257486 | AR60: =AR53+AR59 -> 11162087 | ... AV60: =AV53+AV59 -> 3048492 | AW60: =SUM(AK60:AV60) -> 81718340
C61: PGC YTD Costs (with CIS Demand) | D61: =D60 -> 2644887.2 | E61: =D61+E60 -> 5360980.2 | F61: =E61+F60 -> 7729117.2 | G61: =F61+G60 -> 11321400 | H61: =G61+H60 -> 17652677 | I61: =H61+I60 -> 32491757 | J61: =I61+J60 -> 46827046 | K61: =J61+K60 -> 55907083 | L61: =K61+L60 -> 64104461 | ... O61: =N61+O60 -> 75445167 | T61: PGC YTD Costs (with CIS Demand) | U61: =U60 -> 2877465.3 | V61: =U61+V60 -> 5760511.2 | W61: =V61+W60 -> 8775933.8 | X61: =W61+X60 -> 13866892 | Y61: =X61+Y60 -> 21428852 | Z61: =Y61+Z60 -> 32136476 | AA61: =Z61+AA60 -> 44261750 | AB61: =AA61+AB60 -> 54507570 | AC61: =AB61+AC60 -> 63062232 | ... AF61: =AE61+AF60 -> 75120428 | AJ61: PGC Cumulative Costs (with CIS Demand) | AK61: =AK60 -> 2984071 | AL61: =AK61+AL60 -> 5975875.2 | AM61: =AL61+AM60 -> 9214713.4 | AN61: =AM61+AN60 -> 14789772 | AO61: =AN61+AO60 -> 23249016 | AP61: =AO61+AP60 -> 34924434 | AQ61: =AP61+AQ60 -> 48181920 | AR61: =AQ61+AR60 -> 59344007 | AS61: =AR61+AS60 -> 68727210 | ... AV61: =AU61+AV60 -> 81718340
C63: Non-PGC Hedge Mcfs | D63: =+'NON-PGC HEDGE '!B22 -> 0 | E63: =+'NON-PGC HEDGE '!C22 -> 0 | F63: =+'NON-PGC HEDGE '!D22 -> 0 | G63: =+'NON-PGC HEDGE '!E22 -> 0 | H63: =+'NON-PGC HEDGE '!F28 -> 121500 | I63: =+'NON-PGC HEDGE '!G28 -> 153450 | J63: =+'NON-PGC HEDGE '!H28 -> 153450 | K63: =+'NON-PGC HEDGE '!I28 -> 138600 | L63: =+'NON-PGC HEDGE '!J28 -> 125550 | M63: 0 | N63: 0 | O63: 0 | P63: =SUM(D63:O63) -> 692550 | T63: Non-PGC Hedge Mcfs | U63: 0 | V63: 0 | W63: 0 | X63: 0 | Y63: 0 | Z63: 0 | AA63: 0 | AB63: 0 | AC63: 0 | AD63: 0 | AE63: 0 | AF63: 0 | AG63: =SUM(U63:AF63) -> 0 | AJ63: Non-PGC Hedge Mcfs | AK63: 0 | AL63: 0 | AM63: 0 | AN63: 0 | AO63: 0 | AP63: 0 | AQ63: 0 | AR63: 0 | AS63: 0 | AT63: 0 | AU63: 0 | AV63: 0 | AW63: =SUM(AK63:AV63) -> 0
C64: Non-PGC Hedge $/Mcf | D64: =+'NON-PGC HEDGE '!B30 -> 0 | E64: =+'NON-PGC HEDGE '!C30 -> 0 | F64: =+'NON-PGC HEDGE '!D30 -> 0 | G64: =+'NON-PGC HEDGE '!E30 -> 0 | H64: 4.72 | I64: 4.72 | J64: 4.72 | K64: 4.72 | L64: 4.72 | T64: Non-PGC Hedge $/Mcf | AJ64: Non-PGC Hedge $/Mcf
C65: Non-PGC Hedge Costs | D65: =D63*D64 -> 0 | E65: =E63*E64 -> 0 | F65: =F63*F64 -> 0 | G65: =G63*G64 -> 0 | H65: =H63*H64 -> 573480 | I65: =I63*I64 -> 724284 | J65: =J63*J64 -> 724284 | K65: =K63*K64 -> 654192 | ... O65: =O63*O64 -> 0 | P65: =SUM(D65:O65) -> 3268836 | T65: Non-PGC Hedge Costs | U65: =U63*U64 -> 0 | V65: =V63*V64 -> 0 | W65: =W63*W64 -> 0 | X65: =X63*X64 -> 0 | Y65: =Y63*Y64 -> 0 | Z65: =Z63*Z64 -> 0 | AA65: =AA63*AA64 -> 0 | AB65: =AB63*AB64 -> 0 | ... AF65: =AF63*AF64 -> 0 | AG65: =SUM(U65:AF65) -> 0 | AJ65: Non-PGC Hedge Costs | AK65: =AK63*AK64 -> 0 | AL65: =AL63*AL64 -> 0 | AM65: =AM63*AM64 -> 0 | AN65: =AN63*AN64 -> 0 | AO65: =AO63*AO64 -> 0 | AP65: =AP63*AP64 -> 0 | AQ65: =AQ63*AQ64 -> 0 | AR65: =AR63*AR64 -> 0 | ... AV65: =AV63*AV64 -> 0 | AW65: =SUM(AK65:AV65) -> 0
C66: Non-PGC WACOG Mcfs | D66: =D11-D63 -> 221336 | E66: =E11-E63 -> 228946.3 | F66: =F11-F63 -> 247884 | G66: =G11-G63 -> 272765 | H66: =H11-H63 -> 207673.8 | I66: =I11-I63 -> 266086.6 | J66: =J11-J63 -> 291297 | K66: =K11-K63 -> 213834.3 | ... O66: =O11-O63 -> 221191 | P66: =SUM(D66:O66) -> 2934719.8 | T66: Non-PGC WACOG Mcfs | U66: =U11-U63 -> 222200 | V66: =V11-V63 -> 212000 | W66: =W11-W63 -> 192400 | X66: =X11-X63 -> 308200 | Y66: =Y11-Y63 -> 314600 | Z66: =Z11-Z63 -> 381100 | AA66: =AA11-AA63 -> 393500 | AB66: =AB11-AB63 -> 348800 | ... AF66: =AF11-AF63 -> 212800 | AG66: =SUM(U66:AF66) -> 3445100 | AJ66: Non-PGC WACOG Mcfs | AK66: =AK11-AK63 -> 227250 | AL66: =AL11-AL63 -> 217050 | AM66: =AM11-AM63 -> 197500 | AN66: =AN11-AN63 -> 314400 | AO66: =AO11-AO63 -> 325000 | AP66: =AP11-AP63 -> 390700 | AQ66: =AQ11-AQ63 -> 403200 | AR66: =AR11-AR63 -> 354300 | ... AV66: =AV11-AV63 -> 217900 | AW66: =SUM(AK66:AV66) -> 3526700
C67: Non-PGC WACOG $/Mcf | D67: =+'FT GAS'!G123 -> 5.3218848 | E67: =+'FT GAS'!H123 -> 5.3855497 | F67: =+'FT GAS'!I123 -> 4.1312391 | G67: =+'FT GAS'!J123 -> 4.3389878 | H67: =+'FT GAS'!K123 -> 3.7302618 | I67: =+'FT GAS'!L123 -> 4.819267 | J67: =+'FT GAS'!M123 -> 4.7623037 | K67: =+'FT GAS'!N123 -> 4.8739965 | ... O67: =+'FT GAS'!R123 -> 4.8851658 | P67: =P68/P66 -> 4.6966306 | T67: Non-PGC WACOG $/Mcf | U67: =+'FT GAS'!X123 -> 4.9197906 | V67: =+'FT GAS'!Y123 -> 4.9343106 | W67: =+'FT GAS'!Z123 -> 4.5143455 | X67: =+'FT GAS'!AA123 -> 4.537801 | Y67: =+'FT GAS'!AB123 -> 4.7075742 | Z67: =+'FT GAS'!AC123 -> 4.9544154 | AA67: =+'FT GAS'!AD123 -> 5.0627574 | AB67: =+'FT GAS'!AE123 -> 5.0638743 | ... AF67: =+'FT GAS'!AI123 -> 5.0471204 | AG67: =AG68/AG66 -> 4.9093764 | AJ67: Non-PGC WACOG $/Mcf | AK67: =+'FT GAS'!AO123 -> 5.0906806 | AL67: =+'FT GAS'!AP123 -> 5.1174869 | AM67: =+'FT GAS'!AQ123 -> 5.1219546 | AN67: =+'FT GAS'!AR123 -> 5.1576963 | AO67: =+'FT GAS'!AS123 -> 5.3364049 | AP67: =+'FT GAS'!AT123 -> 5.5966492 | AQ67: =+'FT GAS'!AU123 -> 5.7384991 | AR67: =+'FT GAS'!AV123 -> 5.7083421 | ... AV67: =+'FT GAS'!AZ123 -> 5.4961257 | AW67: =AW68/AW66 -> 5.4460804
C68: Non-PGC WACOG Costs | D68: =D66*D67 -> 1177924.7 | E68: =E66*E67 -> 1233001.7 | F68: =F66*F67 -> 1024068.1 | G68: =G66*G67 -> 1183524 | H68: =H66*H67 -> 774677.64 | I68: =I66*I67 -> 1282342.4 | J68: =J66*J67 -> 1387244.8 | K68: =K66*K67 -> 1042227.6 | ... O68: =O66*O67 -> 1080554.7 | P68: =SUM(D68:O68) -> 13783295 | T68: Non-PGC WACOG Costs | U68: =U66*U67 -> 1093177.5 | V68: =V66*V67 -> 1046073.9 | W68: =W66*W67 -> 868560.08 | X68: =X66*X67 -> 1398550.3 | Y68: =Y66*Y67 -> 1481002.8 | Z68: =Z66*Z67 -> 1888127.7 | AA68: =AA66*AA67 -> 1992195 | AB68: =AB66*AB67 -> 1766279.4 | ... AF68: =AF66*AF67 -> 1074027.2 | AG68: =SUM(U68:AF68) -> 16913293 | AJ68: Non-PGC WACOG Costs | AK68: =AK66*AK67 -> 1156857.2 | AL68: =AL66*AL67 -> 1110750.5 | AM68: =AM66*AM67 -> 1011586 | AN68: =AN66*AN67 -> 1621579.7 | AO68: =AO66*AO67 -> 1734331.6 | AP68: =AP66*AP67 -> 2186610.8 | AQ68: =AQ66*AQ67 -> 2313762.8 | AR68: =AR66*AR67 -> 2022465.6 | ... AV68: =AV66*AV67 -> 1197605.8 | AW68: =SUM(AK68:AV68) -> 19206692
C69: Non-PGC Commodity Costs | D69: =SUM(D65,D68) -> 1177924.7 | E69: =SUM(E65,E68) -> 1233001.7 | F69: =SUM(F65,F68) -> 1024068.1 | G69: =SUM(G65,G68) -> 1183524 | H69: =SUM(H65,H68) -> 1348157.6 | I69: =SUM(I65,I68) -> 2006626.4 | J69: =SUM(J65,J68) -> 2111528.8 | K69: =SUM(K65,K68) -> 1696419.6 | ... O69: =SUM(O65,O68) -> 1080554.7 | P69: =SUM(D69:O69) -> 17052131 | T69: Non-PGC Commodity Costs | U69: =SUM(U65,U68) -> 1093177.5 | V69: =SUM(V65,V68) -> 1046073.9 | W69: =SUM(W65,W68) -> 868560.08 | X69: =SUM(X65,X68) -> 1398550.3 | Y69: =SUM(Y65,Y68) -> 1481002.8 | Z69: =SUM(Z65,Z68) -> 1888127.7 | AA69: =SUM(AA65,AA68) -> 1992195 | AB69: =SUM(AB65,AB68) -> 1766279.4 | ... AF69: =SUM(AF65,AF68) -> 1074027.2 | AG69: =SUM(U69:AF69) -> 16913293 | AJ69: Non-PGC Commodity Costs | AK69: =SUM(AK65,AK68) -> 1156857.2 | AL69: =SUM(AL65,AL68) -> 1110750.5 | AM69: =SUM(AM65,AM68) -> 1011586 | AN69: =SUM(AN65,AN68) -> 1621579.7 | AO69: =SUM(AO65,AO68) -> 1734331.6 | AP69: =SUM(AP65,AP68) -> 2186610.8 | AQ69: =SUM(AQ65,AQ68) -> 2313762.8 | AR69: =SUM(AR65,AR68) -> 2022465.6 | ... AV69: =SUM(AV65,AV68) -> 1197605.8 | AW69: =SUM(AK69:AV69) -> 19206692
C70: Non-PGC Demand Costs (LVS) | D70: 151917.05 | E70: 147841.45 | F70: 125275.59 | G70: 153586 | H70: 157681.49 | I70: 140467.96 | J70: 149300.82 | K70: 149126.12 | L70: 128850.65 | M70: 131673.27 | N70: 154729.69 | O70: 151308.73 | P70: =SUM(D70:O70) -> 1741758.8 | T70: Non-PGC Demand Costs (LVS) | U70: 150000 | V70: 150000 | W70: 150000 | X70: 150000 | Y70: 150000 | Z70: 150000 | AA70: 150000 | AB70: 150000 | AC70: 150000 | AD70: 150000 | AE70: 150000 | AF70: 150000 | AG70: =SUM(U70:AF70) -> 1800000 | AJ70: Non-PGC Demand Costs (LVS) | AK70: 150000 | AL70: 150000 | AM70: 150000 | AN70: 150000 | AO70: 150000 | AP70: 150000 | AQ70: 150000 | AR70: 150000 | AS70: 150000 | AT70: 150000 | AU70: 150000 | AV70: 150000 | AW70: =SUM(AK70:AV70) -> 1800000
C71: Total Non-PGC Costs | D71: =SUM(D69:D70) -> 1329841.7 | E71: =SUM(E69:E70) -> 1380843.1 | F71: =SUM(F69:F70) -> 1149343.7 | G71: =SUM(G69:G70) -> 1337110 | H71: =SUM(H69:H70) -> 1505839.1 | I71: =SUM(I69:I70) -> 2147094.3 | J71: =SUM(J69:J70) -> 2260829.6 | K71: =SUM(K69:K70) -> 1845545.8 | ... O71: =SUM(O69:O70) -> 1231863.4 | P71: =SUM(D71:O71) -> 18793890 | T71: Total Non-PGC Costs | U71: =SUM(U69:U70) -> 1243177.5 | V71: =SUM(V69:V70) -> 1196073.9 | W71: =SUM(W69:W70) -> 1018560.1 | X71: =SUM(X69:X70) -> 1548550.3 | Y71: =SUM(Y69:Y70) -> 1631002.8 | Z71: =SUM(Z69:Z70) -> 2038127.7 | AA71: =SUM(AA69:AA70) -> 2142195 | AB71: =SUM(AB69:AB70) -> 1916279.4 | ... AF71: =SUM(AF69:AF70) -> 1224027.2 | AG71: =SUM(U71:AF71) -> 18713293 | AJ71: Total Non-PGC Costs | AK71: =SUM(AK69:AK70) -> 1306857.2 | AL71: =SUM(AL69:AL70) -> 1260750.5 | AM71: =SUM(AM69:AM70) -> 1161586 | AN71: =SUM(AN69:AN70) -> 1771579.7 | AO71: =SUM(AO69:AO70) -> 1884331.6 | AP71: =SUM(AP69:AP70) -> 2336610.8 | AQ71: =SUM(AQ69:AQ70) -> 2463762.8 | AR71: =SUM(AR69:AR70) -> 2172465.6 | ... AV71: =SUM(AV69:AV70) -> 1347605.8 | AW71: =SUM(AK71:AV71) -> 21006692
C72: Non-PGC Billed and Uncollected | T72: Non-PGC Billed and Uncollected
C73: Total Non-PGC Costs with Billed and Uncollected | D73: =D71+D72 -> 1329841.7 | E73: =E71+E72 -> 1380843.1 | F73: =F71+F72 -> 1149343.7 | G73: =G71+G72 -> 1337110 | H73: =H71+H72 -> 1505839.1 | I73: =I71+I72 -> 2147094.3 | J73: =J71+J72 -> 2260829.6 | K73: =K71+K72 -> 1845545.8 | ... O73: =O71+O72 -> 1231863.4 | T73: Total Non-PGC Costs with Billed and Uncollected | U73: =U71+U72 -> 1243177.5 | V73: =V71+V72 -> 1196073.9 | W73: =W71+W72 -> 1018560.1 | X73: =X71+X72 -> 1548550.3 | Y73: =Y71+Y72 -> 1631002.8 | Z73: =Z71+Z72 -> 2038127.7 | AA73: =AA71+AA72 -> 2142195 | AB73: =AB71+AB72 -> 1916279.4 | ... AF73: =AF71+AF72 -> 1224027.2
C75: NYMEX | D75: =+'FT GAS'!G109 -> 4.717 | E75: =+'FT GAS'!H109 -> 4.774 | F75: =+'FT GAS'!I109 -> 3.651 | G75: =+'FT GAS'!J109 -> 3.837 | H75: =+'FT GAS'!K109 -> 3.292 | I75: =+'FT GAS'!L109 -> 4.267 | J75: =+'FT GAS'!M109 -> 4.216 | K75: =+'FT GAS'!N109 -> 4.316 | ... O75: =+'FT GAS'!R109 -> 4.326
C76: RS,GS,MS PGC Rate | D76: 7.35 | E76: 7.35 | F76: 7.35 | G76: 7.35 | H76: 7.35 | I76: 6.95 | J76: 6.95 | K76: 6.5 | L76: 6.5 | M76: 6.5 | N76: 6.5 | O76: 6.5 | P76: =P78/P8 -> 6.8695394 | T76: RS,GS,MS PGC Rate | U76: 6.5 | V76: 6.5 | W76: 6.5 | X76: 6.5 | Y76: 6.5 | Z76: 6.5 | AA76: 6.5 | AB76: 6.5 | AC76: 6.5 | AD76: 6.5 | AE76: 6.5 | AF76: 6.5 | AG76: =AG78/AG8 -> 6.5 | AJ76: RS,GS,MS PGC Rate | AK76: 6.5 | AL76: 6.5 | AM76: 6.5 | AN76: 6.5 | AO76: 6.5 | AP76: 6.5 | AQ76: 6.5 | AR76: 6.5 | AS76: 6.5 | AT76: 6.5 | AU76: 6.5 | AV76: 6.5 | AW76: =AW78/AW8 -> 6.5
C77: RS,GS,MS PGC Rate % Change | E77: =(E76-D76)/D76 -> 0 | F77: =(F76-E76)/E76 -> 0 | G77: =(G76-F76)/F76 -> 0 | H77: =(H76-G76)/G76 -> 0 | I77: =(I76-H76)/H76 -> -0.054421769 | J77: =(J76-I76)/I76 -> 0 | K77: =(K76-J76)/J76 -> -0.064748201 | L77: =(L76-K76)/K76 -> 0 | ... O77: =(O76-N76)/N76 -> 0 | T77: RS,GS,MS PGC Rate % Change | U77: =(U76-P76)/O76 -> -0.056852219 | V77: =(V76-U76)/U76 -> 0 | W77: =(W76-V76)/V76 -> 0 | X77: =(X76-W76)/W76 -> 0 | Y77: =(Y76-X76)/X76 -> 0 | Z77: =(Z76-Y76)/Y76 -> 0 | AA77: =(AA76-Z76)/Z76 -> 0 | AB77: =(AB76-AA76)/AA76 -> 0 | AC77: =(AC76-AB76)/AB76 -> 0 | ... AF77: =(AF76-AE76)/AE76 -> 0 | AJ77: RS,GS,MS PGC Rate % Change | AL77: =(AL76-AK76)/AK76 -> 0 | AM77: =(AM76-AL76)/AL76 -> 0 | AN77: =(AN76-AM76)/AM76 -> 0 | AO77: =(AO76-AN76)/AN76 -> 0 | AP77: =(AP76-AO76)/AO76 -> 0 | AQ77: =(AQ76-AP76)/AP76 -> 0 | AR77: =(AR76-AQ76)/AQ76 -> 0 | AS77: =(AS76-AR76)/AR76 -> 0 | ... AV77: =(AV76-AU76)/AU76 -> 0
C78: RS,GS,MS PGC Revenue | D78: =D76*D8 -> 1332560.9 | E78: =E76*E8 -> 1425449.4 | F78: =F76*F8 -> 1574531.7 | G78: =G76*G8 -> 3025193.8 | H78: =H76*H8 -> 7495691 | I78: =I76*I8 -> 15964741 | J78: =J76*J8 -> 15856852 | K78: =K76*K8 -> 9447341.2 | ... O78: =O76*O8 -> 1399156.2 | P78: =SUM(D78:O78) -> 70233485 | T78: RS,GS,MS PGC Revenue | U78: =U76*U8 -> 1269554.1 | V78: =V76*V8 -> 1269554.1 | W78: =W76*W8 -> 1553059.2 | X78: =X76*X8 -> 3973375.2 | Y78: =Y76*Y8 -> 6876582.6 | Z78: =Z76*Z8 -> 10258257 | AA78: =AA76*AA8 -> 11760380 | AB78: =AB76*AB8 -> 9618666.8 | ... AF78: =AF76*AF8 -> 1228600.7 | AG78: =SUM(U78:AF78) -> 61934378 | AJ78: RS,GS,MS PGC Revenue | AK78: =AK76*AK8 -> 1280430.9 | AL78: =AL76*AL8 -> 1280430.9 | AM78: =AM76*AM8 -> 1566346.2 | AN78: =AN76*AN8 -> 4007260.6 | AO78: =AO76*AO8 -> 6935170.9 | AP78: =AP76*AP8 -> 10345625 | AQ78: =AQ76*AQ8 -> 11860530 | AR78: =AR76*AR8 -> 9700584.6 | ... AV78: =AV76*AV8 -> 1239126.7 | AW78: =SUM(AK78:AV78) -> 62462282
C79: RS,GS,MS PGC YTD Revenue | D79: =D78 -> 1332560.9 | E79: =D79+E78 -> 2758010.3 | F79: =E79+F78 -> 4332542 | G79: =F79+G78 -> 7357735.9 | H79: =G79+H78 -> 14853427 | I79: =H79+I78 -> 30818168 | J79: =I79+J78 -> 46675019 | K79: =J79+K78 -> 56122360 | L79: =K79+L78 -> 63616549 | ... O79: =N79+O78 -> 70233485 | T79: RS,GS,MS PGC Cumulative Revenue | U79: =U78 -> 1269554.1 | V79: =U79+V78 -> 2539108.1 | W79: =V79+W78 -> 4092167.3 | X79: =W79+X78 -> 8065542.5 | Y79: =X79+Y78 -> 14942125 | Z79: =Y79+Z78 -> 25200382 | AA79: =Z79+AA78 -> 36960762 | AB79: =AA79+AB78 -> 46579429 | AC79: =AB79+AC78 -> 54193950 | ... AF79: =AE79+AF78 -> 61934378 | AJ79: RS,GS,MS PGC Cumulative Revenue | AK79: =AK78 -> 1280430.9 | AL79: =AK79+AL78 -> 2560861.8 | AM79: =AL79+AM78 -> 4127208 | AN79: =AM79+AN78 -> 8134468.6 | AO79: =AN79+AO78 -> 15069640 | AP79: =AO79+AP78 -> 25415264 | AQ79: =AP79+AQ78 -> 37275794 | AR79: =AQ79+AR78 -> 46976379 | AS79: =AR79+AS78 -> 54655770 | ... AV79: =AU79+AV78 -> 62462282
C80: RS,GS,MS Mth Revenue vs Cost | D80: =D78-D46 -> -879630.89 | E80: =E78-E46 -> -839543.91 | F80: =F78-F46 -> -434024.11 | G80: =G78-G46 -> -55843.922 | H80: =H78-H46 -> 1966515 | I80: =I78-I46 -> 2687244.2 | J80: =J78-J46 -> 3042088 | K80: =K78-K46 -> 1387641 | ... O80: =O78-O46 -> -907922.48 | P80: =SUM(D80:O80) -> 4314202.9 | T80: RS,GS,MS Mth Revenue vs Cost | U80: =U78-U46 -> -1113571.3 | V80: =V78-V46 -> -1117654.5 | W80: =W78-W46 -> -974397.22 | X80: =X78-X46 -> -434767.64 | Y80: =Y78-Y46 -> 225573.87 | Z80: =Z78-Z46 -> 777351.71 | AA80: =AA78-AA46 -> 999503.14 | AB80: =AB78-AB46 -> 536074.6 | ... AF80: =AF78-AF46 -> -1139612.6 | AG80: =SUM(U80:AF80) -> -3522641.3 | AJ80: RS,GS,MS Mth Revenue vs Cost | AK80: =AK78-AK46 -> -1183019.1 | AL80: =AL78-AL46 -> -1188690.3 | AM80: =AM78-AM46 -> -1133933.6 | AN80: =AN78-AN46 -> -812576.15 | AO80: =AO78-AO46 -> -501522.73 | AP80: =AP78-AP46 -> 4752.7419 | AQ80: =AQ78-AQ46 -> 90276.457 | AR80: =AR78-AR46 -> -196989.06 | ... AV80: =AV78-AV46 -> -1271566.6 | AW80: =SUM(AK80:AV80) -> -8704876.5
B81: CIS Difference | C81: RS,GS,MS YTD PGC Recovery | D81: =D80 -> -879630.89 | E81: =D81+E80 -> -1719174.8 | F81: =E81+F80 -> -2153198.9 | G81: =F81+G80 -> -2209042.8 | H81: =G81+H80 -> -242527.87 | I81: =H81+I80 -> 2444716.4 | J81: =I81+J80 -> 5486804.4 | K81: =J81+K80 -> 6874445.5 | L81: =K81+L80 -> 7238465.8 | ... O81: =N81+O80 -> 4314202.9 | S81: CIS Difference | T81: RS,GS,MS Cumulative PGC Recovery | U81: =U80 -> -1113571.3 | V81: =U81+V80 -> -2231225.8 | W81: =V81+W80 -> -3205623 | X81: =W81+X80 -> -3640390.7 | Y81: =X81+Y80 -> -3414816.8 | Z81: =Y81+Z80 -> -2637465.1 | AA81: =Z81+AA80 -> -1637961.9 | AB81: =AA81+AB80 -> -1101887.3 | AC81: =AB81+AC80 -> -1016494.5 | ... AF81: =AE81+AF80 -> -3522641.3 | AI81: CIS Difference | AJ81: RS,GS,MS Cumulative PGC Recovery | AK81: =AK80 -> -1183019.1 | AL81: =AK81+AL80 -> -2371709.4 | AM81: =AL81+AM80 -> -3505643 | AN81: =AM81+AN80 -> -4318219.2 | AO81: =AN81+AO80 -> -4819741.9 | AP81: =AO81+AP80 -> -4814989.1 | AQ81: =AP81+AQ80 -> -4724712.7 | AR81: =AQ81+AR80 -> -4921701.7 | AS81: =AR81+AS80 -> -5500163.4 | ... AV81: =AU81+AV80 -> -8704876.5
B82: 1.08 | C82: CIS PGC Rate | D82: =D76-$B$82 -> 6.27 | E82: =E76-$B$82 -> 6.27 | F82: =F76-$B$82 -> 6.27 | G82: =G76-$B$82 -> 6.27 | H82: =H76-$B$82 -> 6.27 | I82: =I76-$B$82 -> 5.87 | J82: =J76-$B$82 -> 5.87 | K82: =K76-$B$82 -> 5.42 | ... O82: =O76-$B$82 -> 5.42 | P82: =P83/P9 -> 5.8030122 | S82: 1.08 | T82: CIS PGC Rate | U82: =U76-$S$82 -> 5.42 | V82: =V76-$S$82 -> 5.42 | W82: =W76-$S$82 -> 5.42 | X82: =X76-$S$82 -> 5.42 | Y82: =Y76-$S$82 -> 5.42 | Z82: =Z76-$S$82 -> 5.42 | AA82: =AA76-$S$82 -> 5.42 | AB82: =AB76-$S$82 -> 5.42 | ... AF82: =AF76-$S$82 -> 5.42 | AG82: =AG83/AG9 -> 5.42 | AI82: 1.08 | AJ82: CIS PGC Rate | AK82: =AK76-$S$82 -> 5.42 | AL82: =AL76-$S$82 -> 5.42 | AM82: =AM76-$S$82 -> 5.42 | AN82: =AN76-$S$82 -> 5.42 | AO82: =AO76-$S$82 -> 5.42 | AP82: =AP76-$S$82 -> 5.42 | AQ82: =AQ76-$S$82 -> 5.42 | AR82: =AR76-$S$82 -> 5.42 | ... AV82: =AV76-$S$82 -> 5.42 | AW82: =AW83/AW9 -> 5.42
B83: =D76-B82 -> 6.27 | C83: CIS PGC Revenue | D83: =D82*D9 -> 359145.6 | E83: =E82*E9 -> 381434.2 | F83: =F82*F9 -> 411675.66 | G83: =G82*G9 -> 585191.64 | H83: =H82*H9 -> 1020175.4 | I83: =I82*I9 -> 1609161.9 | J83: =J82*J9 -> 1612386.9 | K83: =K82*K9 -> 1035368 | ... O83: =O82*O9 -> 340409.06 | P83: =SUM(D83:O83) -> 9405845.9 | T83: CIS PGC Revenue | U83: =U82*U9 -> 388210.21 | V83: =V82*V9 -> 388210.21 | W83: =W82*W9 -> 404010.68 | X83: =X82*X9 -> 624238.34 | Y83: =Y82*Y9 -> 868723.83 | Z83: =Z82*Z9 -> 1172872.6 | AA83: =AA82*AA9 -> 1303999.3 | AB83: =AB82*AB9 -> 1090196.3 | ... AF83: =AF82*AF9 -> 375687.3 | AG83: =SUM(U83:AF83) -> 8672506.5 | AJ83: CIS PGC Revenue | AK83: =AK82*AK9 -> 388210.21 | AL83: =AL82*AL9 -> 388210.21 | AM83: =AM82*AM9 -> 404010.68 | AN83: =AN82*AN9 -> 624238.34 | AO83: =AO82*AO9 -> 868723.83 | AP83: =AP82*AP9 -> 1172872.6 | AQ83: =AQ82*AQ9 -> 1303999.3 | AR83: =AR82*AR9 -> 1090196.3 | ... AV83: =AV82*AV9 -> 375687.3 | AW83: =SUM(AK83:AV83) -> 8672506.5
C84: CIS PGC YTD Revenue | D84: =D83 -> 359145.6 | E84: =D84+E83 -> 740579.8 | F84: =E84+F83 -> 1152255.5 | G84: =F84+G83 -> 1737447.1 | H84: =G84+H83 -> 2757622.5 | I84: =H84+I83 -> 4366784.4 | J84: =I84+J83 -> 5979171.2 | K84: =J84+K83 -> 7014539.2 | L84: =K84+L83 -> 8021476 | ... O84: =N84+O83 -> 9405845.9 | T84: CIS PGC Cumulative Revenue | U84: =U83 -> 388210.21 | V84: =U84+V83 -> 776420.42 | W84: =V84+W83 -> 1180431.1 | X84: =W84+X83 -> 1804669.4 | Y84: =X84+Y83 -> 2673393.3 | Z84: =Y84+Z83 -> 3846265.9 | AA84: =Z84+AA83 -> 5150265.2 | AB84: =AA84+AB83 -> 6240461.5 | AC84: =AB84+AC83 -> 7182551 | ... AF84: =AE84+AF83 -> 8672506.5 | AJ84: CIS PGC Cumulative Revenue | AK84: =AK83 -> 388210.21 | AL84: =AK84+AL83 -> 776420.42 | AM84: =AL84+AM83 -> 1180431.1 | AN84: =AM84+AN83 -> 1804669.4 | AO84: =AN84+AO83 -> 2673393.3 | AP84: =AO84+AP83 -> 3846265.9 | AQ84: =AP84+AQ83 -> 5150265.2 | AR84: =AQ84+AR83 -> 6240461.5 | AS84: =AR84+AS83 -> 7182551 | ... AV84: =AU84+AV83 -> 8672506.5
C85: CIS Mth PGC Revenue vs Cost | D85: =D83-D51 -> 71196.14 | E85: =E83-E51 -> 77266.538 | F85: =F83-F51 -> 197991.88 | G85: =G83-G51 -> 222438.4 | H85: =H83-H51 -> 371683.99 | I85: =I83-I51 -> 200898.84 | J85: =J83-J51 -> 247237.4 | K85: =K83-K51 -> 167253.84 | ... O85: =O83-O51 -> 77431.724 | P85: =SUM(D85:O85) -> 1688789.3 | T85: CIS Mth PGC Revenue vs Cost | U85: =U83-U51 -> 43870.247 | V85: =V83-V51 -> 42372.878 | W85: =W83-W51 -> 66044.553 | X85: =X83-X51 -> 91422.606 | Y85: =Y83-Y51 -> 107773.04 | Z85: =Z83-Z51 -> 96154.068 | AA85: =AA83-AA51 -> 89601.702 | AB85: =AB83-AB51 -> 76968.182 | ... AF85: =AF83-AF51 -> 36815.844 | AG85: =SUM(U85:AF85) -> 809097.77 | AJ85: CIS Mth PGC Revenue vs Cost | AK85: =AK83-AK51 -> 17589.19 | AL85: =AL83-AL51 -> 15527.165 | AM85: =AM83-AM51 -> 15452.342 | AN85: =AN83-AN51 -> 19016.58 | AO85: =AO83-AO51 -> -3826.997 | AP85: =AP83-AP51 -> -11673.426 | AQ85: =AQ83-AQ51 -> -33232.487 | AR85: =AR83-AR51 -> -24317.526 | ... AV85: =AV83-AV51 -> -12111.422 | AW85: =SUM(AK85:AV85) -> -78674.959
C86: CIS YTD PGC Recovery | D86: =D85 -> 71196.14 | E86: =D86+E85 -> 148462.68 | F86: =E86+F85 -> 346454.55 | G86: =F86+G85 -> 568892.96 | H86: =G86+H85 -> 940576.95 | I86: =H86+I85 -> 1141475.8 | J86: =I86+J85 -> 1388713.2 | K86: =J86+K85 -> 1555967 | L86: =K86+L85 -> 1653202.6 | ... O86: =N86+O85 -> 1688789.3 | T86: CIS Cumulative PGC Recovery | U86: =U85 -> 43870.247 | V86: =U86+V85 -> 86243.125 | W86: =V86+W85 -> 152287.68 | X86: =W86+X85 -> 243710.28 | Y86: =X86+Y85 -> 351483.32 | Z86: =Y86+Z85 -> 447637.39 | AA86: =Z86+AA85 -> 537239.09 | AB86: =AA86+AB85 -> 614207.28 | AC86: =AB86+AC85 -> 680763.36 | ... AF86: =AE86+AF85 -> 809097.77 | AJ86: CIS Cumulative PGC Recovery | AK86: =AK85 -> 17589.19 | AL86: =AK86+AL85 -> 33116.355 | AM86: =AL86+AM85 -> 48568.697 | AN86: =AM86+AN85 -> 67585.278 | AO86: =AN86+AO85 -> 63758.281 | AP86: =AO86+AP85 -> 52084.854 | AQ86: =AP86+AQ85 -> 18852.368 | AR86: =AQ86+AR85 -> -5465.1586 | AS86: =AR86+AS85 -> -38725.068 | ... AV86: =AU86+AV85 -> -78674.959
C87: Total PGC Revenue (RS,GS,MS,CIS) | D87: =SUM(D78,D83) -> 1691706.5 | E87: =SUM(E78,E83) -> 1806883.6 | F87: =SUM(F78,F83) -> 1986207.4 | G87: =SUM(G78,G83) -> 3610385.5 | H87: =SUM(H78,H83) -> 8515866.4 | I87: =SUM(I78,I83) -> 17573903 | J87: =SUM(J78,J83) -> 17469239 | K87: =SUM(K78,K83) -> 10482709 | ... O87: =SUM(O78,O83) -> 1739565.3 | P87: =SUM(D87:O87) -> 79639331 | T87: Total PGC Revenue (RS,GS,MS,CIS) | U87: =SUM(U78,U83) -> 1657764.3 | V87: =SUM(V78,V83) -> 1657764.3 | W87: =SUM(W78,W83) -> 1957069.9 | X87: =SUM(X78,X83) -> 4597613.5 | Y87: =SUM(Y78,Y83) -> 7745306.4 | Z87: =SUM(Z78,Z83) -> 11431130 | AA87: =SUM(AA78,AA83) -> 13064379 | AB87: =SUM(AB78,AB83) -> 10708863 | ... AF87: =SUM(AF78,AF83) -> 1604288 | AG87: =SUM(U87:AF87) -> 70606884 | AJ87: Total PGC Revenue (RS,GS,MS,CIS) | AK87: =SUM(AK78,AK83) -> 1668641.1 | AL87: =SUM(AL78,AL83) -> 1668641.1 | AM87: =SUM(AM78,AM83) -> 1970356.9 | AN87: =SUM(AN78,AN83) -> 4631498.9 | AO87: =SUM(AO78,AO83) -> 7803894.8 | AP87: =SUM(AP78,AP83) -> 11518497 | AQ87: =SUM(AQ78,AQ83) -> 13164529 | AR87: =SUM(AR78,AR83) -> 10790781 | ... AV87: =SUM(AV78,AV83) -> 1614814 | AW87: =SUM(AK87:AV87) -> 71134788
C88: Total PGC YTD Revenue | D88: =D87 -> 1691706.5 | E88: =E87+D88 -> 3498590.1 | F88: =F87+E88 -> 5484797.5 | G88: =G87+F88 -> 9095183 | H88: =H87+G88 -> 17611049 | I88: =I87+H88 -> 35184952 | J88: =J87+I88 -> 52654191 | K88: =K87+J88 -> 63136900 | L88: =L87+K88 -> 71638025 | ... O88: =O87+N88 -> 79639331 | T88: Total PGC Cumulative Revenue | U88: =U87 -> 1657764.3 | V88: =V87+U88 -> 3315528.5 | W88: =W87+V88 -> 5272598.4 | X88: =X87+W88 -> 9870211.9 | Y88: =Y87+X88 -> 17615518 | Z88: =Z87+Y88 -> 29046648 | AA88: =AA87+Z88 -> 42111027 | AB88: =AB87+AA88 -> 52819890 | AC88: =AC87+AB88 -> 61376501 | ... AF88: =AF87+AE88 -> 70606884 | AJ88: Total PGC Cumulative Revenue | AK88: =AK87 -> 1668641.1 | AL88: =AL87+AK88 -> 3337282.2 | AM88: =AM87+AL88 -> 5307639.1 | AN88: =AN87+AM88 -> 9939138.1 | AO88: =AO87+AN88 -> 17743033 | AP88: =AP87+AO88 -> 29261530 | AQ88: =AQ87+AP88 -> 42426060 | AR88: =AR87+AQ88 -> 53216841 | AS88: =AS87+AR88 -> 61838321 | ... AV88: =AV87+AU88 -> 71134788
C89: Total PGC Revenue vs Cost | D89: =D87-D57 -> -930597.63 | E89: =E87-E57 -> -965290.25 | F89: =F87-F57 -> -317827.5 | G89: =G87-G57 -> 159673.31 | H89: =H87-H57 -> 2295180.9 | I89: =I87-I57 -> 5143681.7 | J89: =J87-J57 -> 3296604.7 | K89: =K87-K57 -> 1554894.9 | ... O89: =O87-O57 -> -1020490.8 | P89: =SUM(D89:O89) -> 7238899.9 | T89: Total PGC Revenue vs Cost | U89: =U87-U57 -> -1269701.1 | V89: =V87-V57 -> -1295281.6 | W89: =W87-W57 -> -1008352.7 | X89: =X87-X57 -> -403345.03 | Y89: =Y87-Y57 -> 303346.91 | Z89: =Z87-Z57 -> 873505.78 | AA89: =AA87-AA57 -> 1089104.8 | AB89: =AB87-AB57 -> 613042.78 | ... AF89: =AF87-AF57 -> -1292796.7 | AG89: =SUM(U89:AF89) -> -3893543.6 | AJ89: Total PGC Revenue vs Cost | AK89: =AK87-AK57 -> -1365429.9 | AL89: =AL87-AL57 -> -1393163.1 | AM89: =AM87-AM57 -> -1218481.3 | AN89: =AN87-AN57 -> -853559.57 | AO89: =AO87-AO57 -> -535349.73 | AP89: =AP87-AP57 -> -6920.6844 | AQ89: =AQ87-AQ57 -> 57043.971 | AR89: =AR87-AR57 -> -221306.58 | ... AV89: =AV87-AV57 -> -1473678.1 | AW89: =SUM(AK89:AV89) -> -9963551.4
B90: 2548739.1 | C90: Cumulative PGC Recovery | D90: =B90+B56+D89 -> 188731.46 | E90: =D90+E89 -> -776558.79 | F90: =E90+F89 -> -1094386.3 | G90: =F90+G89 -> -934712.98 | H90: =G90+H89 -> 1360467.9 | I90: =H90+I89 -> 6504149.6 | J90: =I90+J89 -> 9800754.4 | K90: =J90+K89 -> 11355649 | L90: =K90+L89 -> 11776905 | ... O90: =N90+O89 -> 8358228.9 | T90: Cumulative PGC Recovery | U90: =O90+U89 -> 7088527.9 | V90: =U90+V89 -> 5793246.3 | W90: =V90+W89 -> 4784893.6 | X90: =W90+X89 -> 4381548.6 | Y90: =X90+Y89 -> 4684895.5 | Z90: =Y90+Z89 -> 5558401.2 | AA90: =Z90+AA89 -> 6647506.1 | AB90: =AA90+AB89 -> 7260548.9 | AC90: =AB90+AC89 -> 7372497.8 | ... AF90: =AE90+AF89 -> 4464685.4 | AG90: =AG89/AG10 -> -0.34987265 | AJ90: Cumulative PGC Recovery | AK90: =AF90+AK89 -> 3099255.5 | AL90: =AK90+AL89 -> 1706092.4 | AM90: =AL90+AM89 -> 487611.09 | AN90: =AM90+AN89 -> -365948.48 | AO90: =AN90+AO89 -> -901298.21 | AP90: =AO90+AP89 -> -908218.9 | AQ90: =AP90+AQ89 -> -851174.92 | AR90: =AQ90+AR89 -> -1072481.5 | AS90: =AR90+AS89 -> -1724203.1 | ... AV90: =AU90+AV89 -> -5498866
C91: Cumulative PGC Recovery % of Total PGC Costs (w/o CIS Demand) | D91: =D90/$P$53 -> 0.0025630207 | E91: =E90/$P$53 -> -0.010545864 | F91: =F90/$P$53 -> -0.014862041 | G91: =G90/$P$53 -> -0.012693637 | H91: =H90/$P$53 -> 0.018475497 | I91: =I90/$P$53 -> 0.088327988 | J91: =J90/$P$53 -> 0.13309671 | K91: =K90/$P$53 -> 0.15421257 | ... O91: =O90/$P$53 -> 0.11350685 | T91: Cumulative PGC Recovery % of Total PGC Costs (w/o CIS Demand) | U91: =U90/$AG$53 -> 0.096678758 | V91: =V90/$AG$53 -> 0.079012718 | W91: =W90/$AG$53 -> 0.065260034 | X91: =X90/$AG$53 -> 0.059758906 | Y91: =Y90/$AG$53 -> 0.063896183 | Z91: =Z90/$AG$53 -> 0.075809722 | AA91: =AA90/$AG$53 -> 0.090663766 | AB91: =AB90/$AG$53 -> 0.099024912 | ... AF91: =AF90/$AG$53 -> 0.06089279 | AJ91: Cumulative PGC Recovery % of Total PGC Costs (w/o CIS Demand) | AK91: =AK90/$AW$53 -> 0.038780278 | AL91: =AL90/$AW$53 -> 0.021347946 | AM91: =AM90/$AW$53 -> 0.0061013666 | AN91: =AN90/$AW$53 -> -0.0045790301 | AO91: =AO90/$AW$53 -> -0.011277739 | AP91: =AP90/$AW$53 -> -0.011364336 | AQ91: =AQ90/$AW$53 -> -0.010650558 | AR91: =AR90/$AW$53 -> -0.013419717 | ... AV91: =AV90/$AW$53 -> -0.06880606
C92: Cumulative PGC Recovery % of Total PGC Costs (w/o CIS Demand) Change | E92: =E91-D91 -> -0.013108884 | F92: =F91-E91 -> -0.0043161774 | G92: =G91-F91 -> 0.0021684037 | H92: =H91-G91 -> 0.031169134 | I92: =I91-H91 -> 0.069852491 | J92: =J91-I91 -> 0.044768722 | K92: =K91-J91 -> 0.021115864 | L92: =L91-K91 -> 0.0057207612 | ... O92: =O91-N91 -> -0.013858521 | T92: Cumulative PGC Recovery % of Total PGC Costs (w/o CIS Demand) Change | U92: =U91-O91 -> -0.016828094 | V92: =V91-U91 -> -0.01766604 | W92: =W91-V91 -> -0.013752684 | X92: =X91-W91 -> -0.0055011277 | Y92: =Y91-X91 -> 0.0041372769 | Z92: =Z91-Y91 -> 0.011913539 | AA92: =AA91-Z91 -> 0.014854044 | AB92: =AB91-AA91 -> 0.0083611458 | AC92: =AC91-AB91 -> 0.0015268453 | ... AF92: =AF91-AE91 -> -0.017632149 | AJ92: Cumulative PGC Recovery % of Total PGC Costs (w/o CIS Demand) Change | AK92: =AK91-AF91 -> -0.022112512 | AL92: =AL91-AK91 -> -0.017432333 | AM92: =AM91-AL91 -> -0.015246579 | AN92: =AN91-AM91 -> -0.010680397 | AO92: =AO91-AN91 -> -0.0066987093 | AP92: =AP91-AO91 -> -8.6596949e-05 | AQ92: =AQ91-AP91 -> 0.00071377823 | AR92: =AR91-AQ91 -> -0.0027691589 | AS92: =AS91-AR91 -> -0.0081548437 | ... AV92: =AV91-AU91 -> -0.018439798
C102: Total Commodity Cost of Sales/Total Mcfs (Index, Daily, Hedge, STOW) | D102: =D19/D12 -> 5.1689402 | E102: =E19/E12 -> 5.1824271 | F102: =F19/F12 -> 3.6662917 | G102: =G19/G12 -> 4.045333 | H102: =H19/H12 -> 4.0095712 | I102: =I19/I12 -> 5.0874638 | J102: =J19/J12 -> 4.9369848 | K102: =K19/K12 -> 4.5919239 | ... P102: =P19/P12 -> 4.7707391 | T102: Total Commodity Cost of Sales/Total Mcfs (Index, Daily, Hedge, STOW) | U102: =U19/U12 -> 4.8585125 | V102: =V19/V12 -> 4.8752866 | W102: =W19/W12 -> 4.5265125 | X102: =X19/X12 -> 4.5998792 | Y102: =Y19/Y12 -> 4.739385 | Z102: =Z19/Z12 -> 4.9719381 | AA102: =AA19/AA12 -> 5.0500206 | AB102: =AB19/AB12 -> 5.0419051 | ... AG102: =AG19/AG12 -> 4.9299495 | AJ102: Total Commodity Cost of Sales/Total Mcfs (Index, Daily, Hedge, STOW) | AK102: =AK19/AK12 -> 5.1360476 | AL102: =AL19/AL12 -> 5.1649033 | AM102: =AM19/AM12 -> 5.1777646 | AN102: =AN19/AN12 -> 5.2256761 | AO102: =AO19/AO12 -> 5.4213747 | AP102: =AP19/AP12 -> 5.4957483 | AQ102: =AQ19/AQ12 -> 5.5875904 | AR102: =AR19/AR12 -> 5.5698666 | ... AW102: =AW19/AW12 -> 5.4788386
C103: Non-PGC - COR Wacog $/Mcf Index only (COR L&U 2.5%) | D103: =+D67 -> 5.3218848 | E103: =+E67 -> 5.3855497 | F103: =+F67 -> 4.1312391 | G103: =+G67 -> 4.3389878 | H103: =+H67 -> 3.7302618 | I103: =+I67 -> 4.819267 | J103: =+J67 -> 4.7623037 | K103: =+K67 -> 4.8739965 | ... P103: =+P67 -> 4.6966306 | T103: Non-PGC WACOG $/Mcf - COR WACOG Index only | U103: =+U67 -> 4.9197906 | V103: =+V67 -> 4.9343106 | W103: =+W67 -> 4.5143455 | X103: =+X67 -> 4.537801 | Y103: =+Y67 -> 4.7075742 | Z103: =+Z67 -> 4.9544154 | AA103: =+AA67 -> 5.0627574 | AB103: =+AB67 -> 5.0638743 | ... AG103: =+AG67 -> 4.9093764 | AJ103: Non-PGC WACOG $/Mcf - COR WACOG Index only | AK103: =+AK67 -> 5.0906806 | AL103: =+AL67 -> 5.1174869 | AM103: =+AM67 -> 5.1219546 | AN103: =+AN67 -> 5.1576963 | AO103: =+AO67 -> 5.3364049 | AP103: =+AP67 -> 5.5966492 | AQ103: =+AQ67 -> 5.7384991 | AR103: =+AR67 -> 5.7083421 | ... AW103: =+AW67 -> 5.4460804
A104: Loss | C104: FT GAS Wacog $/Dth (@GULF) NYMEX Settlement & Hedge | D104: =+'FT GAS'!G117 -> 4.6736549 | E104: =+'FT GAS'!H117 -> 4.7302964 | F104: =+'FT GAS'!I117 -> 3.6532143 | G104: =+'FT GAS'!J117 -> 3.8595468 | H104: =+'FT GAS'!K117 -> 3.5498936 | I104: =+'FT GAS'!L117 -> 4.1851447 | J104: =+'FT GAS'!M117 -> 4.1755106 | K104: =+'FT GAS'!N117 -> 4.2351405 | ... P104: =+'FT GAS'!S117 -> 4.1635392 | R104: Loss | T104: FT WACOG $/Dth (@GULF) Hedge & Index | U104: =+'FT GAS'!X117 -> 4.265849 | V104: =+'FT GAS'!Y117 -> 4.2792865 | W104: =+'FT GAS'!Z117 -> 3.9667394 | X104: =+'FT GAS'!AA117 -> 4.0224449 | Y104: =+'FT GAS'!AB117 -> 4.1345422 | Z104: =+'FT GAS'!AC117 -> 4.3074081 | AA104: =+'FT GAS'!AD117 -> 4.406419 | AB104: =+'FT GAS'!AE117 -> 4.3982657 | ... AG104: =+'FT GAS'!AJ117 -> 4.2803099 | AH104: Loss | AJ104: FT WACOG $/Dth (@GULF) Hedge & Index | AK104: =+'FT GAS'!AO117 -> 4.51 | AL104: =+'FT GAS'!AP117 -> 4.534 | AM104: =+'FT GAS'!AQ117 -> 4.538 | AN104: =+'FT GAS'!AR117 -> 4.57 | AO104: =+'FT GAS'!AS117 -> 4.73 | AP104: =+'FT GAS'!AT117 -> 4.963 | AQ104: =+'FT GAS'!AU117 -> 5.09 | AR104: =+'FT GAS'!AV117 -> 5.063 | ... AW104: =+'FT GAS'!BA117 -> 4.8210595
A105: 0.055 | B105: 0.05 | C105: FT GAS Wacog $/Dth (@COR CG) NYMEX Settlement & Hedge | D105: =D104/(1-$A$105)+$B$105 -> 4.9956666 | E105: =E104/(1-$A$105)+$B$105 -> 5.0556046 | F105: =F104/(1-$A$105)+$B$105 -> 3.9158353 | G105: =G104/(1-$A$105)+$B$105 -> 4.1341765 | H105: =H104/(1-$A$105)+$B$105 -> 3.8065012 | I105: =I104/(1-$A$105)+$B$105 -> 4.4787245 | J105: =J104/(1-$A$105)+$B$105 -> 4.4685297 | K105: =K104/(1-$A$105)+$B$105 -> 4.5316302 | ... P105: =P104/(1-$A$105)+$B$105 -> 4.4558615 | R105: 0.055 | S105: 0.05 | T105: FT WACOG $/Dth (@COR CG) Hedge & Index | U105: =U104/(1-$R$105)+$S$105 -> 4.5641259 | V105: =V104/(1-$R$105)+$S$105 -> 4.5783455 | W105: =W104/(1-$R$105)+$S$105 -> 4.2476078 | X105: =X104/(1-$R$105)+$S$105 -> 4.3065554 | Y105: =Y104/(1-$R$105)+$S$105 -> 4.425177 | Z105: =Z104/(1-$R$105)+$S$105 -> 4.6081038 | AA105: =AA104/(1-$R$105)+$S$105 -> 4.7128773 | AB105: =AB104/(1-$R$105)+$S$105 -> 4.7042494 | ... AG105: =AG104/(1-$R$105)+$S$105 -> 4.5794285 | AH105: 0.055 | AI105: 0.05 | AJ105: FT WACOG $/Dth (@COR CG) Hedge & Index | AK105: =AK104/(1-$R$105)+$S$105 -> 4.8224868 | AL105: =AL104/(1-$R$105)+$S$105 -> 4.8478836 | AM105: =AM104/(1-$R$105)+$S$105 -> 4.8521164 | AN105: =AN104/(1-$R$105)+$S$105 -> 4.8859788 | AO105: =AO104/(1-$R$105)+$S$105 -> 5.055291 | AP105: =AP104/(1-$R$105)+$S$105 -> 5.3018519 | AQ105: =AQ104/(1-$R$105)+$S$105 -> 5.4362434 | AR105: =AR104/(1-$R$105)+$S$105 -> 5.407672 | ... AW105: =AW104/(1-$R$105)+$S$105 -> 5.1516503
A106: 0.025 | B106: 1.04 | C106: FT GAS Wacog $/Mcf (@BURNER) NYMEX Settlement & Hedge | D106: =(D105*$B$106)/(1-$A$106) -> 5.328711 | E106: =(E105*$B$106)/(1-$A$106) -> 5.3926449 | F106: =(F105*$B$106)/(1-$A$106) -> 4.176891 | G106: =(G105*$B$106)/(1-$A$106) -> 4.4097882 | H106: =(H105*$B$106)/(1-$A$106) -> 4.0602679 | I106: =(I105*$B$106)/(1-$A$106) -> 4.7773061 | J106: =(J105*$B$106)/(1-$A$106) -> 4.7664317 | K106: =(K105*$B$106)/(1-$A$106) -> 4.8337388 | ... P106: =(P105*$B$106)/(1-$A$106) -> 4.752919 | R106: 0.025 | S106: 1.04 | T106: FT WACOG $/Mcf (@BURNER) Hedge & Index | U106: =(U105*$S$106)/(1-$R$106) -> 4.868401 | V106: =(V105*$S$106)/(1-$R$106) -> 4.8835686 | W106: =(W105*$S$106)/(1-$R$106) -> 4.5307817 | X106: =(X105*$S$106)/(1-$R$106) -> 4.5936591 | Y106: =(Y105*$S$106)/(1-$R$106) -> 4.7201888 | Z106: =(Z105*$S$106)/(1-$R$106) -> 4.9153108 | AA106: =(AA105*$S$106)/(1-$R$106) -> 5.0270691 | AB106: =(AB105*$S$106)/(1-$R$106) -> 5.017866 | ... AG106: =(AG105*$S$106)/(1-$R$106) -> 4.8847237 | AH106: 0.025 | AI106: 1.04 | AJ106: FT WACOG $/Mcf (@BURNER) Hedge & Index | AK106: =(AK105*$S$106)/(1-$R$106) -> 5.1439859 | AL106: =(AL105*$S$106)/(1-$R$106) -> 5.1710758 | AM106: =(AM105*$S$106)/(1-$R$106) -> 5.1755908 | AN106: =(AN105*$S$106)/(1-$R$106) -> 5.2117108 | AO106: =(AO105*$S$106)/(1-$R$106) -> 5.3923104 | AP106: =(AP105*$S$106)/(1-$R$106) -> 5.6553086 | AQ106: =(AQ105*$S$106)/(1-$R$106) -> 5.7986596 | AR106: =(AR105*$S$106)/(1-$R$106) -> 5.7681834 | ... AW106: =(AW105*$S$106)/(1-$R$106) -> 5.4950936
C107: FT GAS Wacog vs Total Commodity Unit Cost $/Mcf | D107: =D106-D102 -> 0.15977074 | E107: =E106-E102 -> 0.21021777 | F107: =F106-F102 -> 0.51059924 | G107: =G106-G102 -> 0.36445528 | H107: =H106-H102 -> 0.050696693 | I107: =I106-I102 -> -0.31015769 | J107: =J106-J102 -> -0.17055311 | K107: =K106-K102 -> 0.24181496 | ... P107: =P106-P102 -> -0.017820078 | T107: FT WACOG vs Total Commodity Unit Cost | U107: =U106-U102 -> 0.0098884427 | V107: =V106-V102 -> 0.0082820138 | W107: =W106-W102 -> 0.0042692294 | X107: =X106-X102 -> -0.0062201411 | Y107: =Y106-Y102 -> -0.019196236 | Z107: =Z106-Z102 -> -0.056627389 | AA107: =AA106-AA102 -> -0.022951446 | AB107: =AB106-AB102 -> -0.024039054 | ... AG107: =AG106-AG102 -> -0.045225724 | AJ107: FT WACOG vs Total Commodity Unit Cost | AK107: =AK106-AK102 -> 0.007938281 | AL107: =AL106-AL102 -> 0.0061725415 | AM107: =AM106-AM102 -> -0.0021738197 | AN107: =AN106-AN102 -> -0.013965378 | AO107: =AO106-AO102 -> -0.029064323 | AP107: =AP106-AP102 -> 0.15956037 | AQ107: =AQ106-AQ102 -> 0.21106918 | AR107: =AR106-AR102 -> 0.19831686 | ... AW107: =AW106-AW102 -> 0.016255009
C109: COR Wacog (Mcfs) Index | D109: =D67 -> 5.3218848 | E109: =E67 -> 5.3855497 | F109: =F67 -> 4.1312391 | G109: =G67 -> 4.3389878 | H109: =H67 -> 3.7302618 | I109: =I67 -> 4.819267 | J109: =J67 -> 4.7623037 | K109: =K67 -> 4.8739965 | ... P109: =P67 -> 4.6966306 | T109: COR Wacog (Mcfs) Index | U109: =U67 -> 4.9197906 | V109: =V67 -> 4.9343106 | W109: =W67 -> 4.5143455 | X109: =X67 -> 4.537801 | Y109: =Y67 -> 4.7075742 | Z109: =Z67 -> 4.9544154 | AA109: =AA67 -> 5.0627574 | AB109: =AB67 -> 5.0638743 | ... AG109: =AG67 -> 4.9093764 | AJ109: COR Wacog (Mcfs) Index | AK109: =AK67 -> 5.0906806 | AL109: =AL67 -> 5.1174869 | AM109: =AM67 -> 5.1219546 | AN109: =AN67 -> 5.1576963 | AO109: =AO67 -> 5.3364049 | AP109: =AP67 -> 5.5966492 | AQ109: =AQ67 -> 5.7384991 | AR109: =AR67 -> 5.7083421 | ... AW109: =AW67 -> 5.4460804
C110: PGC Mcfs | D110: =+D10 -> 238580.8 | E110: =+E10 -> 254773.5 | F110: =+F10 -> 279880 | G110: =+G10 -> 504923 | H110: =+H10 -> 1182529.3 | I110: =+I10 -> 2571218.2 | J110: =+J10 -> 2556244 | K110: =+K10 -> 1644464.4 | ... O110: =+O10 -> 278060.9 | P110: =SUM(D110:O110) -> 11844756 | T110: PGC Mcfs | U110: =+U10 -> 266941.51 | V110: =+V10 -> 266941.51 | W110: =+W10 -> 313472.9 | X110: =+X10 -> 726461.61 | Y110: =+Y10 -> 1218216.9 | Z110: =+Z10 -> 1794590.6 | AA110: =+AA10 -> 2049879.5 | AB110: =+AB10 -> 1680938.1 | ... AF110: =+AF10 -> 258330.49 | AG110: =SUM(U110:AF110) -> 11128459 | AJ110: PGC Mcfs | AK110: =+AK10 -> 268614.87 | AL110: =+AL10 -> 268614.87 | AM110: =+AM10 -> 315517.06 | AN110: =+AN10 -> 731674.76 | AO110: =+AO10 -> 1227230.5 | AP110: =+AP10 -> 1808031.7 | AQ110: =+AQ10 -> 2065287.2 | AR110: =+AR10 -> 1693540.9 | ... AV110: =+AV10 -> 259949.87 | AW110: =SUM(AK110:AV110) -> 11209675
C111: Mth PGC (COR Wacog*Mcfs) | D111: =D109*D110 -> 1269699.5 | E111: =E109*E110 -> 1372095.4 | F111: =F109*F110 -> 1156251.2 | G111: =G109*G110 -> 2190854.7 | H111: =H109*H110 -> 4411143.9 | I111: =I109*I110 -> 12391387 | J111: =J109*J110 -> 12173610 | K111: =K109*K110 -> 8015113.7 | ... O111: =O109*O110 -> 1358373.6 | P111: =SUM(D111:O111) -> 54903435 | T111: Mth PGC (COR Wacog*Mcfs) | U111: =U109*U110 -> 1313296.3 | V111: =V109*V110 -> 1317172.3 | W111: =W109*W110 -> 1415125 | X111: =X109*X110 -> 3296538.3 | Y111: =Y109*Y110 -> 5734846.6 | Z111: =Z109*Z110 -> 8891147 | AA111: =AA109*AA110 -> 10378043 | AB111: =AB109*AB110 -> 8512059.4 | ... AF111: =AF109*AF110 -> 1303825.1 | AG111: =SUM(U111:AF111) -> 54960512 | AJ111: Mth PGC (COR Wacog*Mcfs) | AK111: =AK109*AK110 -> 1367432.5 | AL111: =AL109*AL110 -> 1374633.1 | AM111: =AM109*AM110 -> 1616064.1 | AN111: =AN109*AN110 -> 3773756.2 | AO111: =AO109*AO110 -> 6548999 | AP111: =AP109*AP110 -> 10118919 | AQ111: =AQ109*AQ110 -> 11851649 | AR111: =AR109*AR110 -> 9667310.5 | ... AV111: =AV109*AV110 -> 1428717.2 | AW111: =SUM(AK111:AV111) -> 62004330
C112: PGC Commodity Costs | D112: =D33 -> 1199357.8 | E112: =E33 -> 1273840.9 | F112: =F33 -> 910868.71 | G112: =G33 -> 1962482.9 | H112: =H33 -> 4713123.6 | I112: =I33 -> 13208730 | J112: =J33 -> 12704318 | K112: =K33 -> 7473187.2 | ... P112: =P33 -> 56760866 | T112: PGC Commodity Costs | U112: =U33 -> 1283322.7 | V112: =V33 -> 1288903.2 | W112: =W33 -> 1421279.9 | X112: =X33 -> 3360768.2 | Y112: =Y33 -> 5783606.7 | Z112: =Z33 -> 8929271.2 | AA112: =AA33 -> 10346922 | AB112: =AB33 -> 8467467.5 | ... AG112: =AG33 -> 54933618 | AJ112: PGC Commodity Costs | AK112: =AK33 -> 1389928.4 | AL112: =AL33 -> 1397661.5 | AM112: =AM33 -> 1644695.6 | AN112: =AN33 -> 3844868.2 | AO112: =AO33 -> 6680891.8 | AP112: =AP33 -> 9897065.3 | AQ112: =AQ33 -> 11479133 | AR112: =AR33 -> 9383734.7 | ... AW112: =AW33 -> 61531530
C113: PGC Unit Commodity Costs | D113: =D112/D110 -> 5.0270506 | E113: =E112/E110 -> 4.9998957 | F113: =F112/F110 -> 3.2544973 | G113: =G112/G110 -> 3.8866974 | H113: =H112/H110 -> 3.9856295 | I113: =I112/I110 -> 5.1371488 | J113: =J112/J110 -> 4.9699161 | K113: =K112/K110 -> 4.5444506 | ... O113: =O112/O110 -> 4.1871305 | T113: PGC Unit Commodity Costs | U113: =U112/U110 -> 4.8075052 | V113: =V112/V110 -> 4.8284107 | W113: =W112/W110 -> 4.5339802 | X113: =X112/X110 -> 4.6262158 | Y113: =Y112/Y110 -> 4.7476 | Z113: =Z112/Z110 -> 4.9756593 | AA113: =AA112/AA110 -> 5.0475756 | AB113: =AB112/AB110 -> 5.0373464 | ... AF113: =AF112/AF110 -> 4.8888618 | AJ113: PGC Unit Commodity Costs | AK113: =AK112/AK110 -> 5.1744284 | AL113: =AL112/AL110 -> 5.2032174 | AM113: =AM112/AM110 -> 5.2126993 | AN113: =AN112/AN110 -> 5.254887 | AO113: =AO112/AO110 -> 5.4438768 | AP113: =AP112/AP110 -> 5.4739445 | AQ113: =AQ112/AQ110 -> 5.558129 | AR113: =AR112/AR110 -> 5.5408966 | ... AV113: =AV112/AV110 -> 5.5947302
C114: PGC Commodity Cost Diff | D114: =D112-D111 -> -70341.778 | E114: =E112-E111 -> -98254.418 | F114: =F112-F111 -> -245382.49 | G114: =G112-G111 -> -228371.84 | H114: =H112-H111 -> 301979.76 | I114: =I112-I111 -> 817343.44 | J114: =J112-J111 -> 530707.94 | K114: =K112-K111 -> -541926.56 | ... P114: =P112-P111 -> 1857431 | T114: PGC Commodity Cost Diff | U114: =U112-U111 -> -29973.631 | V114: =V112-V111 -> -28269.086 | W114: =W112-W111 -> 6154.9158 | X114: =X112-X111 -> 64229.928 | Y114: =Y112-Y111 -> 48760.192 | Z114: =Z112-Z111 -> 38124.158 | AA114: =AA112-AA111 -> -31120.977 | AB114: =AB112-AB111 -> -44591.86 | ... AG114: =AG112-AG111 -> -26894.397 | AJ114: PGC Commodity Cost Diff | AK114: =AK112-AK111 -> 22495.892 | AL114: =AL112-AL111 -> 23028.472 | AM114: =AM112-AM111 -> 28631.494 | AN114: =AN112-AN111 -> 71111.954 | AO114: =AO112-AO111 -> 131892.78 | AP114: =AP112-AP111 -> -221854.1 | AQ114: =AQ112-AQ111 -> -372516.2 | AR114: =AR112-AR111 -> -283575.77 | ... AW114: =AW112-AW111 -> -472799.79
C115: Unit Cost Diff | D115: =D114/D110 -> -0.29483419 | E115: =E114/E110 -> -0.38565399 | F115: =F114/F110 -> -0.87674177 | G115: =G114/G110 -> -0.45229043 | H115: =H114/H110 -> 0.25536768 | I115: =I114/I110 -> 0.31788179 | J115: =J114/J110 -> 0.20761239 | K115: =K114/K110 -> -0.32954593 | ... P115: =P114/P110 -> 0.15681463 | T115: Unit Cost Diff | U115: =U114/U110 -> -0.11228539 | V115: =V114/V110 -> -0.10589993 | W115: =W114/W110 -> 0.019634602 | X115: =X114/X110 -> 0.088414758 | Y115: =Y114/Y110 -> 0.040025869 | Z115: =Z114/Z110 -> 0.021243931 | AA115: =AA114/AA110 -> -0.015181857 | AB115: =AB114/AB110 -> -0.026527961 | ... AG115: =AG114/AG110 -> -0.0024167224 | AJ115: Unit Cost Diff | AK115: =AK114/AK110 -> 0.083747755 | AL115: =AL114/AL110 -> 0.085730446 | AM115: =AM114/AM110 -> 0.090744679 | AN115: =AN114/AN110 -> 0.097190663 | AO115: =AO114/AO110 -> 0.10747189 | AP115: =AP114/AP110 -> -0.12270476 | AQ115: =AQ114/AQ110 -> -0.18037016 | AR115: =AR114/AR110 -> -0.16744549 | ... AW115: =AW114/AW110 -> -0.042177831
D116: =D114/D112 -> -0.058649538 | E116: =E114/E112 -> -0.077132407 | F116: =F114/F112 -> -0.26939392 | G116: =G114/G112 -> -0.11636883 | H116: =H114/H112 -> 0.064072108 | I116: =I114/I112 -> 0.06187903 | J116: =J114/J112 -> 0.041773823 | K116: =K114/K112 -> -0.072516123 | ... P116: =P114/P112 -> 0.032723796 | U116: =U114/U112 -> -0.02335627 | V116: =V114/V112 -> -0.021932667 | W116: =W114/W112 -> 0.0043305444 | X116: =X114/X112 -> 0.01911168 | Y116: =Y114/Y112 -> 0.0084307585 | Z116: =Z114/Z112 -> 0.004269571 | AA116: =AA114/AA112 -> -0.0030077523 | AB116: =AB114/AB112 -> -0.005266257 | ... AG116: =AG114/AG112 -> -0.00048957993 | AK116: =AK114/AK112 -> 0.016184929 | AL116: =AL114/AL112 -> 0.01647643 | AM116: =AM114/AM112 -> 0.017408386 | AN116: =AN114/AN112 -> 0.018495291 | AO116: =AO114/AO112 -> 0.019741793 | AP116: =AP114/AP112 -> -0.02241615 | AQ116: =AQ114/AQ112 -> -0.032451598 | AR116: =AR114/AR112 -> -0.030219927 | ... AW116: =AW114/AW112 -> -0.0076838621
...

Sheet FIN OPS REV VOL VS YR REPORTS
B1: 40360 | C1: 40391 | D1: 40422 | E1: 40452 | F1: 40483 | G1: 40513 | H1: 40544 | I1: 40575 | J1: 40603 | K1: 40634 | L1: 40664 | M1: 40695 | N1: FY YTD
A2: RS,GS,MS PGC Revenue | B2: =+'YR REPORTS'!D78 -> 1332560.9 | C2: =+'YR REPORTS'!E78 -> 1425449.4 | D2: =+'YR REPORTS'!F78 -> 1574531.7 | E2: =+'YR REPORTS'!G78 -> 3025193.8 | F2: =+'YR REPORTS'!H78 -> 7495691 | G2: =+'YR REPORTS'!I78 -> 15964741 | H2: =+'YR REPORTS'!J78 -> 15856852 | I2: =+'YR REPORTS'!K78 -> 9447341.2 | ... M2: =+'YR REPORTS'!O78 -> 1399156.2 | N2: =SUM(B2:M2) -> 70233485
A3: Residental PGA - Fin Ops | B3: 758096.51 | C3: 789407.54 | D3: 926137.48 | E3: 1979609 | F3: 5018640.2 | G3: 11225986 | H3: 10883032 | I3: 6541663.8 | J3: 4965762.3 | K3: 2122836 | L3: 1033292.3 | M3: 802994.08 | N3: =SUM(B3:M3) -> 47047457
A4: Commercial PGA - Fin Ops | B4: 547736.87 | C4: 605986.57 | D4: 620616 | E4: 967915 | F4: 1912798.2 | G4: 4298669.3 | H4: 4505830 | I4: 2753948.6 | J4: 2315541.6 | K4: 1200454.8 | L4: 688431.55 | M4: 567320.29 | N4: =SUM(B4:M4) -> 20985249
A5: Municipal PGA - Fin Ops | B5: 18910.39 | C5: 30309.52 | D5: 21356.49 | E5: 74756 | F5: 205883.28 | G5: 434218.29 | H5: 464997.75 | I5: 298759.78 | J5: 212086.55 | K5: 112736 | L5: 41617.55 | M5: 27032.85 | N5: =SUM(B5:M5) -> 1942664.5
A6: RS,GS,MS PGA Revenue Totals | B6: =SUM(B3:B5) -> 1324743.8 | C6: =SUM(C3:C5) -> 1425703.6 | D6: =SUM(D3:D5) -> 1568110 | E6: =SUM(E3:E5) -> 3022280 | F6: =SUM(F3:F5) -> 7137321.7 | G6: =SUM(G3:G5) -> 15958874 | H6: =SUM(H3:H5) -> 15853859 | I6: =SUM(I3:I5) -> 9594372.2 | ... M6: =SUM(M3:M5) -> 1397347.2 | N6: =SUM(B6:M6) -> 69975370
A7: Differences | B7: =B6-B2 -> -7817.11 | C7: =C6-C2 -> 254.185 | D7: =D6-D2 -> -6421.73 | E7: =E6-E2 -> -2913.85 | F7: =F6-F2 -> -358369.25 | G7: =G6-G2 -> -5867.22 | H7: =H6-H2 -> -2992.41 | I7: =I6-I2 -> 147031.09 | ... M7: =M6-M2 -> -1808.98 | N7: =SUM(B7:M7) -> -258114.83
A9: CIS PGC Revenue | B9: =+'YR REPORTS'!D83 -> 359145.6 | C9: =+'YR REPORTS'!E83 -> 381434.2 | D9: =+'YR REPORTS'!F83 -> 411675.66 | E9: =+'YR REPORTS'!G83 -> 585191.64 | F9: =+'YR REPORTS'!H83 -> 1020175.4 | G9: =+'YR REPORTS'!I83 -> 1609161.9 | H9: =+'YR REPORTS'!J83 -> 1612386.9 | I9: =+'YR REPORTS'!K83 -> 1035368 | ... M9: =+'YR REPORTS'!O83 -> 340409.06 | N9: =SUM(B9:M9) -> 9405845.9
A10: CIS PGC Revenue - Fin Ops | B10: 360273.06 | C10: 381434.4 | D10: 411678.3 | E10: 552241 | F10: 969061.26 | G10: 1609217.3 | H10: 1613875.6 | I10: 1056667.9 | J10: 1006936.8 | K10: 578052.74 | L10: 465908.09 | M10: 340409.04 | N10: =SUM(B10:M10) -> 9345755.5
A11: Differences | B11: =B10-B9 -> 1127.46 | C11: =C10-C9 -> 0.204 | D11: =D10-D9 -> 2.64 | E11: =E10-E9 -> -32950.64 | F11: =F10-F9 -> -51114.138 | G11: =G10-G9 -> 55.416 | H11: =H10-H9 -> 1488.738 | I11: =I10-I9 -> 21299.904 | ... M11: =M10-M9 -> -0.022 | N11: =SUM(B11:M11) -> -60090.426
A13: Non-PGC Commodity Costs | B13: =+'YR REPORTS'!D69 -> 1177924.7 | C13: =+'YR REPORTS'!E69 -> 1233001.7 | D13: =+'YR REPORTS'!F69 -> 1024068.1 | E13: =+'YR REPORTS'!G69 -> 1183524 | F13: =+'YR REPORTS'!H69 -> 1348157.6 | G13: =+'YR REPORTS'!I69 -> 2006626.4 | H13: =+'YR REPORTS'!J69 -> 2111528.8 | I13: =+'YR REPORTS'!K69 -> 1696419.6 | ... M13: =+'YR REPORTS'!O69 -> 1080554.7 | N13: =SUM(C13:M13) -> 15874206
A14: Flex Gas (cog*flex vols)/PGA - Fin Ops | B14: 108136.3 | C14: 135196.45 | D14: 105145.07 | E14: 78394 | F14: 69132.83 | G14: 158459.15 | H14: 158878.05 | I14: 163760.35 | J14: 99861.847 | K14: 58036.962 | L14: 74980.66 | M14: 74056.57 | N14: =SUM(C14:M14) -> 1175901.9
A15: LVS Gas Cost(gwac) - Fin Ops | B15: 1013914.8 | C15: 1087011.1 | D15: 1017001.1 | E15: 1078817 | F15: 1001657.8 | G15: 1186066.2 | H15: 1279910.2 | I15: 1091293.9 | J15: 956645.99 | K15: 1256857.3 | L15: 935777.77 | M15: 804578.85 | N15: =SUM(E15:M15) -> 9591605.1
A16: LVS Gas Cost(fwa1) - Fin Ops | B16: 0 | C16: 0 | D16: 0 | E16: 0 | F16: 272919.36 | G16: 512183.25 | H16: 684296.17 | I16: 477734.33 | J16: 399351.65 | K16: 81697.07 | L16: 305041.9 | M16: 218937.18 | N16: =SUM(C16:M16) -> 2952160.9
A17: Flex and LVS Gas Cost Totals | B17: =SUM(B14:B16) -> 1122051.1 | C17: =SUM(C14:C16) -> 1222207.6 | D17: =SUM(D14:D16) -> 1122146.1 | E17: =SUM(E14:E16) -> 1157211 | F17: =SUM(F14:F16) -> 1343710 | G17: =SUM(G14:G16) -> 1856708.7 | H17: =SUM(H14:H16) -> 2123084.4 | I17: =SUM(I14:I16) -> 1732788.6 | ... M17: =SUM(M14:M16) -> 1097572.6 | N17: =SUM(B17:M17) -> 16945731
A18: Differences | B18: =B17-B13 -> -55873.571 | C18: =C17-C13 -> -10794.109 | D18: =D17-D13 -> 98078.061 | E18: =E17-E13 -> -26313.003 | F18: =F17-F13 -> -4447.6587 | G18: =G17-G13 -> -149917.72 | H18: =H17-H13 -> 11555.677 | I18: =I17-I13 -> 36368.987 | ... M18: =M17-M13 -> 17017.893 | N18: =SUM(B18:M18) -> -106399.48
A20: Total PGC Revenue | B20: =SUM(B2,B9,B13) -> 2869631.2 | C20: =SUM(C2,C9,C13) -> 3039885.3 | D20: =SUM(D2,D9,D13) -> 3010275.4 | E20: =SUM(E2,E9,E13) -> 4793909.5 | F20: =SUM(F2,F9,F13) -> 9864024 | G20: =SUM(G2,G9,G13) -> 19580529 | H20: =SUM(H2,H9,H13) -> 19580767 | I20: =SUM(I2,I9,I13) -> 12179129 | ... M20: =SUM(M2,M9,M13) -> 2820120 | N20: =SUM(B20:M20) -> 96691461
A21: YTD PGC Revenue | B21: =B20 -> 2869631.2 | C21: =B21+C20 -> 5909516.5 | D21: =C21+D20 -> 8919791.9 | E21: =D21+E20 -> 13713701 | F21: =E21+F20 -> 23577725 | G21: =F21+G20 -> 43158254 | H21: =G21+H20 -> 62739022 | I21: =H21+I20 -> 74918151 | J21: =I21+J20 -> 84842133 | ... M21: =L21+M20 -> 96691461
A23: Total PGC Revenue - Fin Ops Rev Vol | B23: =SUM(B6,B10,B17) -> 2807068 | C23: =SUM(C6,C10,C17) -> 3029345.6 | D23: =SUM(D6,D10,D17) -> 3101934.4 | E23: =SUM(E6,E10,E17) -> 4731732 | F23: =SUM(F6,F10,F17) -> 9450093 | G23: =SUM(G6,G10,G17) -> 19424799 | H23: =SUM(H6,H10,H17) -> 19590819 | I23: =SUM(I6,I10,I17) -> 12383829 | ... M23: =SUM(M6,M10,M17) -> 2835328.9 | N23: =SUM(B23:M23) -> 96266857
A24: YTD PGC Revenue - Fin Ops Rev Vol | B24: =B23 -> 2807068 | C24: =B24+C23 -> 5836413.6 | D24: =C24+D23 -> 8938348 | E24: =D24+E23 -> 13670080 | F24: =E24+F23 -> 23120173 | G24: =F24+G23 -> 42544972 | H24: =G24+H23 -> 62135792 | I24: =H24+I23 -> 74519620 | J24: =I24+J23 -> 84475807 | ... M24: =L24+M23 -> 96266857
A26: Mth Differences | B26: =B23-B20 -> -62563.221 | C26: =C23-C20 -> -10539.72 | D26: =D23-D20 -> 91658.971 | E26: =E23-E20 -> -62177.493 | F26: =F23-F20 -> -413931.05 | G26: =G23-G20 -> -155729.53 | H26: =H23-H20 -> 10052.005 | I26: =I23-I20 -> 204699.98 | ... M26: =M23-M20 -> 15208.891 | N26: =SUM(B26:M26) -> -424604.74
A27: YTD Differences | B27: =B24-B21 -> -62563.221 | C27: =C24-C21 -> -73102.941 | D27: =D24-D21 -> 18556.03 | E27: =E24-E21 -> -43621.463 | F27: =F24-F21 -> -457552.51 | G27: =G24-G21 -> -613282.04 | H27: =H24-H21 -> -603230.04 | I27: =I24-I21 -> -398530.05 | ... M27: =M24-M21 -> -424604.74

Sheet PGC GRAPHS
A1: FACTOR | B1: 1000000 | X1: FACTOR | Y1: 1000000 | AN1: FACTOR | AO1: 1000000
A3: PGC MTH UNIT COSTS & RATES ($M) | B3: 40360 | C3: 40391 | D3: 40422 | E3: 40452 | F3: 40483 | G3: 40513 | H3: 40544 | I3: 40575 | J3: 40603 | K3: 40634 | L3: 40664 | M3: 40695 | N3: 1011 | X3: PGC MTH UNIT COSTS & RATES ($M) | Y3: 40725 | Z3: 40756 | AA3: 40787 | AB3: 40817 | AC3: 40848 | AD3: 40878 | AE3: 40909 | AF3: 40940 | AG3: 40969 | AH3: 41000 | AI3: 41030 | AJ3: 41061 | AK3: 1112 | AN3: PGC MTH UNIT COST & RATE ($M) | AO3: 41091 | AP3: 41122 | AQ3: 41153 | AR3: 41183 | AS3: 41214 | AT3: 41244 | AU3: 41275 | AV3: 41306 | AW3: 41334 | AX3: 41365 | AY3: 41395 | AZ3: 41426 | BA3: 1213
A4: UNIT COMMODITY COST | B4: =+'YR REPORTS'!D34 -> 5.0270506 | C4: =+'YR REPORTS'!E34 -> 4.9998957 | D4: =+'YR REPORTS'!F34 -> 3.2544973 | E4: =+'YR REPORTS'!G34 -> 3.8866974 | F4: =+'YR REPORTS'!H34 -> 3.9856295 | G4: =+'YR REPORTS'!I34 -> 5.1371488 | H4: =+'YR REPORTS'!J34 -> 4.9699161 | I4: =+'YR REPORTS'!K34 -> 4.5444506 | ... N4: =+'YR REPORTS'!P34 -> 4.7920672 | X4: PGC UNIT COMMODITY COST | Y4: =+'YR REPORTS'!U34 -> 4.8075052 | Z4: =+'YR REPORTS'!V34 -> 4.8284107 | AA4: =+'YR REPORTS'!W34 -> 4.5339802 | AB4: =+'YR REPORTS'!X34 -> 4.6262158 | AC4: =+'YR REPORTS'!Y34 -> 4.7476 | AD4: =+'YR REPORTS'!Z34 -> 4.9756593 | AE4: =+'YR REPORTS'!AA34 -> 5.0475756 | AF4: =+'YR REPORTS'!AB34 -> 5.0373464 | ... AK4: =+'YR REPORTS'!AG34 -> 4.9363184
A5: UNIT DEMAND COST | B5: =+'YR REPORTS'!D36 -> 7.1747255 | C5: =+'YR REPORTS'!E36 -> 6.679018 | D5: =+'YR REPORTS'!F36 -> 6.1215509 | E5: =+'YR REPORTS'!G36 -> 3.5989808 | F5: =+'YR REPORTS'!H36 -> 1.436078 | G5: =+'YR REPORTS'!I36 -> 0.64300148 | H5: =+'YR REPORTS'!J36 -> 0.6467479 | I5: =+'YR REPORTS'!K36 -> 1.0008187 | ... N5: =+'YR REPORTS'!P36 -> 1.6505905 | X5: PGC UNIT DEMAND COST | Y5: =+'YR REPORTS'!U36 -> 7.3938776 | Z5: =+'YR REPORTS'!V36 -> 7.3938776 | AA5: =+'YR REPORTS'!W36 -> 6.0441527 | AB5: =+'YR REPORTS'!X36 -> 2.5850157 | AC5: =+'YR REPORTS'!Y36 -> 1.5391792 | AD5: =+'YR REPORTS'!Z36 -> 1.0317828 | AE5: =+'YR REPORTS'!AA36 -> 0.89999582 | AF5: =+'YR REPORTS'!AB36 -> 1.1003908 | ... AK5: =+'YR REPORTS'!AG36 -> 1.9296919
A6: UNIT COST | B6: =+'YR REPORTS'!D37 -> 12.201776 | C6: =+'YR REPORTS'!E37 -> 11.678914 | D6: =+'YR REPORTS'!F37 -> 9.3760482 | E6: =+'YR REPORTS'!G37 -> 7.4856782 | F6: =+'YR REPORTS'!H37 -> 5.4217075 | G6: =+'YR REPORTS'!I37 -> 5.7801503 | H6: =+'YR REPORTS'!J37 -> 5.616664 | I6: =+'YR REPORTS'!K37 -> 5.5452693 | ... N6: =+'YR REPORTS'!P37 -> 6.4426577 | X6: PGC UNIT COST | Y6: =+'YR REPORTS'!U37 -> 12.201383 | Z6: =+'YR REPORTS'!V37 -> 12.222288 | AA6: =+'YR REPORTS'!W37 -> 10.578133 | AB6: =+'YR REPORTS'!X37 -> 7.2112315 | AC6: =+'YR REPORTS'!Y37 -> 6.2867792 | AD6: =+'YR REPORTS'!Z37 -> 6.007442 | AE6: =+'YR REPORTS'!AA37 -> 5.9475714 | AF6: =+'YR REPORTS'!AB37 -> 6.1377372 | ... AK6: =+'YR REPORTS'!AG37 -> 6.8660102 | AN6: RS UNIT COST | AO6: =+'YR REPORTS'!AK37 -> 12.505497 | AP6: =+'YR REPORTS'!AL37 -> 12.534286 | AQ6: =+'YR REPORTS'!AM37 -> 11.205581 | AR6: =+'YR REPORTS'!AN37 -> 7.8180438 | AS6: =+'YR REPORTS'!AO37 -> 6.970053 | AT6: =+'YR REPORTS'!AP37 -> 6.4970139 | AU6: =+'YR REPORTS'!AQ37 -> 6.4505252 | AV6: =+'YR REPORTS'!AR37 -> 6.631995 | ... AZ6: =+'YR REPORTS'!AV37 -> 13.170168
A7: PROJ AVG UNIT DEMAND COST | B7: =+'YR REPORTS'!D39 -> 1.7844604 | C7: =+'YR REPORTS'!E39 -> 1.7844604 | D7: =+'YR REPORTS'!F39 -> 1.7844604 | E7: =+'YR REPORTS'!G39 -> 1.7844604 | F7: =+'YR REPORTS'!H39 -> 1.7844604 | G7: =+'YR REPORTS'!I39 -> 1.7844604 | H7: =+'YR REPORTS'!J39 -> 1.7844604 | I7: =+'YR REPORTS'!K39 -> 1.7844604 | ... N7: =+'YR REPORTS'!P39 -> 1.7844604 | X7: PROJ AVG UNIT DEMAND COST | Y7: =+'YR REPORTS'!U39 -> 1.9296919 | Z7: =+'YR REPORTS'!V39 -> 1.9296919 | AA7: =+'YR REPORTS'!W39 -> 1.9296919 | AB7: =+'YR REPORTS'!X39 -> 1.9296919 | AC7: =+'YR REPORTS'!Y39 -> 1.9296919 | AD7: =+'YR REPORTS'!Z39 -> 1.9296919 | AE7: =+'YR REPORTS'!AA39 -> 1.9296919 | AF7: =+'YR REPORTS'!AB39 -> 1.9296919 | ... AK7: =+'YR REPORTS'!AG39 -> 1.9296919
A8: PGC RATE | B8: =+'YR REPORTS'!D76 -> 7.35 | C8: =+'YR REPORTS'!E76 -> 7.35 | D8: =+'YR REPORTS'!F76 -> 7.35 | E8: =+'YR REPORTS'!G76 -> 7.35 | F8: =+'YR REPORTS'!H76 -> 7.35 | G8: =+'YR REPORTS'!I76 -> 6.95 | H8: =+'YR REPORTS'!J76 -> 6.95 | I8: =+'YR REPORTS'!K76 -> 6.5 | ... N8: =+'YR REPORTS'!P76 -> 6.8695394 | X8: PGC RATE | Y8: =+'YR REPORTS'!U76 -> 6.5 | Z8: =+'YR REPORTS'!V76 -> 6.5 | AA8: =+'YR REPORTS'!W76 -> 6.5 | AB8: =+'YR REPORTS'!X76 -> 6.5 | AC8: =+'YR REPORTS'!Y76 -> 6.5 | AD8: =+'YR REPORTS'!Z76 -> 6.5 | AE8: =+'YR REPORTS'!AA76 -> 6.5 | AF8: =+'YR REPORTS'!AB76 -> 6.5 | ... AK8: =+'YR REPORTS'!AG76 -> 6.5 | AN8: RS RATE | AO8: =+'YR REPORTS'!AK76 -> 6.5 | AP8: =+'YR REPORTS'!AL76 -> 6.5 | AQ8: =+'YR REPORTS'!AM76 -> 6.5 | AR8: =+'YR REPORTS'!AN76 -> 6.5 | AS8: =+'YR REPORTS'!AO76 -> 6.5 | AT8: =+'YR REPORTS'!AP76 -> 6.5 | AU8: =+'YR REPORTS'!AQ76 -> 6.5 | AV8: =+'YR REPORTS'!AR76 -> 6.5 | ... AZ8: =+'YR REPORTS'!AV76 -> 6.5
A9: PGC UNIT COST (W/ AVG UNIT DEMAND) | B9: =+'YR REPORTS'!D45 -> 6.811511 | C9: =+'YR REPORTS'!E45 -> 6.7843561 | D9: =+'YR REPORTS'!F45 -> 5.0389577 | E9: =+'YR REPORTS'!G45 -> 5.6711577 | F9: =+'YR REPORTS'!H45 -> 5.7700898 | G9: =+'YR REPORTS'!I45 -> 6.9216092 | H9: =+'YR REPORTS'!J45 -> 6.7543764 | I9: =+'YR REPORTS'!K45 -> 6.3289109 | ... N9: =+'YR REPORTS'!P45 -> 6.5765276 | X9: PGC UNIT COST (W/ AVG UNIT DEMAND) | Y9: =+'YR REPORTS'!U45 -> 6.7371971 | Z9: =+'YR REPORTS'!V45 -> 6.7581026 | AA9: =+'YR REPORTS'!W45 -> 6.463672 | AB9: =+'YR REPORTS'!X45 -> 6.5559077 | AC9: =+'YR REPORTS'!Y45 -> 6.6772919 | AD9: =+'YR REPORTS'!Z45 -> 6.9053512 | AE9: =+'YR REPORTS'!AA45 -> 6.9772674 | AF9: =+'YR REPORTS'!AB45 -> 6.9670383 | ... AK9: =+'YR REPORTS'!AG45 -> 6.8660102
A10: NYMEX | B10: =+'FT GAS'!G109 -> 4.717 | C10: =+'FT GAS'!H109 -> 4.774 | D10: =+'FT GAS'!I109 -> 3.651 | E10: =+'FT GAS'!J109 -> 3.837 | F10: =+'FT GAS'!K109 -> 3.292 | G10: =+'FT GAS'!L109 -> 4.267 | H10: =+'FT GAS'!M109 -> 4.216 | I10: =+'FT GAS'!N109 -> 4.316 | ... N10: =+'FT GAS'!S109 -> 4.1800331 | X10: NYMEX | Y10: =+'FT GAS'!X109 -> 4.357 | Z10: =+'FT GAS'!Y109 -> 4.37 | AA10: =+'FT GAS'!Z109 -> 3.994 | AB10: =+'FT GAS'!AA109 -> 4.015 | AC10: =+'FT GAS'!AB109 -> 4.167 | AD10: =+'FT GAS'!AC109 -> 4.388 | AE10: =+'FT GAS'!AD109 -> 4.485 | AF10: =+'FT GAS'!AE109 -> 4.486 | ... AJ10: =+'FT GAS'!AI109 -> 4.471
A11: WACOG | B11: =+'YR REPORTS'!D67 -> 5.3218848 | C11: =+'YR REPORTS'!E67 -> 5.3855497 | D11: =+'YR REPORTS'!F67 -> 4.1312391 | E11: =+'YR REPORTS'!G67 -> 4.3389878 | F11: =+'YR REPORTS'!H67 -> 3.7302618 | G11: =+'YR REPORTS'!I67 -> 4.819267 | H11: =+'YR REPORTS'!J67 -> 4.7623037 | I11: =+'YR REPORTS'!K67 -> 4.8739965 | ... M11: =+'YR REPORTS'!O67 -> 4.8851658
A34: PGC MTH COMMODITY & DEMAND COSTS | B34: 40360 | C34: 40391 | D34: 40422 | E34: 40452 | F34: 40483 | G34: 40513 | H34: 40544 | I34: 40575 | J34: 40603 | K34: 40634 | L34: 40664 | M34: 40695 | N34: 1011 | X34: PGC MTH COST & REVENUES ($M) | Y34: 40725 | Z34: 40756 | AA34: 40787 | AB34: 40817 | AC34: 40848 | AD34: 40878 | AE34: 40909 | AF34: 40940 | AG34: 40969 | AH34: 41000 | AI34: 41030 | AJ34: 41061 | AK34: 1112 | AN34: PGC MTH COST & REVENUES ($M) | AO34: 41091 | AP34: 41122 | AQ34: 41153 | AR34: 41183 | AS34: 41214 | AT34: 41244 | AU34: 41275 | AV34: 41306 | AW34: 41334 | AX34: 41365 | AY34: 41395 | AZ34: 41426
A35: DEMAND | B35: =+'YR REPORTS'!D35/'PGC GRAPHS'!$B$1 -> 1.3007835 | C35: =+'YR REPORTS'!E35/'PGC GRAPHS'!$B$1 -> 1.2953201 | D35: =+'YR REPORTS'!F35/'PGC GRAPHS'!$B$1 -> 1.3113709 | E35: =+'YR REPORTS'!G35/'PGC GRAPHS'!$B$1 -> 1.4813081 | F35: =+'YR REPORTS'!H35/'PGC GRAPHS'!$B$1 -> 1.4645438 | G35: =+'YR REPORTS'!I35/'PGC GRAPHS'!$B$1 -> 1.477029 | H35: =+'YR REPORTS'!J35/'PGC GRAPHS'!$B$1 -> 1.4755951 | I35: =+'YR REPORTS'!K35/'PGC GRAPHS'!$B$1 -> 1.454627 | ... N35: =+'YR REPORTS'!P35/'PGC GRAPHS'!$B$1 -> 16.875472 | X35: DEMAND
A36: COMMODITY | B36: =+'YR REPORTS'!D33/'PGC GRAPHS'!$B$1 -> 1.1993578 | C36: =+'YR REPORTS'!E33/'PGC GRAPHS'!$B$1 -> 1.2738409 | D36: =+'YR REPORTS'!F33/'PGC GRAPHS'!$B$1 -> 0.91086871 | E36: =+'YR REPORTS'!G33/'PGC GRAPHS'!$B$1 -> 1.9624829 | F36: =+'YR REPORTS'!H33/'PGC GRAPHS'!$B$1 -> 4.7131236 | G36: =+'YR REPORTS'!I33/'PGC GRAPHS'!$B$1 -> 13.20873 | H36: =+'YR REPORTS'!J33/'PGC GRAPHS'!$B$1 -> 12.704318 | I36: =+'YR REPORTS'!K33/'PGC GRAPHS'!$B$1 -> 7.4731872 | ... N36: =+'YR REPORTS'!P33/'PGC GRAPHS'!$B$1 -> 56.760866 | X36: COMMODITY
A59: PGC MTH COST & REVENUE ($M) | B59: 40360 | C59: 40391 | D59: 40422 | E59: 40452 | F59: 40483 | G59: 40513 | H59: 40544 | I59: 40575 | J59: 40603 | K59: 40634 | L59: 40664 | M59: 40695 | N59: 1011 | X59: PGC MTH COST & REVENUES ($M) | Y59: 40725 | Z59: 40756 | AA59: 40787 | AB59: 40817 | AC59: 40848 | AD59: 40878 | AE59: 40909 | AF59: 40940 | AG59: 40969 | AH59: 41000 | AI59: 41030 | AJ59: 41061 | AK59: 1112 | AN59: PGC MTH COST & REVENUES ($M) | AO59: 41091 | AP59: 41122 | AQ59: 41153 | AR59: 41183 | AS59: 41214 | AT59: 41244 | AU59: 41275 | AV59: 41306 | AW59: 41334 | AX59: 41365 | AY59: 41395 | AZ59: 41426
A60: COSTS | B60: =+'YR REPORTS'!D53/'PGC GRAPHS'!$B$1 -> 2.5001412 | C60: =+'YR REPORTS'!E53/'PGC GRAPHS'!$B$1 -> 2.569161 | D60: =+'YR REPORTS'!F53/'PGC GRAPHS'!$B$1 -> 2.2222396 | E60: =+'YR REPORTS'!G53/'PGC GRAPHS'!$B$1 -> 3.443791 | F60: =+'YR REPORTS'!H53/'PGC GRAPHS'!$B$1 -> 6.1776674 | G60: =+'YR REPORTS'!I53/'PGC GRAPHS'!$B$1 -> 14.68576 | H60: =+'YR REPORTS'!J53/'PGC GRAPHS'!$B$1 -> 14.179913 | I60: =+'YR REPORTS'!K53/'PGC GRAPHS'!$B$1 -> 8.9278142 | ... N60: =+'YR REPORTS'!P53/'PGC GRAPHS'!$B$1 -> 73.636339 | X60: COSTS | Y60: =+'YR REPORTS'!U53/$Y$1 -> 2.7274653 | Z60: =+'YR REPORTS'!V53/$Y$1 -> 2.7330459 | AA60: =+'YR REPORTS'!W53/$Y$1 -> 2.8654226 | AB60: =+'YR REPORTS'!X53/$Y$1 -> 4.9409585 | AC60: =+'YR REPORTS'!Y53/$Y$1 -> 7.4119595 | AD60: =+'YR REPORTS'!Z53/$Y$1 -> 10.557624 | AE60: =+'YR REPORTS'!AA53/$Y$1 -> 11.975274 | AF60: =+'YR REPORTS'!AB53/$Y$1 -> 10.09582 | ... AJ60: =+'YR REPORTS'!AF53/$Y$1 -> 2.7070847 | AN60: COSTS | AO60: =+'YR REPORTS'!AK53/$AO$1 -> 2.834071 | AP60: =+'YR REPORTS'!AL53/$AO$1 -> 2.8418042 | AQ60: =+'YR REPORTS'!AM53/$AO$1 -> 3.0888382 | AR60: =+'YR REPORTS'!AN53/$AO$1 -> 5.4250585 | AS60: =+'YR REPORTS'!AO53/$AO$1 -> 8.3092445 | AT60: =+'YR REPORTS'!AP53/$AO$1 -> 11.525418 | AU60: =+'YR REPORTS'!AQ53/$AO$1 -> 13.107486 | AV60: =+'YR REPORTS'!AR53/$AO$1 -> 11.012087 | ... AZ60: =+'YR REPORTS'!AV53/$AO$1 -> 2.898492
A61: BUDGET
A62: REVENUE | B62: =+'YR REPORTS'!D87/$B$1 -> 1.6917065 | C62: =+'YR REPORTS'!E87/$B$1 -> 1.8068836 | D62: =+'YR REPORTS'!F87/$B$1 -> 1.9862074 | E62: =+'YR REPORTS'!G87/$B$1 -> 3.6103855 | F62: =+'YR REPORTS'!H87/$B$1 -> 8.5158664 | G62: =+'YR REPORTS'!I87/$B$1 -> 17.573903 | H62: =+'YR REPORTS'!J87/$B$1 -> 17.469239 | I62: =+'YR REPORTS'!K87/$B$1 -> 10.482709 | ... N62: =+'YR REPORTS'!P87/$B$1 -> 79.639331 | O62: Apr-Oct | P62: Nov-Mar | X62: REVENUE | Y62: =+'YR REPORTS'!U87/$Y$1 -> 1.6577643 | Z62: =+'YR REPORTS'!V87/$Y$1 -> 1.6577643 | AA62: =+'YR REPORTS'!W87/$Y$1 -> 1.9570699 | AB62: =+'YR REPORTS'!X87/$Y$1 -> 4.5976135 | AC62: =+'YR REPORTS'!Y87/$Y$1 -> 7.7453064 | AD62: =+'YR REPORTS'!Z87/$Y$1 -> 11.43113 | AE62: =+'YR REPORTS'!AA87/$Y$1 -> 13.064379 | AF62: =+'YR REPORTS'!AB87/$Y$1 -> 10.708863 | ... AJ62: =+'YR REPORTS'!AF87/$Y$1 -> 1.604288 | AN62: REVENUE | AO62: =+'YR REPORTS'!AK87/$AO$1 -> 1.6686411 | AP62: =+'YR REPORTS'!AL87/$AO$1 -> 1.6686411 | AQ62: =+'YR REPORTS'!AM87/$AO$1 -> 1.9703569 | AR62: =+'YR REPORTS'!AN87/$AO$1 -> 4.6314989 | AS62: =+'YR REPORTS'!AO87/$AO$1 -> 7.8038948 | AT62: =+'YR REPORTS'!AP87/$AO$1 -> 11.518497 | AU62: =+'YR REPORTS'!AQ87/$AO$1 -> 13.164529 | AV62: =+'YR REPORTS'!AR87/$AO$1 -> 10.790781 | ... AZ62: =+'YR REPORTS'!AV87/$AO$1 -> 1.614814
A63: COSTS VS REVENUE | B63: =B62-B60 -> -0.80843475 | C63: =C62-C60 -> -0.76227737 | D63: =D62-D60 -> -0.23603223 | E63: =E62-E60 -> 0.16659448 | F63: =F62-F60 -> 2.338199 | G63: =G62-G60 -> 2.8881431 | H63: =H62-H60 -> 3.2893254 | I63: =I62-I60 -> 1.5548949 | ... M63: =M62-M60 -> -0.83049076
A64: DEMAND COSTS | B64: =B35 -> 1.3007835 | C64: =C35 -> 1.2953201 | D64: =D35 -> 1.3113709 | E64: =E35 -> 1.4813081 | F64: =F35 -> 1.4645438 | G64: =G35 -> 1.477029 | H64: =H35 -> 1.4755951 | I64: =I35 -> 1.454627 | ... N64: =N35 -> 16.875472 | O64: =SUM(B64:E64,K64:M64) -> 9.5190701 | P64: =SUM(F64:J64) -> 7.356402
A65: DEMAND REVENUE ($1.50/MCF) | B65: =+'YR REPORTS'!D40/$B$1 -> 0.34588171 | C65: =+'YR REPORTS'!E40/$B$1 -> 0.34588171 | D65: =+'YR REPORTS'!F40/$B$1 -> 0.42313365 | E65: =+'YR REPORTS'!G40/$B$1 -> 1.0826269 | F65: =+'YR REPORTS'!H40/$B$1 -> 1.873703 | G65: =+'YR REPORTS'!I40/$B$1 -> 2.7951501 | H65: =+'YR REPORTS'!J40/$B$1 -> 3.204453 | I65: =+'YR REPORTS'!K40/$B$1 -> 2.6208775 | ... N65: =+'YR REPORTS'!P40/$B$1 -> 16.875472 | O65: =SUM(B65:E65,K65:M65) -> 4.3065114 | P65: =SUM(F65:J65) -> 12.568961
A66: DEMAND COSTS VS REVENUES ($1.50/MCF) | B66: =B65-B64 -> -0.95490177 | C66: =C65-C64 -> -0.94943837 | D66: =D65-D64 -> -0.88823723 | E66: =E65-E64 -> -0.39868124 | F66: =F65-F64 -> 0.40915925 | G66: =G65-G64 -> 1.3181211 | H66: =H65-H64 -> 1.7288579 | I66: =I65-I64 -> 1.1662504 | ... M66: =M65-M64 -> -1.0710545 | N66: =SUM(B66:M66) -> 3.1086245e-15 | O66: =O64-O65 -> 5.2125587 | P66: =P64-P65 -> -5.2125587
A67: YTD DEMAND COSTS VS REVENUES ($1.50/MCF) | C67: =B66+C66 -> -1.9043401 | D67: =C67+D66 -> -2.7925774 | E67: =D67+E66 -> -3.1912586 | F67: =E67+F66 -> -2.7820994 | G67: =F67+G66 -> -1.4639783 | H67: =G67+H66 -> 0.26487961 | I67: =H67+I66 -> 1.4311301 | J67: =I67+J66 -> 2.0213001 | K67: =J67+K66 -> 1.873551 | ... M67: =L67+M66 -> 3.1086245e-15 | N67: =SUM(B67:M67) -> -5.4723386
A90: PGC YTD GAS COST & REVENUES ($M) | B90: 40360 | C90: 40391 | D90: 40422 | E90: 40452 | F90: 40483 | G90: 40513 | H90: 40544 | I90: 40575 | J90: 40603 | K90: 40634 | L90: 40664 | M90: 40695 | N90: 1011 | X90: PGC YTD COST & REVENUES ($M) | Y90: 40725 | Z90: 40756 | AA90: 40787 | AB90: 40817 | AC90: 40848 | AD90: 40878 | AE90: 40909 | AF90: 40940 | AG90: 40969 | AH90: 41000 | AI90: 41030 | AJ90: 41061 | AK90: 1112 | AN90: PGC YTD COST & REVENUES ($M) | AO90: 41091 | AP90: 41122 | AQ90: 41153 | AR90: 41183 | AS90: 41214 | AT90: 41244 | AU90: 41275 | AV90: 41306 | AW90: 41334 | AX90: 41365 | AY90: 41395 | AZ90: 41426
A91: COSTS | B91: =+'YR REPORTS'!D54/$B$1 -> 2.5001412 | C91: =+'YR REPORTS'!E54/$B$1 -> 5.0693022 | D91: =+'YR REPORTS'!F54/$B$1 -> 7.2915418 | E91: =+'YR REPORTS'!G54/$B$1 -> 10.735333 | F91: =+'YR REPORTS'!H54/$B$1 -> 16.913 | G91: =+'YR REPORTS'!I54/$B$1 -> 31.59876 | H91: =+'YR REPORTS'!J54/$B$1 -> 45.778673 | I91: =+'YR REPORTS'!K54/$B$1 -> 54.706487 | ... M91: =+'YR REPORTS'!O54/$B$1 -> 73.636339 | X91: COSTS | Y91: =+'YR REPORTS'!U54/$Y$1 -> 2.7274653 | Z91: =+'YR REPORTS'!V54/$Y$1 -> 5.4605112 | AA91: =+'YR REPORTS'!W54/$Y$1 -> 8.3259338 | AB91: =+'YR REPORTS'!X54/$Y$1 -> 13.266892 | AC91: =+'YR REPORTS'!Y54/$Y$1 -> 20.678852 | AD91: =+'YR REPORTS'!Z54/$Y$1 -> 31.236476 | AE91: =+'YR REPORTS'!AA54/$Y$1 -> 43.21175 | AF91: =+'YR REPORTS'!AB54/$Y$1 -> 53.30757 | ... AJ91: =+'YR REPORTS'!AF54/$Y$1 -> 73.320428 | AN91: COSTS | AO91: =+'YR REPORTS'!AK54/$AO$1 -> 2.834071 | AP91: =+'YR REPORTS'!AL54/$AO$1 -> 5.6758752 | AQ91: =+'YR REPORTS'!AM54/$AO$1 -> 8.7647134 | AR91: =+'YR REPORTS'!AN54/$AO$1 -> 14.189772 | AS91: =+'YR REPORTS'!AO54/$AO$1 -> 22.499016 | AT91: =+'YR REPORTS'!AP54/$AO$1 -> 34.024434 | AU91: =+'YR REPORTS'!AQ54/$AO$1 -> 47.13192 | AV91: =+'YR REPORTS'!AR54/$AO$1 -> 58.144007 | ... AZ91: =+'YR REPORTS'!AV54/$AO$1 -> 79.91834
A92: REVENUE | B92: =+'YR REPORTS'!D88/$B$1 -> 1.6917065 | C92: =+'YR REPORTS'!E88/$B$1 -> 3.4985901 | D92: =+'YR REPORTS'!F88/$B$1 -> 5.4847975 | E92: =+'YR REPORTS'!G88/$B$1 -> 9.095183 | F92: =+'YR REPORTS'!H88/$B$1 -> 17.611049 | G92: =+'YR REPORTS'!I88/$B$1 -> 35.184952 | H92: =+'YR REPORTS'!J88/$B$1 -> 52.654191 | I92: =+'YR REPORTS'!K88/$B$1 -> 63.1369 | ... M92: =+'YR REPORTS'!O88/$B$1 -> 79.639331 | X92: REVENUE | Y92: =+'YR REPORTS'!U88/$Y$1 -> 1.6577643 | Z92: =+'YR REPORTS'!V88/$Y$1 -> 3.3155285 | AA92: =+'YR REPORTS'!W88/$Y$1 -> 5.2725984 | AB92: =+'YR REPORTS'!X88/$Y$1 -> 9.8702119 | AC92: =+'YR REPORTS'!Y88/$Y$1 -> 17.615518 | AD92: =+'YR REPORTS'!Z88/$Y$1 -> 29.046648 | AE92: =+'YR REPORTS'!AA88/$Y$1 -> 42.111027 | AF92: =+'YR REPORTS'!AB88/$Y$1 -> 52.81989 | ... AJ92: =+'YR REPORTS'!AF88/$Y$1 -> 70.606884 | AN92: REVENUE | AO92: =+'YR REPORTS'!AK88/$AO$1 -> 1.6686411 | AP92: =+'YR REPORTS'!AL88/$AO$1 -> 3.3372822 | AQ92: =+'YR REPORTS'!AM88/$AO$1 -> 5.3076391 | AR92: =+'YR REPORTS'!AN88/$AO$1 -> 9.9391381 | AS92: =+'YR REPORTS'!AO88/$AO$1 -> 17.743033 | AT92: =+'YR REPORTS'!AP88/$AO$1 -> 29.26153 | AU92: =+'YR REPORTS'!AQ88/$AO$1 -> 42.42606 | AV92: =+'YR REPORTS'!AR88/$AO$1 -> 53.216841 | ... AZ92: =+'YR REPORTS'!AV88/$AO$1 -> 71.134788
A112: PGC MTH AND CUMULATIVE GAS COST RECOVERY ($M) | B112: 40360 | C112: 40391 | D112: 40422 | E112: 40452 | F112: 40483 | G112: 40513 | H112: 40544 | I112: 40575 | J112: 40603 | K112: 40634 | L112: 40664 | M112: 40695 | N112: 1011 | X112: PGC MTH RECOVERY AND CUMULATIVE RECOVERY ($M) | Y112: 40725 | Z112: 40756 | AA112: 40787 | AB112: 40817 | AC112: 40848 | AD112: 40878 | AE112: 40909 | AF112: 40940 | AG112: 40969 | AH112: 41000 | AI112: 41030 | AJ112: 41061 | AK112: 1112 | AN112: PGC MTH RECOVERY AND CUMULATIVE RECOVERY ($M) | AO112: 41091 | AP112: 41122 | AQ112: 41153 | AR112: 41183 | AS112: 41214 | AT112: 41244 | AU112: 41275 | AV112: 41306 | AW112: 41334 | AX112: 41365 | AY112: 41395 | AZ112: 41426
A113: MONTH | B113: =+'YR REPORTS'!D89/$B$1 -> -0.93059763 | C113: =+'YR REPORTS'!E89/$B$1 -> -0.96529025 | D113: =+'YR REPORTS'!F89/$B$1 -> -0.3178275 | E113: =+'YR REPORTS'!G89/$B$1 -> 0.15967331 | F113: =+'YR REPORTS'!H89/$B$1 -> 2.2951809 | G113: =+'YR REPORTS'!I89/$B$1 -> 5.1436817 | H113: =+'YR REPORTS'!J89/$B$1 -> 3.2966047 | I113: =+'YR REPORTS'!K89/$B$1 -> 1.5548949 | ... M113: =+'YR REPORTS'!O89/$B$1 -> -1.0204908 | X113: MONTH | Y113: =+'YR REPORTS'!U89/$Y$1 -> -1.2697011 | Z113: =+'YR REPORTS'!V89/$Y$1 -> -1.2952816 | AA113: =+'YR REPORTS'!W89/$Y$1 -> -1.0083527 | AB113: =+'YR REPORTS'!X89/$Y$1 -> -0.40334503 | AC113: =+'YR REPORTS'!Y89/$Y$1 -> 0.30334691 | AD113: =+'YR REPORTS'!Z89/$Y$1 -> 0.87350578 | AE113: =+'YR REPORTS'!AA89/$Y$1 -> 1.0891048 | AF113: =+'YR REPORTS'!AB89/$Y$1 -> 0.61304278 | ... AJ113: =+'YR REPORTS'!AF89/$Y$1 -> -1.2927967 | AN113: MONTH | AO113: =+'YR REPORTS'!AK89/$AO$1 -> -1.3654299 | AP113: =+'YR REPORTS'!AL89/$AO$1 -> -1.3931631 | AQ113: =+'YR REPORTS'!AM89/$AO$1 -> -1.2184813 | AR113: =+'YR REPORTS'!AN89/$AO$1 -> -0.85355957 | AS113: =+'YR REPORTS'!AO89/$AO$1 -> -0.53534973 | AT113: =+'YR REPORTS'!AP89/$AO$1 -> -0.0069206844 | AU113: =+'YR REPORTS'!AQ89/$AO$1 -> 0.057043971 | AV113: =+'YR REPORTS'!AR89/$AO$1 -> -0.22130658 | ... AZ113: =+'YR REPORTS'!AV89/$AO$1 -> -1.4736781
A114: CUMULATIVE | B114: =+'YR REPORTS'!D90/$B$1 -> 0.18873146 | C114: =+'YR REPORTS'!E90/$B$1 -> -0.77655879 | D114: =+'YR REPORTS'!F90/$B$1 -> -1.0943863 | E114: =+'YR REPORTS'!G90/$B$1 -> -0.93471298 | F114: =+'YR REPORTS'!H90/$B$1 -> 1.3604679 | G114: =+'YR REPORTS'!I90/$B$1 -> 6.5041496 | H114: =+'YR REPORTS'!J90/$B$1 -> 9.8007544 | I114: =+'YR REPORTS'!K90/$B$1 -> 11.355649 | ... M114: =+'YR REPORTS'!O90/$B$1 -> 8.3582289 | X114: CUMULATIVE | Y114: =+'YR REPORTS'!U90/$Y$1 -> 7.0885279 | Z114: =+'YR REPORTS'!V90/$Y$1 -> 5.7932463 | AA114: =+'YR REPORTS'!W90/$Y$1 -> 4.7848936 | AB114: =+'YR REPORTS'!X90/$Y$1 -> 4.3815486 | AC114: =+'YR REPORTS'!Y90/$Y$1 -> 4.6848955 | AD114: =+'YR REPORTS'!Z90/$Y$1 -> 5.5584012 | AE114: =+'YR REPORTS'!AA90/$Y$1 -> 6.6475061 | AF114: =+'YR REPORTS'!AB90/$Y$1 -> 7.2605489 | ... AJ114: =+'YR REPORTS'!AF90/$Y$1 -> 4.4646854 | AN114: CUMULATIVE | AO114: =+'YR REPORTS'!AK90/$AO$1 -> 3.0992555 | AP114: =+'YR REPORTS'!AL90/$AO$1 -> 1.7060924 | AQ114: =+'YR REPORTS'!AM90/$AO$1 -> 0.48761109 | AR114: =+'YR REPORTS'!AN90/$AO$1 -> -0.36594848 | AS114: =+'YR REPORTS'!AO90/$AO$1 -> -0.90129821 | AT114: =+'YR REPORTS'!AP90/$AO$1 -> -0.9082189 | AU114: =+'YR REPORTS'!AQ90/$AO$1 -> -0.85117492 | AV114: =+'YR REPORTS'!AR90/$AO$1 -> -1.0724815 | ... AZ114: =+'YR REPORTS'!AV90/$AO$1 -> -5.498866
A138: Cumulative PGC Recovery % of Total PGC Costs (w/o CIS Demand) | B138: 40360 | C138: 40391 | D138: 40422 | E138: 40452 | F138: 40483 | G138: 40513 | H138: 40544 | I138: 40575 | J138: 40603 | K138: 40634 | L138: 40664 | M138: 40695 | N138: 1011
A139: CUMULATIVE | B139: =+'YR REPORTS'!D91 -> 0.0025630207 | C139: =+'YR REPORTS'!E91 -> -0.010545864 | D139: =+'YR REPORTS'!F91 -> -0.014862041 | E139: =+'YR REPORTS'!G91 -> -0.012693637 | F139: =+'YR REPORTS'!H91 -> 0.018475497 | G139: =+'YR REPORTS'!I91 -> 0.088327988 | H139: =+'YR REPORTS'!J91 -> 0.13309671 | I139: =+'YR REPORTS'!K91 -> 0.15421257 | ... M139: =+'YR REPORTS'!O91 -> 0.11350685
A214: PGC CUML SALES VARIANCES | B214: 38899 | C214: 38930 | D214: 38961 | E214: 38991 | F214: 39022 | G214: 39052 | H214: 39083 | I214: 39114 | J214: 39142 | K214: 39173 | L214: 39203 | M214: 39234
A215: PGC MTH ACTUAL | B215: =+MCFS!D144 -> -26874.562 | C215: =+MCFS!E144 -> -37556.424 | D215: =+MCFS!F144 -> -69338.49 | E215: =+MCFS!G144 -> -286285.68 | F215: =+MCFS!H144 -> -314048.54
A216: PGC MTH NRMLZD | B216: =+MCFS!D148 -> -26874.562 | C216: =+MCFS!E148 -> -37556.424 | D216: =+MCFS!F148 -> -69338.49 | E216: =+MCFS!G148 -> -234268.75 | F216: =+MCFS!H148 -> -350953.19

Sheet NONPGC GRAPHS
A1: FACTOR | B1: 1000000
A3: NON-PGC MTH DEMAND & COMMODITY COSTS | B3: 40360 | C3: 40391 | D3: 40422 | E3: 40452 | F3: 40483 | G3: 40513 | H3: 40544 | I3: 40575 | J3: 40603 | K3: 40634 | L3: 40664 | M3: 40695 | N3: 1011 TOTALS
A4: DEMAND | B4: =+'YR REPORTS'!D70/'NONPGC GRAPHS'!$B$1 -> 0.15191705 | C4: =+'YR REPORTS'!E70/'NONPGC GRAPHS'!$B$1 -> 0.14784145 | D4: =+'YR REPORTS'!F70/'NONPGC GRAPHS'!$B$1 -> 0.12527559 | E4: =+'YR REPORTS'!G70/'NONPGC GRAPHS'!$B$1 -> 0.153586 | F4: =+'YR REPORTS'!H70/'NONPGC GRAPHS'!$B$1 -> 0.15768149 | G4: =+'YR REPORTS'!I70/'NONPGC GRAPHS'!$B$1 -> 0.14046796 | H4: =+'YR REPORTS'!J70/'NONPGC GRAPHS'!$B$1 -> 0.14930082 | I4: =+'YR REPORTS'!K70/'NONPGC GRAPHS'!$B$1 -> 0.14912612 | ... N4: =+'YR REPORTS'!P70/'NONPGC GRAPHS'!$B$1 -> 1.7417588
A5: COMMODITY | B5: =+'YR REPORTS'!D69/'NONPGC GRAPHS'!$B$1 -> 1.1779247 | C5: =+'YR REPORTS'!E69/'NONPGC GRAPHS'!$B$1 -> 1.2330017 | D5: =+'YR REPORTS'!F69/'NONPGC GRAPHS'!$B$1 -> 1.0240681 | E5: =+'YR REPORTS'!G69/'NONPGC GRAPHS'!$B$1 -> 1.183524 | F5: =+'YR REPORTS'!H69/'NONPGC GRAPHS'!$B$1 -> 1.3481576 | G5: =+'YR REPORTS'!I69/'NONPGC GRAPHS'!$B$1 -> 2.0066264 | H5: =+'YR REPORTS'!J69/'NONPGC GRAPHS'!$B$1 -> 2.1115288 | I5: =+'YR REPORTS'!K69/'NONPGC GRAPHS'!$B$1 -> 1.6964196 | ... N5: =+'YR REPORTS'!P69/'NONPGC GRAPHS'!$B$1 -> 17.052131
A30: LVS UNIT DEMAND & COMMODITY
A31: DEMAND | B31: =+'YR REPORTS'!D70 -> 151917.05 | C31: =+'YR REPORTS'!E70 -> 147841.45 | D31: =+'YR REPORTS'!F70 -> 125275.59 | E31: =+'YR REPORTS'!G70 -> 153586 | F31: =+'YR REPORTS'!H70 -> 157681.49 | G31: =+'YR REPORTS'!I70 -> 140467.96 | H31: =+'YR REPORTS'!J70 -> 149300.82 | I31: =+'YR REPORTS'!K70 -> 149126.12 | ... M31: =+'YR REPORTS'!O70 -> 151308.73
A32: UNIT DEMAND | B32: =B31/MCFS!D95 -> 0.7576948 | C32: =C31/MCFS!E95 -> 0.72575537 | D32: =D31/MCFS!F95 -> 0.56122028 | E32: =E31/MCFS!G95 -> 0.60414364 | F32: =F31/MCFS!H95 -> 0.50554203 | G32: =G31/MCFS!I95 -> 0.36643934 | H32: =H31/MCFS!J95 -> 0.36269984 | I32: =I31/MCFS!K95 -> 0.45622497 | J32: =J31/MCFS!L58 -> 0.46854782 | K32: =K31/MCFS!M58 -> 0.50643565 | L32: =L31/MCFS!N58 -> 0.70331677 | M32: =M31/MCFS!O58 -> 0.77793692

Sheet TOTAL GRAPHS
A1: FACTOR | B1: 1000000
A3: PGC AND NON-PGC MTH COMMODITY & DEMAND GAS COSTS | B3: 40360 | C3: 40391 | D3: 40422 | E3: 40452 | F3: 40483 | G3: 40513 | H3: 40544 | I3: 40575 | J3: 40603 | K3: 40634 | L3: 40664 | M3: 40695 | N3: 1011Totals
A4: PGC COMMODITY | B4: ='YR REPORTS'!D33/'TOTAL GRAPHS'!$B$1 -> 1.1993578 | C4: ='YR REPORTS'!E33/'TOTAL GRAPHS'!$B$1 -> 1.2738409 | D4: ='YR REPORTS'!F33/'TOTAL GRAPHS'!$B$1 -> 0.91086871 | E4: ='YR REPORTS'!G33/'TOTAL GRAPHS'!$B$1 -> 1.9624829 | F4: ='YR REPORTS'!H33/'TOTAL GRAPHS'!$B$1 -> 4.7131236 | G4: ='YR REPORTS'!I33/'TOTAL GRAPHS'!$B$1 -> 13.20873 | H4: ='YR REPORTS'!J33/'TOTAL GRAPHS'!$B$1 -> 12.704318 | I4: ='YR REPORTS'!K33/'TOTAL GRAPHS'!$B$1 -> 7.4731872 | ... N4: ='YR REPORTS'!P33/'TOTAL GRAPHS'!$B$1 -> 56.760866
A5: PGC DEMAND | B5: =+'YR REPORTS'!D35/$B$1 -> 1.3007835 | C5: =+'YR REPORTS'!E35/$B$1 -> 1.2953201 | D5: =+'YR REPORTS'!F35/$B$1 -> 1.3113709 | E5: =+'YR REPORTS'!G35/$B$1 -> 1.4813081 | F5: =+'YR REPORTS'!H35/$B$1 -> 1.4645438 | G5: =+'YR REPORTS'!I35/$B$1 -> 1.477029 | H5: =+'YR REPORTS'!J35/$B$1 -> 1.4755951 | I5: =+'YR REPORTS'!K35/$B$1 -> 1.454627 | ... N5: =+'YR REPORTS'!P35/$B$1 -> 16.875472
A6: NON-PGC COMMODITY | B6: =+'YR REPORTS'!D69/'TOTAL GRAPHS'!$B$1 -> 1.1779247 | C6: =+'YR REPORTS'!E69/'TOTAL GRAPHS'!$B$1 -> 1.2330017 | D6: =+'YR REPORTS'!F69/'TOTAL GRAPHS'!$B$1 -> 1.0240681 | E6: =+'YR REPORTS'!G69/'TOTAL GRAPHS'!$B$1 -> 1.183524 | F6: =+'YR REPORTS'!H69/'TOTAL GRAPHS'!$B$1 -> 1.3481576 | G6: =+'YR REPORTS'!I69/'TOTAL GRAPHS'!$B$1 -> 2.0066264 | H6: =+'YR REPORTS'!J69/'TOTAL GRAPHS'!$B$1 -> 2.1115288 | I6: =+'YR REPORTS'!K69/'TOTAL GRAPHS'!$B$1 -> 1.6964196 | ... N6: =+'YR REPORTS'!P69/'TOTAL GRAPHS'!$B$1 -> 17.052131
A7: NON-PGC DEMAND | B7: =+'YR REPORTS'!D70/$B$1 -> 0.15191705 | C7: =+'YR REPORTS'!E70/$B$1 -> 0.14784145 | D7: =+'YR REPORTS'!F70/$B$1 -> 0.12527559 | E7: =+'YR REPORTS'!G70/$B$1 -> 0.153586 | F7: =+'YR REPORTS'!H70/$B$1 -> 0.15768149 | G7: =+'YR REPORTS'!I70/$B$1 -> 0.14046796 | H7: =+'YR REPORTS'!J70/$B$1 -> 0.14930082 | I7: =+'YR REPORTS'!K70/$B$1 -> 0.14912612 | ... N7: =+'YR REPORTS'!P70/$B$1 -> 1.7417588
A35: TOTAL MTH COMMODITY & DEMAND GAS COSTS | B35: 40360 | C35: 40391 | D35: 40422 | E35: 40452 | F35: 40483 | G35: 40513 | H35: 40544 | I35: 40575 | J35: 40603 | K35: 40634 | L35: 40664 | M35: 40695 | N35: 1011Totals
A36: COMMODITY | B36: ='YR REPORTS'!D19/$B$1 -> 2.3772825 | C36: ='YR REPORTS'!E19/$B$1 -> 2.5068426 | D36: ='YR REPORTS'!F19/$B$1 -> 1.9349368 | E36: ='YR REPORTS'!G19/$B$1 -> 3.1460069 | F36: ='YR REPORTS'!H19/$B$1 -> 6.0612813 | G36: ='YR REPORTS'!I19/$B$1 -> 15.215357 | H36: ='YR REPORTS'!J19/$B$1 -> 14.815847 | I36: ='YR REPORTS'!K19/$B$1 -> 9.1696068 | ... N36: ='YR REPORTS'!P19/$B$1 -> 73.812997
A37: DEMAND | B37: =+'YR REPORTS'!D20/'TOTAL GRAPHS'!$B$1 -> 1.5974465 | C37: =+'YR REPORTS'!E20/'TOTAL GRAPHS'!$B$1 -> 1.5900935 | D37: =+'YR REPORTS'!F20/'TOTAL GRAPHS'!$B$1 -> 1.5825439 | E37: =+'YR REPORTS'!G20/'TOTAL GRAPHS'!$B$1 -> 1.7833861 | F37: =+'YR REPORTS'!H20/'TOTAL GRAPHS'!$B$1 -> 1.7758344 | G37: =+'YR REPORTS'!I20/'TOTAL GRAPHS'!$B$1 -> 1.7708179 | H37: =+'YR REPORTS'!J20/'TOTAL GRAPHS'!$B$1 -> 1.7802713 | I37: =+'YR REPORTS'!K20/'TOTAL GRAPHS'!$B$1 -> 1.7559764 | ... N37: =+'YR REPORTS'!P20/'TOTAL GRAPHS'!$B$1 -> 20.426059
A66: TOTAL MTH GAS COSTS | B66: 40360 | C66: 40391 | D66: 40422 | E66: 40452 | F66: 40483 | G66: 40513 | H66: 40544 | I66: 40575 | J66: 40603 | K66: 40634 | L66: 40664 | M66: 40695 | N66: 1011Totals
A67: TOTAL MTH GAS COSTS | B67: =+'YR REPORTS'!D23/'TOTAL GRAPHS'!$B$1 -> 3.9747289 | C67: =+'YR REPORTS'!E23/'TOTAL GRAPHS'!$B$1 -> 4.0969361 | D67: =+'YR REPORTS'!F23/'TOTAL GRAPHS'!$B$1 -> 3.5174807 | E67: =+'YR REPORTS'!G23/'TOTAL GRAPHS'!$B$1 -> 4.929393 | F67: =+'YR REPORTS'!H23/'TOTAL GRAPHS'!$B$1 -> 7.8371157 | G67: =+'YR REPORTS'!I23/'TOTAL GRAPHS'!$B$1 -> 16.986175 | H67: =+'YR REPORTS'!J23/'TOTAL GRAPHS'!$B$1 -> 16.596118 | I67: =+'YR REPORTS'!K23/'TOTAL GRAPHS'!$B$1 -> 10.925583 | ... N67: =+'YR REPORTS'!P23/'TOTAL GRAPHS'!$B$1 -> 92.591799
A97: PGC AND NON-PGC MTH REQUIREMENTS | B97: 40360 | C97: 40391 | D97: 40422 | E97: 40452 | F97: 40483 | G97: 40513 | H97: 40544 | I97: 40575 | J97: 40603 | K97: 40634 | L97: 40664 | M97: 40695 | N97: 1011Totals
A98: PGC | B98: =+'YR REPORTS'!D10 -> 238580.8 | C98: =+'YR REPORTS'!E10 -> 254773.5 | D98: =+'YR REPORTS'!F10 -> 279880 | E98: =+'YR REPORTS'!G10 -> 504923 | F98: =+'YR REPORTS'!H10 -> 1182529.3 | G98: =+'YR REPORTS'!I10 -> 2571218.2 | H98: =+'YR REPORTS'!J10 -> 2556244 | I98: =+'YR REPORTS'!K10 -> 1644464.4 | ... N98: =+'YR REPORTS'!P10 -> 11844756
A99: NON-PGC | B99: =+'YR REPORTS'!D11 -> 221336 | C99: =+'YR REPORTS'!E11 -> 228946.3 | D99: =+'YR REPORTS'!F11 -> 247884 | E99: =+'YR REPORTS'!G11 -> 272765 | F99: =+'YR REPORTS'!H11 -> 329173.8 | G99: =+'YR REPORTS'!I11 -> 419536.6 | H99: =+'YR REPORTS'!J11 -> 444747 | I99: =+'YR REPORTS'!K11 -> 352434.3 | ... N99: =+'YR REPORTS'!P11 -> 3627269.8

Sheet NON-PGC HEDGE 
A1: Days | B1: 31 | C1: 31 | D1: 30 | E1: 31 | F1: 30 | G1: 31 | H1: 31 | I1: 28 | J1: 31 | K1: 30 | L1: 31 | M1: 30
A2: LVS Hedge | B2: 40360 | C2: 40391 | D2: 40422 | E2: 40452 | F2: 40483 | G2: 40513 | H2: 40544 | I2: 40575 | J2: 40603 | K2: 40634 | L2: 40664 | M2: 40695 | N2: FY1011
A3: Dominion Packaging - Cunningham | F3: 4858 | G3: 5832.1 | H3: =59898/10 -> 5989.8 | I3: 5484.8 | J3: 6132.9
A4: HandCraft Services - Moore | F4: =1506.1+2816.1 -> 4322.2 | G4: =1627.1+3375.8 -> 5002.9 | H4: =3229.3+1718.4 -> 4947.7 | I4: =1479.4+2936.5 -> 4415.9 | J4: =1683.2+3209.8 -> 4893
A5: HCA - Chippenham - Edwards | F5: 8989.2 | G5: 11089.5 | H5: 9369 | I5: 8497 | J5: 8246
A6: HCA - Forest - Moore | F6: 6168 | G6: =10468.2 -> 10468.2 | H6: 9168.3 | I6: =7585.5 -> 7585.5 | J6: =8168.9 -> 8168.9
A7: HCA - Parham - Moore | F7: 4383 | G7: =5587.2 -> 5587.2 | H7: 4904.7 | I7: =4218.6 -> 4218.6 | J7: =4773 -> 4773
A8: HCA - Retreat - Edwards | F8: 2305 | G8: 3322.8 | H8: 2756 | I8: 2552 | J8: 2475
A9: Henrico Co - Bldgs-Grnds - Moore | F9: =771+955.4 -> 1726.4 | G9: =1474.8+1271.3 -> 2746.1 | H9: =871.3+1254.5 -> 2125.8 | I9: =1068.6+1048.1 -> 2116.7 | J9: =1159.4+908.5 -> 2067.9
A10: Henrico Co - Sheriff - Moore | F10: 1602.6 | G10: 2084 | H10: 1818.9 | I10: =1502.8 -> 1502.8 | J10: =1515.7 -> 1515.7
A11: Pfizer (Wyeth Pharm) - Moore | F11: =4826.3+16448.1 -> 21274.4 | G11: =12829.9+20536.1 -> 33366 | H11: =10331.7+16806.1 -> 27137.8 | I11: =9492.6+13838.9 -> 23331.5 | J11: =10133.7+13654.4 -> 23788.1 | L11: =(64080+100648+12011)/10 -> 17673.9 | M11: =(59821+106465+11448)/10 -> 17773.4
A12: St. Mary's Hosp - Edwards | F12: 10991 | G12: 12877.8 | H12: 8984 | I12: 9242 | J12: 9121
A13: Ukrop's Homestyle Foods - Edwards | F13: 2096.3 | G13: 3294.6 | H13: 2527 | I13: 2596 | J13: 1956
A14: VCU - Edwards | F14: 16511.1 | G14: 26767 | H14: 32010 | I14: 30950 | J14: 22948
A15: Virg. Hosp. Laundry - Edwards | F15: 3560.7 | G15: 3564.1 | H15: 3000 | I15: 2800 | J15: 2500
A16: World Color-Quebecor - Moore | F16: 15407 | G16: 24459 | H16: 17914 | I16: 16691 | J16: 17588 | L16: =95080/10 -> 9508 | M16: =95590/10 -> 9559
A22: TOTAL MCFS | F22: =SUM(F3:F16) -> 104194.9 | G22: =SUM(G3:G16) -> 150461.3 | H22: =SUM(H3:H16) -> 132653 | I22: =SUM(I3:I16) -> 121983.8 | J22: =SUM(J3:J16) -> 116173.5 | N22: =SUM(F22:J22) -> 625466.5
A23: DAILY MCFS | F23: =F22/F1 -> 3473.1633 | G23: =G22/G1 -> 4853.5903 | H23: =H22/H1 -> 4279.129 | I23: =I22/I1 -> 4356.5643 | J23: =J22/J1 -> 3747.5323 | N23: =N22/151 -> 4142.1623
A25: HEDGED DTHS | F25: 135000 | G25: 170500 | H25: 170500 | I25: 154000 | J25: 139500 | N25: =SUM(F25:J25) -> 769500
A26: HEDGED DAILY DTHS @ COR (4% PIPELINE LOSS) | B26: =B25*0.95 -> 0 | C26: =C25*0.95 -> 0 | D26: =D25*0.95 -> 0 | E26: =E25*0.95 -> 0 | F26: =F25*0.96 -> 129600 | G26: =G25*0.96 -> 163680 | H26: =H25*0.96 -> 163680 | I26: =I25*0.96 -> 147840 | J26: =J25*0.96 -> 133920
A27: HEDGED DTHS @ BURNERTIP (2.5% COR LOSS) | B27: =B26*0.95 -> 0 | C27: =C26*0.95 -> 0 | D27: =D26*0.95 -> 0 | E27: =E26*0.95 -> 0 | F27: =F26*0.975 -> 126360 | G27: =G26*0.975 -> 159588 | H27: =H26*0.975 -> 159588 | I27: =I26*0.975 -> 144144 | J27: =J26*0.975 -> 130572
A28: HEDGED MCFS | B28: =B27/1.04 -> 0 | C28: =C27/1.04 -> 0 | D28: =D27/1.04 -> 0 | E28: =E27/1.04 -> 0 | F28: =F27/1.04 -> 121500 | G28: =G27/1.04 -> 153450 | H28: =H27/1.04 -> 153450 | I28: =I27/1.04 -> 138600 | J28: =J27/1.04 -> 125550 | N28: =SUM(B28:J28) -> 692550
A29: MCF DIFFERENCE | F29: =F28-F22 -> 17305.1 | G29: =G28-G22 -> 2988.7 | H29: =H28-H22 -> 20797 | I29: =I28-I22 -> 16616.2 | J29: =J28-J22 -> 9376.5
A30: MCF HEDGED PRICE | F30: 4.72 | G30: 4.72 | H30: 4.72 | I30: 4.72 | J30: 4.72
A31: MCF WACOG | F31: =+'YR REPORTS'!H67 -> 3.7302618 | G31: =+'YR REPORTS'!I67 -> 4.819267 | H31: =+'YR REPORTS'!J67 -> 4.7623037 | I31: =+'YR REPORTS'!K67 -> 4.8739965 | J31: =+'YR REPORTS'!L67 -> 4.2898429
A32: HEDGE VS WACOG | F32: =F31-F30 -> -0.98973822 | G32: =G31-G30 -> 0.099267016 | H32: =H31-H30 -> 0.042303665 | I32: =I31-I30 -> 0.15399651 | J32: =J31-J30 -> -0.43015707
A33: HEDGE VS ACTUAL COSTS | F33: =F29*F32 -> -17127.519 | G33: =G29*G32 -> 296.67933 | H33: =H29*H32 -> 879.78932 | I33: =I29*I32 -> 2558.8368 | J33: =J29*J32 -> -4033.3677 | N33: =SUM(B33:J33) -> -17425.581
A34: CUMULATIVE HEDGE VS ACTUAL COSTS | B34: =B33 -> 0 | C34: =C33+B34 -> 0 | D34: =D33+C34 -> 0 | E34: =E33+D34 -> 0 | F34: =F33+E34 -> -17127.519 | G34: =G33+F34 -> -16830.84 | H34: =H33+G34 -> -15951.05 | I34: =I33+H34 -> -13392.213 | J34: =J33+I34 -> -17425.581
A36: Moore, Flossie - DPU
A37: Edwards, Yolanda W. - DPU
A38: Cunningham, Carolyn G. - DPU

Sheet MCFS
C1: NORMAL & ACTUAL DEGREE DAYS | D1: 40360 | E1: 40391 | F1: 40422 | G1: 40452 | H1: 40483 | I1: 40513 | J1: 40544 | K1: 40575 | L1: 40603 | M1: 40634 | N1: 40664 | O1: 40695 | P1: 1011 TOTALS | R1: DEGDAY ADJ | S1: NORMAL & ACTUAL DEGREE DAYS | T1: 40725 | U1: 40756 | V1: 40787 | W1: 40817 | X1: 40848 | Y1: 40878 | Z1: 40909 | AA1: 40940 | AB1: 40969 | AC1: 41000 | AD1: 41030 | AE1: 41061 | AF1: 1112 TOTALS | AH1: DEGDAY ADJ | AI1: NORMAL & ACTUAL DEGREE DAYS | AJ1: 41091 | AK1: 41122 | AL1: 41153 | AM1: 41183 | AN1: 41214 | AO1: 41244 | AP1: 41275 | AQ1: 41306 | AR1: 41334 | AS1: 41365 | AT1: 41395 | AU1: 41426 | AV1: 1213 TOTALS
B2: -0.15 | C2: NORMAL MTH DD (PROJECTED) | D2: 0 | E2: 0 | F2: =27*(1+B2) -> 22.95 | G2: =225*(1+B2) -> 191.25 | H2: =470*(1+B2) -> 399.5 | I2: =748*(1+B2) -> 635.8 | J2: =873*(1+B2) -> 742.05 | K2: =705*(1+B2) -> 599.25 | L2: =528*(1+B2) -> 448.8 | M2: =254*(1+B2) -> 215.9 | N2: =80*(1+B2) -> 68 | O2: 0 | P2: =SUM(D2:O2) -> 3323.5 | R2: -0.15 | S2: NORMAL MTH DD (PROJECTED) | T2: 0 | U2: 0 | V2: =27*(1+R2) -> 22.95 | W2: =225*(1+R2) -> 191.25 | X2: =470*(1+R2) -> 399.5 | Y2: =748*(1+R2) -> 635.8 | Z2: =873*(1+R2) -> 742.05 | AA2: =705*(1+R2) -> 599.25 | AB2: =528*(1+R2) -> 448.8 | AC2: =254*(1+R2) -> 215.9 | AD2: =80*(1+R2) -> 68 | AE2: 0 | AF2: =SUM(T2:AE2) -> 3323.5 | AH2: -0.15 | AI2: NORMAL MTH DD (PROJECTED) | AJ2: 0 | AK2: 0 | AL2: =27*(1+AH2) -> 22.95 | AM2: =225*(1+AH2) -> 191.25 | AN2: =470*(1+AH2) -> 399.5 | AO2: =748*(1+AH2) -> 635.8 | AP2: =873*(1+AH2) -> 742.05 | AQ2: =705*(1+AH2) -> 599.25 | AR2: =528*(1+AH2) -> 448.8 | AS2: =254*(1+AH2) -> 215.9 | AT2: =80*(1+AH2) -> 68 | AU2: 0 | AV2: =SUM(AJ2:AU2) -> 3323.5
C3: ACTUAL MTH DD (NWS) | D3: 0 | E3: 0 | F3: 1 | G3: 158 | H3: 442 | I3: 976 | J3: 942 | K3: 559 | L3: 500 | M3: 170 | N3: 35 | S3: ACTUAL MTH DD (ACCUWEATHER) | T3: 0 | U3: 0 | AI3: ACTUAL MTH DD (ACCUWEATHER) | AJ3: 0 | AK3: 0
C4: MTH DD DIFF | F4: =F3-F2 -> -21.95 | G4: =G3-G2 -> -33.25 | H4: =H3-H2 -> 42.5 | I4: =I3-I2 -> 340.2 | J4: =J3-J2 -> 199.95 | K4: =K3-K2 -> -40.25 | L4: =L3-L2 -> 51.2 | M4: =M3-M2 -> -45.9 | N4: =N3-N2 -> -33 | P4: =SUM(D4:O4) -> 459.5 | S4: MTH DD DIFF | V4: =V3-V2 -> -22.95 | W4: =W3-W2 -> -191.25 | X4: =X3-X2 -> -399.5 | Y4: =Y3-Y2 -> -635.8 | Z4: =Z3-Z2 -> -742.05 | AA4: =AA3-AA2 -> -599.25 | AB4: =AB3-AB2 -> -448.8 | AC4: =AC3-AC2 -> -215.9 | AD4: =AD3-AD2 -> -68 | AF4: =SUM(T4:AE4) -> -3323.5 | AI4: MTH DD DIFF | AL4: =AL3-AL2 -> -22.95 | AM4: =AM3-AM2 -> -191.25 | AN4: =AN3-AN2 -> -399.5 | AO4: =AO3-AO2 -> -635.8 | AP4: =AP3-AP2 -> -742.05 | AQ4: =AQ3-AQ2 -> -599.25 | AR4: =AR3-AR2 -> -448.8 | AS4: =AS3-AS2 -> -215.9 | AT4: =AT3-AT2 -> -68 | AV4: =SUM(AJ4:AU4) -> -3323.5
C5: % MTH DD DIFF | F5: =F4/F2 -> -0.95642702 | G5: =G4/G2 -> -0.17385621 | H5: =H4/H2 -> 0.10638298 | I5: =I4/I2 -> 0.53507392 | J5: =J4/J2 -> 0.26945624 | K5: =K4/K2 -> -0.067167292 | L5: =L4/L2 -> 0.114082 | M5: =M4/M2 -> -0.21259843 | N5: =N4/N2 -> -0.48529412 | S5: % MTH DD DIFF | V5: =V4/V2 -> -1 | W5: =W4/W2 -> -1 | X5: =X4/X2 -> -1 | Y5: =Y4/Y2 -> -1 | Z5: =Z4/Z2 -> -1 | AA5: =AA4/AA2 -> -1 | AB5: =AB4/AB2 -> -1 | AC5: =AC4/AC2 -> -1 | AD5: =AD4/AD2 -> -1 | AI5: % MTH DD DIFF | AL5: =AL4/AL2 -> -1 | AM5: =AM4/AM2 -> -1 | AN5: =AN4/AN2 -> -1 | AO5: =AO4/AO2 -> -1 | AP5: =AP4/AP2 -> -1 | AQ5: =AQ4/AQ2 -> -1 | AR5: =AR4/AR2 -> -1 | AS5: =AS4/AS2 -> -1 | AT5: =AT4/AT2 -> -1
C6: YTD NORMAL DD | F6: =F2 -> 22.95 | G6: =F6+G2 -> 214.2 | H6: =G6+H2 -> 613.7 | I6: =H6+I2 -> 1249.5 | J6: =I6+J2 -> 1991.55 | K6: =J6+K2 -> 2590.8 | L6: =K6+L2 -> 3039.6 | M6: =L6+M2 -> 3255.5 | N6: =M6+N2 -> 3323.5 | S6: YTD NORMAL DD | V6: =V2 -> 22.95 | W6: =V6+W2 -> 214.2 | X6: =W6+X2 -> 613.7 | Y6: =X6+Y2 -> 1249.5 | Z6: =Y6+Z2 -> 1991.55 | AA6: =Z6+AA2 -> 2590.8 | AB6: =AA6+AB2 -> 3039.6 | AC6: =AB6+AC2 -> 3255.5 | AD6: =AC6+AD2 -> 3323.5 | AI6: YTD NORMAL DD | AL6: =AL2 -> 22.95 | AM6: =AL6+AM2 -> 214.2 | AN6: =AM6+AN2 -> 613.7 | AO6: =AN6+AO2 -> 1249.5 | AP6: =AO6+AP2 -> 1991.55 | AQ6: =AP6+AQ2 -> 2590.8 | AR6: =AQ6+AR2 -> 3039.6 | AS6: =AR6+AS2 -> 3255.5 | AT6: =AS6+AT2 -> 3323.5
C7: YTD ACTUAL DD | F7: =F3 -> 1 | G7: =F7+G3 -> 159 | H7: =G7+H3 -> 601 | I7: =H7+I3 -> 1577 | J7: =I7+J3 -> 2519 | K7: =J7+K3 -> 3078 | L7: =K7+L3 -> 3578 | M7: =L7+M3 -> 3748 | N7: =M7+N3 -> 3783 | S7: YTD ACTUAL DD | V7: =V3 -> 0 | W7: =V7+W3 -> 0 | X7: =W7+X3 -> 0 | Y7: =X7+Y3 -> 0 | Z7: =Y7+Z3 -> 0 | AA7: =Z7+AA3 -> 0 | AB7: =AA7+AB3 -> 0 | AC7: =AB7+AC3 -> 0 | AD7: =AC7+AD3 -> 0 | AI7: YTD ACTUAL DD | AL7: =AL3 -> 0 | AM7: =AL7+AM3 -> 0 | AN7: =AM7+AN3 -> 0 | AO7: =AN7+AO3 -> 0 | AP7: =AO7+AP3 -> 0 | AQ7: =AP7+AQ3 -> 0 | AR7: =AQ7+AR3 -> 0 | AS7: =AR7+AS3 -> 0 | AT7: =AS7+AT3 -> 0
C8: YTD DD DIFF | F8: =F7-F6 -> -21.95 | G8: =G7-G6 -> -55.2 | H8: =H7-H6 -> -12.7 | I8: =I7-I6 -> 327.5 | J8: =J7-J6 -> 527.45 | K8: =K7-K6 -> 487.2 | L8: =L7-L6 -> 538.4 | M8: =M7-M6 -> 492.5 | N8: =N7-N6 -> 459.5 | S8: YTD DD DIFF | V8: =V7-V6 -> -22.95 | W8: =W7-W6 -> -214.2 | X8: =X7-X6 -> -613.7 | Y8: =Y7-Y6 -> -1249.5 | Z8: =Z7-Z6 -> -1991.55 | AA8: =AA7-AA6 -> -2590.8 | AB8: =AB7-AB6 -> -3039.6 | AC8: =AC7-AC6 -> -3255.5 | AD8: =AD7-AD6 -> -3323.5 | AI8: YTD DD DIFF | AL8: =AL7-AL6 -> -22.95 | AM8: =AM7-AM6 -> -214.2 | AN8: =AN7-AN6 -> -613.7 | AO8: =AO7-AO6 -> -1249.5 | AP8: =AP7-AP6 -> -1991.55 | AQ8: =AQ7-AQ6 -> -2590.8 | AR8: =AR7-AR6 -> -3039.6 | AS8: =AS7-AS6 -> -3255.5 | AT8: =AT7-AT6 -> -3323.5
C9: % YTD DD DIFF | F9: =F8/F6 -> -0.95642702 | G9: =G8/G6 -> -0.25770308 | H9: =H8/H6 -> -0.02069415 | I9: =I8/I6 -> 0.26210484 | J9: =J8/J6 -> 0.26484397 | K9: =K8/K6 -> 0.18805002 | L9: =L8/L6 -> 0.17712857 | M9: =M8/M6 -> 0.15128245 | N9: =N8/N6 -> 0.13825786 | S9: % YTD DD DIFF | V9: =V8/V6 -> -1 | W9: =W8/W6 -> -1 | X9: =X8/X6 -> -1 | Y9: =Y8/Y6 -> -1 | Z9: =Z8/Z6 -> -1 | AA9: =AA8/AA6 -> -1 | AB9: =AB8/AB6 -> -1 | AC9: =AC8/AC6 -> -1 | AD9: =AD8/AD6 -> -1 | AI9: % YTD DD DIFF | AL9: =AL8/AL6 -> -1 | AM9: =AM8/AM6 -> -1 | AN9: =AN8/AN6 -> -1 | AO9: =AO8/AO6 -> -1 | AP9: =AP8/AP6 -> -1 | AQ9: =AQ8/AQ6 -> -1 | AR9: =AR8/AR6 -> -1 | AS9: =AS8/AS6 -> -1 | AT9: =AT8/AT6 -> -1
AB10: 912500
M11: =0.06*M17 -> 72869.27 | N11: =0.06*N17 -> 45190.225 | O11: =0.06*O17 -> 31626.281 | AB11: =SUM(M13:O13,T13:AB13) -> 12813592 | AC11: =AB10/AB11 -> 0.071213444
B12: FUEL | C12: PROJECTIONS - INTO PIPELINE DTHS | D12: 40360 | E12: 40391 | F12: 40422 | G12: 40452 | H12: 40483 | I12: 40513 | J12: 40544 | K12: 40575 | L12: 40603 | M12: 40634 | N12: 40664 | O12: 40695 | P12: 1011 TOTALS | R12: FUEL | S12: PROJECTIONS - INTO PIPELINE DTHS | T12: 40725 | U12: 40756 | V12: 40787 | W12: 40817 | X12: 40848 | Y12: 40878 | Z12: 40909 | AA12: 40940 | AB12: 40969 | AC12: 41000 | AD12: 41030 | AE12: 41061 | AF12: 1112 TOTALS | AH12: FUEL | AI12: PROJECTIONS - INTO PIPELINE DTHS | AJ12: 41091 | AK12: 41122 | AL12: 41153 | AM12: 41183 | AN12: 41214 | AO12: 41244 | AP12: 41275 | AQ12: 41306 | AR12: 41334 | AS12: 41365 | AT12: 41395 | AU12: 41426 | AV12: 1213 TOTALS
B13: 0.05 | C13: PGC MTH DTH INTO PIPELINE | D13: =D22/(1-$B$13) -> 305898.7 | E13: =E22/(1-$B$13) -> 305898.7 | F13: =F22/(1-$B$13) -> 359145.21 | G13: =G22/(1-$B$13) -> 831850.42 | H13: =H22/(1-$B$13) -> 1394685.7 | I13: =I22/(1-$B$13) -> 2054396 | J13: =J22/(1-$B$13) -> 2346591.4 | K13: =K22/(1-$B$13) -> 1924277.6 | ... O13: =O22/(1-$B$13) -> 296031 | P13: =SUM(D13:O13) -> 12741583 | Q13: =377500/P13 -> 0.029627403 | R13: 0.05 | S13: PGC MTH DTH INTO PIPELINE | T13: =T22/(1-$R$13) -> 307611.27 | U13: =U22/(1-$R$13) -> 307611.27 | V13: =V22/(1-$R$13) -> 361231.93 | W13: =W22/(1-$R$13) -> 837141.36 | X13: =X22/(1-$R$13) -> 1403817.8 | Y13: =Y22/(1-$R$13) -> 2068004.6 | Z13: =Z22/(1-$R$13) -> 2362188 | AA13: =AA22/(1-$R$13) -> 1937036.7 | ... AE13: =AE22/(1-$R$13) -> 297688.32 | AF13: =SUM(T13:AE13) -> 12823931 | AH13: 0.05 | AI13: PGC MTH DTH INTO PIPELINE | AJ13: =AJ22/(1-$AH$13) -> 309539.57 | AK13: =AK22/(1-$AH$13) -> 309539.57 | AL13: =AL22/(1-$AH$13) -> 363587.53 | AM13: =AM22/(1-$AH$13) -> 843148.75 | AN13: =AN22/(1-$AH$13) -> 1414204.7 | AO13: =AO22/(1-$AH$13) -> 2083493.6 | AP13: =AP22/(1-$AH$13) -> 2379943.2 | AQ13: =AQ22/(1-$AH$13) -> 1951559.5 | ... AU13: =AU22/(1-$AH$13) -> 299554.42 | AV13: =SUM(AJ13:AU13) -> 12917521
A14: =A23/(1-$B$13) -> 9867.7 | B14: =B23/(1-$B$13) -> 2750.0743 | C14: YTD PGC DTH INTO PIPELINE | D14: =D13 -> 305898.7 | E14: =D14+E13 -> 611797.4 | F14: =E14+F13 -> 970942.61 | G14: =F14+G13 -> 1802793 | H14: =G14+H13 -> 3197478.7 | I14: =H14+I13 -> 5251874.7 | J14: =I14+J13 -> 7598466.1 | K14: =J14+K13 -> 9522743.7 | L14: =K14+L13 -> 11062876 | ... O14: =N14+O13 -> 12741583 | S14: YTD PGC DTH INTO PIPELINE | T14: =T13 -> 307611.27 | U14: =U13 -> 307611.27 | V14: =V13 -> 361231.93 | W14: =W13 -> 837141.36 | X14: =X13 -> 1403817.8 | Y14: =Y13 -> 2068004.6 | Z14: =Z13 -> 2362188 | AA14: =AA13 -> 1937036.7 | ... AE14: =AE13 -> 297688.32 | AI14: YTD PGC DTH INTO PIPELINE | AJ14: =AJ13 -> 309539.57 | AK14: =AK13 -> 309539.57 | AL14: =AL13 -> 363587.53 | AM14: =AM13 -> 843148.75 | AN14: =AN13 -> 1414204.7 | AO14: =AO13 -> 2083493.6 | AP14: =AP13 -> 2379943.2 | AQ14: =AQ13 -> 1951559.5 | ... AU14: =AU13 -> 299554.42
C15: NON-PGC MTH DTH INTO PIPELINE | D15: =D24/(1-$B$13) -> 247466.67 | E15: =E24/(1-$B$13) -> 240280.7 | F15: =F24/(1-$B$13) -> 220856.14 | G15: =G24/(1-$B$13) -> 333024.56 | H15: =H24/(1-$B$13) -> 345263.16 | I15: =I24/(1-$B$13) -> 417347.37 | J15: =J24/(1-$B$13) -> 430147.37 | K15: =K24/(1-$B$13) -> 374231.58 | ... O15: =O24/(1-$B$13) -> 231073.68 | P15: =SUM(D15:O15) -> 3762863.2 | S15: NON-PGC MTH DTH INTO PIPELINE | T15: =T24/(1-$R$13) -> 249487.72 | U15: =U24/(1-$R$13) -> 238035.09 | V15: =V24/(1-$R$13) -> 216028.07 | W15: =W24/(1-$R$13) -> 346049.12 | X15: =X24/(1-$R$13) -> 353235.09 | Y15: =Y24/(1-$R$13) -> 427901.75 | Z15: =Z24/(1-$R$13) -> 441824.56 | AA15: =AA24/(1-$R$13) -> 391635.09 | ... AE15: =AE24/(1-$R$13) -> 238933.33 | AF15: =SUM(T15:AE15) -> 3868182.5 | AI15: NON-PGC MTH DTH INTO PIPELINE | AJ15: =AJ24/(1-$AH$13) -> 255157.89 | AK15: =AK24/(1-$AH$13) -> 243705.26 | AL15: =AL24/(1-$AH$13) -> 221754.39 | AM15: =AM24/(1-$AH$13) -> 353010.53 | AN15: =AN24/(1-$AH$13) -> 364912.28 | AO15: =AO24/(1-$AH$13) -> 438680.7 | AP15: =AP24/(1-$AH$13) -> 452715.79 | AQ15: =AQ24/(1-$AH$13) -> 397810.53 | ... AU15: =AU24/(1-$AH$13) -> 244659.65 | AV15: =SUM(AJ15:AU15) -> 3959803.5
A16: =A25/(1-$B$13) -> 8516.4912 | B16: =B25/(1-$B$13) -> 266.10526 | C16: YTD NON-PGC DTH INTO PIPELINE | D16: =D15 -> 247466.67 | E16: =D16+E15 -> 487747.37 | F16: =E16+F15 -> 708603.51 | G16: =F16+G15 -> 1041628.1 | H16: =G16+H15 -> 1386891.2 | I16: =H16+I15 -> 1804238.6 | J16: =I16+J15 -> 2234386 | K16: =J16+K15 -> 2608617.5 | L16: =K16+L15 -> 2946807 | ... O16: =N16+O15 -> 3762863.2 | S16: YTD NON-PGC DTH INTO PIPELINE | T16: =T15 -> 249487.72 | U16: =U15 -> 238035.09 | V16: =V15 -> 216028.07 | W16: =W15 -> 346049.12 | X16: =X15 -> 353235.09 | Y16: =Y15 -> 427901.75 | Z16: =Z15 -> 441824.56 | AA16: =AA15 -> 391635.09 | ... AE16: =AE15 -> 238933.33 | AI16: YTD NON-PGC DTH INTO PIPELINE | AJ16: =AJ15 -> 255157.89 | AK16: =AK15 -> 243705.26 | AL16: =AL15 -> 221754.39 | AM16: =AM15 -> 353010.53 | AN16: =AN15 -> 364912.28 | AO16: =AO15 -> 438680.7 | AP16: =AP15 -> 452715.79 | AQ16: =AQ15 -> 397810.53 | ... AU16: =AU15 -> 244659.65
C17: MTH TOTAL DTH INTO PIPELINE | D17: =SUM(D13,D15) -> 553365.37 | E17: =SUM(E13,E15) -> 546179.4 | F17: =SUM(F13,F15) -> 580001.35 | G17: =SUM(G13,G15) -> 1164875 | H17: =SUM(H13,H15) -> 1739948.9 | I17: =SUM(I13,I15) -> 2471743.3 | J17: =SUM(J13,J15) -> 2776738.7 | K17: =SUM(K13,K15) -> 2298509.2 | ... O17: =SUM(O13,O15) -> 527104.68 | P17: =SUM(D17:O17) -> 16504446 | S17: MTH TOTAL DTH INTO PIPELINE | T17: =SUM(T13,T15) -> 557098.99 | U17: =SUM(U13,U15) -> 545646.35 | V17: =SUM(V13,V15) -> 577260 | W17: =SUM(W13,W15) -> 1183190.5 | X17: =SUM(X13,X15) -> 1757052.9 | Y17: =SUM(Y13,Y15) -> 2495906.4 | Z17: =SUM(Z13,Z15) -> 2804012.6 | AA17: =SUM(AA13,AA15) -> 2328671.8 | ... AE17: =SUM(AE13,AE15) -> 536621.66 | AF17: =SUM(T17:AE17) -> 16692113 | AI17: MTH TOTAL DTH INTO PIPELINE | AJ17: =SUM(AJ13,AJ15) -> 564697.47 | AK17: =SUM(AK13,AK15) -> 553244.83 | AL17: =SUM(AL13,AL15) -> 585341.91 | AM17: =SUM(AM13,AM15) -> 1196159.3 | AN17: =SUM(AN13,AN15) -> 1779117 | AO17: =SUM(AO13,AO15) -> 2522174.3 | AP17: =SUM(AP13,AP15) -> 2832659 | AQ17: =SUM(AQ13,AQ15) -> 2349370.1 | ... AU17: =SUM(AU13,AU15) -> 544214.07 | AV17: =SUM(AJ17:AU17) -> 16877324
A18: =A14+A16 -> 18384.191 | B18: =B14+B16 -> 3016.1796 | C18: YTD TOTAL DTH INTO PIPELINE | D18: =D17 -> 553365.37 | E18: =D18+E17 -> 1099544.8 | F18: =E18+F17 -> 1679546.1 | G18: =F18+G17 -> 2844421.1 | H18: =G18+H17 -> 4584369.9 | I18: =H18+I17 -> 7056113.3 | J18: =I18+J17 -> 9832852 | K18: =J18+K17 -> 12131361 | L18: =K18+L17 -> 14009683 | ... O18: =N18+O17 -> 16504446 | S18: YTD TOTAL DTH INTO PIPELINE | T18: =T17 -> 557098.99 | U18: =T18+U17 -> 1102745.3 | V18: =U18+V17 -> 1680005.3 | W18: =V18+W17 -> 2863195.8 | X18: =W18+X17 -> 4620248.8 | Y18: =X18+Y17 -> 7116155.2 | Z18: =Y18+Z17 -> 9920167.7 | AA18: =Z18+AA17 -> 12248840 | AB18: =AA18+AB17 -> 14153664 | ... AE18: =AD18+AE17 -> 16692113 | AI18: YTD TOTAL DTH INTO PIPELINE | AJ18: =AJ17 -> 564697.47 | AK18: =AJ18+AK17 -> 1117942.3 | AL18: =AK18+AL17 -> 1703284.2 | AM18: =AL18+AM17 -> 2899443.5 | AN18: =AM18+AN17 -> 4678560.5 | AO18: =AN18+AO17 -> 7200734.8 | AP18: =AO18+AP17 -> 10033394 | AQ18: =AP18+AQ17 -> 12382764 | AR18: =AQ18+AR17 -> 14307510 | ... AU18: =AT18+AU17 -> 16877324
C20: 12 MTH MOVING AVG BTU | D20: 1.04 | E20: 1.04 | F20: 1.04 | G20: 1.04 | H20: 1.04 | I20: 1.04 | J20: 1.04 | K20: 1.04 | L20: 1.04 | M20: 1.04 | N20: 1.04 | O20: 1.04
A21: BTU | B21: LOSS | C21: PROJECTIONS - CG DTHS | D21: 40360 | E21: 40391 | F21: 40422 | G21: 40452 | H21: 40483 | I21: 40513 | J21: 40544 | K21: 40575 | L21: 40603 | M21: 40634 | N21: 40664 | O21: 40695 | P21: 1011 TOTALS | Q21: BTU | R21: LOSS | S21: PROJECTIONS - CG DTHS | T21: 40725 | U21: 40756 | V21: 40787 | W21: 40817 | X21: 40848 | Y21: 40878 | Z21: 40909 | AA21: 40940 | AB21: 40969 | AC21: 41000 | AD21: 41030 | AE21: 41061 | AF21: 1112 TOTALS | AG21: BTU | AH21: LOSS | AI21: PROJECTIONS - CG DTHS | AJ21: 41091 | AK21: 41122 | AL21: 41153 | AM21: 41183 | AN21: 41214 | AO21: 41244 | AP21: 41275 | AQ21: 41306 | AR21: 41334 | AS21: 41365 | AT21: 41395 | AU21: 41426 | AV21: 1213 TOTALS
A22: 1.04 | B22: 0.05 | C22: PGC MTH DTH AT COR | D22: =D52*D20/(1-$B$22) -> 290603.76 | E22: =E52*E20/(1-$B$22) -> 290603.76 | F22: =F52*F20/(1-$B$22) -> 341187.95 | G22: =G52*G20/(1-$B$22) -> 790257.9 | H22: =H52*H20/(1-$B$22) -> 1324951.4 | I22: =I52*I20/(1-$B$22) -> 1951676.2 | J22: =J52*J20/(1-$B$22) -> 2229261.8 | K22: =K52*K20/(1-$B$22) -> 1828063.8 | L22: =L52*L20/(1-$B$22) -> 1463125.5 | M22: =M52*$A$22/(1-$B$22) -> 845283.45 | N22: =N52*$A$22/(1-$B$22) -> 468258.57 | O22: =O52*$A$22/(1-$B$22) -> 281229.45 | P22: =SUM(D22:O22) -> 12104503 | Q22: 1.04 | R22: 0.05 | S22: PGC MTH DTH AT COR | T22: =T52*$A$22/(1-$R$22) -> 292230.7 | U22: =U52*$A$22/(1-$R$22) -> 292230.7 | V22: =V52*$A$22/(1-$R$22) -> 343170.34 | W22: =W52*$A$22/(1-$R$22) -> 795284.29 | X22: =X52*$A$22/(1-$R$22) -> 1333627 | Y22: =Y52*$A$22/(1-$R$22) -> 1964604.4 | Z22: =Z52*$A$22/(1-$R$22) -> 2244078.6 | AA22: =AA52*$A$22/(1-$R$22) -> 1840184.9 | ... AE22: =AE52*$A$22/(1-$R$22) -> 282803.91 | AF22: =SUM(T22:AE22) -> 12182734 | AG22: 1.04 | AH22: 0.05 | AI22: PGC MTH DTH AT COR | AJ22: =AJ52*$A$22/(1-$AH$22) -> 294062.59 | AK22: =AK52*$A$22/(1-$AH$22) -> 294062.59 | AL22: =AL52*$A$22/(1-$AH$22) -> 345408.15 | AM22: =AM52*$A$22/(1-$AH$22) -> 800991.31 | AN22: =AN52*$A$22/(1-$AH$22) -> 1343494.5 | AO22: =AO52*$A$22/(1-$AH$22) -> 1979319 | AP22: =AP52*$A$22/(1-$AH$22) -> 2260946 | AQ22: =AQ52*$A$22/(1-$AH$22) -> 1853981.6 | ... AU22: =AU52*$A$22/(1-$AH$22) -> 284576.7 | AV22: =SUM(AJ22:AU22) -> 12271644
A23: =(A52*$A$22)/(1-$B$22) -> 9374.315 | B23: =(B52*$A$22)/(1-$B$22) -> 2612.5706 | C23: YTD PGC DTH AT COR | D23: =D22 -> 290603.76 | E23: =D23+E22 -> 581207.53 | F23: =E23+F22 -> 922395.47 | G23: =F23+G22 -> 1712653.4 | H23: =G23+H22 -> 3037604.8 | I23: =H23+I22 -> 4989281 | J23: =I23+J22 -> 7218542.7 | K23: =J23+K22 -> 9046606.5 | L23: =K23+L22 -> 10509732 | ... O23: =N23+O22 -> 12104503 | Q23: =(Q52*$Q$22)/(1-$R$22) -> 9426.7969 | R23: =(R52*$Q$22)/(1-$R$22) -> 2630.3456 | S23: YTD PGC DTH AT COR | T23: =T22 -> 292230.7 | U23: =T23+U22 -> 584461.41 | V23: =U23+V22 -> 927631.74 | W23: =V23+W22 -> 1722916 | X23: =W23+X22 -> 3056543 | Y23: =X23+Y22 -> 5021147.4 | Z23: =Y23+Z22 -> 7265226 | AA23: =Z23+AA22 -> 9105410.9 | AB23: =AA23+AB22 -> 10578141 | ... AE23: =AD23+AE22 -> 12182734 | AG23: =(AG52*$AG$22)/(1-$AH$22) -> 9489.3181 | AH23: =(AH52*$AG$22)/(1-$AH$22) -> 2651.5498 | AI23: YTD PGC DTH AT COR | AJ23: =AJ22 -> 294062.59 | AK23: =AJ23+AK22 -> 588125.19 | AL23: =AK23+AL22 -> 933533.34 | AM23: =AL23+AM22 -> 1734524.6 | AN23: =AM23+AN22 -> 3078019.1 | AO23: =AN23+AO22 -> 5057338.1 | AP23: =AO23+AP22 -> 7318284.1 | AQ23: =AP23+AQ22 -> 9172265.7 | AR23: =AQ23+AR22 -> 10655921 | ... AU23: =AT23+AU22 -> 12271644
B24: 0.025 | C24: NON-PGC MTH DTH AT COR | D24: =D62*$A$22/(1-$B$24) -> 235093.33 | E24: =E62*$A$22/(1-$B$24) -> 228266.67 | F24: =F62*$A$22/(1-$B$24) -> 209813.33 | G24: =G62*$A$22/(1-$B$24) -> 316373.33 | H24: =H62*$A$22/(1-$B$24) -> 328000 | I24: =I62*$A$22/(1-$B$24) -> 396480 | J24: =J62*$A$22/(1-$B$24) -> 408640 | K24: =K62*$A$22/(1-$B$24) -> 355520 | ... O24: =O62*$A$22/(1-$B$24) -> 219520 | P24: =SUM(D24:O24) -> 3574720 | R24: 0.025 | S24: NON-PGC MTH DTH AT COR | T24: =T62*$Q$22/(1-$R$24) -> 237013.33 | U24: =U62*$Q$22/(1-$R$24) -> 226133.33 | V24: =V62*$Q$22/(1-$R$24) -> 205226.67 | W24: =W62*$Q$22/(1-$R$24) -> 328746.67 | X24: =X62*$Q$22/(1-$R$24) -> 335573.33 | Y24: =Y62*$Q$22/(1-$R$24) -> 406506.67 | Z24: =Z62*$Q$22/(1-$R$24) -> 419733.33 | AA24: =AA62*$Q$22/(1-$R$24) -> 372053.33 | ... AE24: =AE62*$Q$22/(1-$R$24) -> 226986.67 | AF24: =SUM(T24:AE24) -> 3674773.3 | AH24: 0.025 | AI24: NON-PGC MTH DTH AT COR | AJ24: =AJ62*$AG$22/(1-$AH$24) -> 242400 | AK24: =AK62*$AG$22/(1-$AH$24) -> 231520 | AL24: =AL62*$AG$22/(1-$AH$24) -> 210666.67 | AM24: =AM62*$AG$22/(1-$AH$24) -> 335360 | AN24: =AN62*$AG$22/(1-$AH$24) -> 346666.67 | AO24: =AO62*$AG$22/(1-$AH$24) -> 416746.67 | AP24: =AP62*$AG$22/(1-$AH$24) -> 430080 | AQ24: =AQ62*$AG$22/(1-$AH$24) -> 377920 | ... AU24: =AU62*$AG$22/(1-$AH$24) -> 232426.67 | AV24: =SUM(AJ24:AU24) -> 3761813.3
A25: =(A63*$A$22)/(1-$B$24) -> 8090.6667 | B25: =(B63*$A$22)/(1-$B$24) -> 252.8 | C25: YTD NON-PGC DTH AT COR | D25: =D24 -> 235093.33 | E25: =D25+E24 -> 463360 | F25: =E25+F24 -> 673173.33 | G25: =F25+G24 -> 989546.67 | H25: =G25+H24 -> 1317546.7 | I25: =H25+I24 -> 1714026.7 | J25: =I25+J24 -> 2122666.7 | K25: =J25+K24 -> 2478186.7 | L25: =K25+L24 -> 2799466.7 | ... O25: =N25+O24 -> 3574720 | Q25: =(Q64*$Q$22)/(1-$R$24) -> 8090.6667 | R25: =(R64*$Q$22)/(1-$R$24) -> 252.8 | S25: YTD NON-PGC DTH AT COR | T25: =T24 -> 237013.33 | U25: =T25+U24 -> 463146.67 | V25: =U25+V24 -> 668373.33 | W25: =V25+W24 -> 997120 | X25: =W25+X24 -> 1332693.3 | Y25: =X25+Y24 -> 1739200 | Z25: =Y25+Z24 -> 2158933.3 | AA25: =Z25+AA24 -> 2530986.7 | AB25: =AA25+AB24 -> 2867840 | ... AE25: =AD25+AE24 -> 3674773.3 | AG25: =(AG64*$Q$22)/(1-$R$24) -> 8090.6667 | AH25: =(AH64*$Q$22)/(1-$R$24) -> 252.8 | AI25: YTD NON-PGC DTH AT COR | AJ25: =AJ24 -> 242400 | AK25: =AJ25+AK24 -> 473920 | AL25: =AK25+AL24 -> 684586.67 | AM25: =AL25+AM24 -> 1019946.7 | AN25: =AM25+AN24 -> 1366613.3 | AO25: =AN25+AO24 -> 1783360 | AP25: =AO25+AP24 -> 2213440 | AQ25: =AP25+AQ24 -> 2591360 | AR25: =AQ25+AR24 -> 2936213.3 | ... AU25: =AT25+AU24 -> 3761813.3
A26: =A27+(55*B27) -> 175060.37 | C26: MTH TOTAL DTH AT COR | D26: =SUM(D22,D24) -> 525697.1 | E26: =SUM(E22,E24) -> 518870.43 | F26: =SUM(F22,F24) -> 551001.28 | G26: =SUM(G22,G24) -> 1106631.2 | H26: =SUM(H22,H24) -> 1652951.4 | I26: =SUM(I22,I24) -> 2348156.2 | J26: =SUM(J22,J24) -> 2637901.8 | K26: =SUM(K22,K24) -> 2183583.8 | ... O26: =SUM(O22,O24) -> 500749.45 | P26: =SUM(D26:O26) -> 15679223 | Q26: =Q27+(55*R27) -> 176090.47 | S26: MTH TOTAL DTH AT COR | T26: =SUM(T22,T24) -> 529244.04 | U26: =SUM(U22,U24) -> 518364.04 | V26: =SUM(V22,V24) -> 548397 | W26: =SUM(W22,W24) -> 1124031 | X26: =SUM(X22,X24) -> 1669200.3 | Y26: =SUM(Y22,Y24) -> 2371111.1 | Z26: =SUM(Z22,Z24) -> 2663812 | AA26: =SUM(AA22,AA24) -> 2212238.2 | ... AE26: =SUM(AE22,AE24) -> 509790.57 | AF26: =SUM(T26:AE26) -> 15857508 | AG26: =AG27+(55*AH27) -> 177319.23 | AI26: MTH TOTAL DTH AT COR | AJ26: =SUM(AJ22,AJ24) -> 536462.59 | AK26: =SUM(AK22,AK24) -> 525582.59 | AL26: =SUM(AL22,AL24) -> 556074.82 | AM26: =SUM(AM22,AM24) -> 1136351.3 | AN26: =SUM(AN22,AN24) -> 1690161.1 | AO26: =SUM(AO22,AO24) -> 2396065.6 | AP26: =SUM(AP22,AP24) -> 2691026 | AQ26: =SUM(AQ22,AQ24) -> 2231901.6 | ... AU26: =SUM(AU22,AU24) -> 517003.37 | AV26: =SUM(AJ26:AU26) -> 16033458
A27: =SUM(A23,A25) -> 17464.982 | B27: =SUM(B23,B25) -> 2865.3706 | C27: YTD TOTAL DTH AT COR | D27: =D26 -> 525697.1 | E27: =D27+E26 -> 1044567.5 | F27: =E27+F26 -> 1595568.8 | G27: =F27+G26 -> 2702200 | H27: =G27+H26 -> 4355151.5 | I27: =H27+I26 -> 6703307.6 | J27: =I27+J26 -> 9341209.4 | K27: =J27+K26 -> 11524793 | L27: =K27+L26 -> 13309199 | ... O27: =N27+O26 -> 15679223 | Q27: =SUM(Q23,Q25) -> 17517.464 | R27: =SUM(R23,R25) -> 2883.1456 | S27: YTD TOTAL DTH AT COR | T27: =T26 -> 529244.04 | U27: =T27+U26 -> 1047608.1 | V27: =U27+V26 -> 1596005.1 | W27: =V27+W26 -> 2720036 | X27: =W27+X26 -> 4389236.3 | Y27: =X27+Y26 -> 6760347.4 | Z27: =Y27+Z26 -> 9424159.3 | AA27: =Z27+AA26 -> 11636398 | AB27: =AA27+AB26 -> 13445981 | ... AE27: =AD27+AE26 -> 15857508 | AG27: =SUM(AG23,AG25) -> 17579.985 | AH27: =SUM(AH23,AH25) -> 2904.3498 | AI27: YTD TOTAL DTH AT COR | AJ27: =AJ26 -> 536462.59 | AK27: =AJ27+AK26 -> 1062045.2 | AL27: =AK27+AL26 -> 1618120 | AM27: =AL27+AM26 -> 2754471.3 | AN27: =AM27+AN26 -> 4444632.4 | AO27: =AN27+AO26 -> 6840698.1 | AP27: =AO27+AP26 -> 9531724.1 | AQ27: =AP27+AQ26 -> 11763626 | AR27: =AQ27+AR26 -> 13592134 | ... AU27: =AT27+AU26 -> 16033458
A28: 17871 | B28: 3004 | C28: CG DTHS-TS ACTUALS | D28: 489092 | E28: 523045.3 | F28: 522239 | G28: 837221.1 | H28: 1566775 | I28: 3338002.9 | J28: 3326909 | K28: 2043492 | L28: 1794438.6 | M28: 970040 | N28: 643661 | O28: 516284 | S28: CG DTHS-TS ACTUALS | AI28: CG DTHS-TS ACTUALS
A29: =A28+(B28*55) -> 183091 | C29: YTD CG DTHS-TS ACTUALS | D29: =D28 -> 489092 | E29: =D29+E28 -> 1012137.3 | F29: =E29+F28 -> 1534376.3 | G29: =F29+G28 -> 2371597.4 | H29: =G29+H28 -> 3938372.4 | I29: =H29+I28 -> 7276375.3 | J29: =I29+J28 -> 10603284 | K29: =J29+K28 -> 12646776 | L29: =K29+L28 -> 14441215 | ... O29: =N29+O28 -> 16571200 | P29: =8.5/19 -> 0.44736842 | S29: YTD CG DTHS-TS ACTUALS | AI29: YTD CG DTHS-TS ACTUALS
A30: =A26-A29 -> -8030.634 | C30: MTH ACTUALS VS PROJECTIONS | D30: =D28-D26 -> -36605.098 | E30: =E28-E26 -> 4174.8686 | F30: =F28-F26 -> -28762.279 | G30: =G28-G26 -> -269410.13 | H30: =H28-H26 -> -86176.414 | I30: =I28-I26 -> 989846.73 | J30: =J28-J26 -> 689007.2 | K30: =K28-K26 -> -140091.77 | ... O30: =O28-O26 -> 15534.55 | S30: MTH ACTUALS VS PROJECTIONS | AI30: MTH ACTUALS VS PROJECTIONS
A31: BASE | B31: HEAT | C31: MTH ACTUALS VS PROJECTIONS % | D31: =D30/D26 -> -0.069631539 | E31: =E30/E26 -> 0.0080460716 | F31: =F30/F26 -> -0.052200022 | G31: =G30/G26 -> -0.24345068 | H31: =H30/H26 -> -0.052134874 | I31: =I30/I26 -> 0.42154212 | J31: =J30/J26 -> 0.26119517 | K31: =K30/K26 -> -0.064156809 | ... O31: =O30/O26 -> 0.031022601 | S31: MTH ACTUALS VS PROJECTIONS % | AI31: MTH ACTUALS VS PROJECTIONS %
C32: YTD ACTUALS VS PROJECTIONS | D32: =D30 -> -36605.098 | E32: =D32+E30 -> -32430.229 | F32: =E32+F30 -> -61192.508 | G32: =F32+G30 -> -330602.64 | H32: =G32+H30 -> -416779.05 | I32: =H32+I30 -> 573067.68 | J32: =I32+J30 -> 1262074.9 | K32: =J32+K30 -> 1121983.1 | L32: =K32+L30 -> 1132016.3 | ... O32: =N32+O30 -> 891976.46 | S32: YTD ACTUALS VS PROJECTIONS | AI32: YTD ACTUALS VS PROJECTIONS
C33: YTD ACTUALS VS PROJECTIONS % | D33: =D32/D27 -> -0.069631539 | E33: =E32/E27 -> -0.031046561 | F33: =F32/F27 -> -0.038351532 | G33: =G32/G27 -> -0.12234573 | H33: =H32/H27 -> -0.095697947 | I33: =I32/I27 -> 0.085490285 | J33: =J32/J27 -> 0.1351083 | K33: =K32/K27 -> 0.097353861 | ... O33: =O32/O27 -> 0.056889071 | S33: YTD ACTUALS VS PROJECTIONS % | AI33: YTD ACTUALS VS PROJECTIONS %
C34: PROJECTED VS ACTUAL CG DTHS | D34: =(D26-D28)/D28 -> 0.07484297 | E34: =(E26-E28)/E28 -> -0.0079818491 | F34: =(F26-F28)/F28 -> 0.055074935 | G34: =(G26-G28)/G28 -> 0.3217909 | H34: =(H26-H28)/H28 -> 0.055002418 | I34: =(I26-I28)/I28 -> -0.29653861
C35: PROJECTIONS - BURNER MCFS | D35: 40360 | E35: 40391 | F35: 40422 | G35: 40452 | H35: 40483 | I35: 40513 | J35: 40544 | K35: 40575 | L35: 40603 | M35: 40634 | N35: 40664 | O35: 40695 | P35: 1011 TOTALS | S35: PROJECTIONS - BURNER MCFS | T35: 40725 | U35: 40756 | V35: 40787 | W35: 40817 | X35: 40848 | Y35: 40878 | Z35: 40909 | AA35: 40940 | AB35: 40969 | AC35: 41000 | AD35: 41030 | AE35: 41061 | AF35: 1112 TOTALS | AI35: PROJECTIONS - BURNER MCFS | AJ35: 41091 | AK35: 41122 | AL35: 41153 | AM35: 41183 | AN35: 41214 | AO35: 41244 | AP35: 41275 | AQ35: 41306 | AR35: 41334 | AS35: 41365 | AT35: 41395 | AU35: 41426 | AV35: 1213 TOTALS
A36: BASE | B36: HEAT | C36: DAYS | D36: 31 | E36: 31 | F36: 30 | G36: 31 | H36: 30 | I36: 31 | J36: 31 | K36: 28 | L36: 31 | M36: 30 | N36: 31 | O36: 30 | P36: =SUM(D36:O36) -> 365 | Q36: BASE | R36: HEAT | S36: DAYS | T36: 31 | U36: 31 | V36: 30 | W36: 31 | X36: 30 | Y36: 31 | Z36: 31 | AA36: 28 | AB36: 31 | AC36: 30 | AD36: 31 | AE36: 30 | AG36: BASE | AH36: HEAT | AI36: DAYS | AJ36: 31 | AK36: 31 | AL36: 30 | AM36: 31 | AN36: 30 | AO36: 31 | AP36: 31 | AQ36: 28 | AR36: 31 | AS36: 30 | AT36: 31 | AU36: 30
A37: 3933.1 | B37: 1479.6 | C37: RS MTH MCF | D37: =(D36*$A$37)+(D2*$B$37) -> 121926.1 | E37: =(E36*$A$37)+(E2*$B$37) -> 121926.1 | F37: =(F36*$A$37)+(F2*$B$37) -> 151949.82 | G37: =(G36*$A$37)+(G2*$B$37) -> 404899.6 | H37: =(H36*$A$37)+(H2*$B$37) -> 709093.2 | I37: =(I36*$A$37)+(I2*$B$37) -> 1062655.8 | J37: =(J36*$A$37)+(J2*$B$37) -> 1219863.3 | K37: =(K36*$A$37)+(K2*$B$37) -> 996777.1 | ... O37: =(O36*$A$37)+(O2*$B$37) -> 117993 | P37: =SUM(D37:O37) -> 6353032.1 | Q37: =A39 -> 3958.2633 | R37: =B39 -> 1489.0665 | S37: RS MTH MCF | T37: =(T36*$Q$37)+(T2*$R$37) -> 122706.16 | U37: =(U36*$Q$37)+(U2*$R$37) -> 122706.16 | V37: =(V36*$Q$37)+(V2*$R$37) -> 152921.98 | W37: =(W36*$Q$37)+(W2*$R$37) -> 407490.13 | X37: =(X36*$Q$37)+(X2*$R$37) -> 713629.96 | Y37: =(Y36*$Q$37)+(Y2*$R$37) -> 1069454.6 | Z37: =(Z36*$Q$37)+(Z2*$R$37) -> 1227667.9 | AA37: =(AA36*$Q$37)+(AA2*$R$37) -> 1003154.5 | ... AE37: =(AE36*$Q$37)+(AE2*$R$37) -> 118747.9 | AF37: =SUM(T37:AE37) -> 6393678.6 | AG37: =Q39 -> 3988.4593 | AH37: =R39 -> 1500.4263 | AI37: RS MTH MCF | AJ37: =(AJ36*$AG$37)+(AJ2*$AH$37) -> 123642.24 | AK37: =(AK36*$AG$37)+(AK2*$AH$37) -> 123642.24 | AL37: =(AL36*$AG$37)+(AL2*$AH$37) -> 154088.56 | AM37: =(AM36*$AG$37)+(AM2*$AH$37) -> 410598.76 | AN37: =(AN36*$AG$37)+(AN2*$AH$37) -> 719074.07 | AO37: =(AO36*$AG$37)+(AO2*$AH$37) -> 1077613.3 | AP37: =(AP36*$AG$37)+(AP2*$AH$37) -> 1237033.5 | AQ37: =(AQ36*$AG$37)+(AQ2*$AH$37) -> 1010807.3 | ... AU37: =(AU36*$AG$37)+(AU2*$AH$37) -> 119653.78 | AV37: =SUM(AJ37:AU37) -> 6442454.3
A38: 25.16334 | B38: 9.4664804 | C38: RS MTH MCF GROWTH | D38: =(D36*$A$38)+(D2*$B$38) -> 780.06354 | E38: =(E36*$A$38)+(E2*$B$38) -> 780.06354 | F38: =(F36*$A$38)+(F2*$B$38) -> 972.15592 | G38: =(G36*$A$38)+(G2*$B$38) -> 2590.5279 | H38: =(H36*$A$38)+(H2*$B$38) -> 4536.7591 | I38: =(I36*$A$38)+(I2*$B$38) -> 6798.8518 | J38: =(J36*$A$38)+(J2*$B$38) -> 7804.6653 | K38: =(K36*$A$38)+(K2*$B$38) -> 6377.3619 | ... O38: =(O36*$A$38)+(O2*$B$38) -> 754.9002 | P38: =SUM(D38:O38) -> 40646.467 | Q38: 30.196008 | R38: 11.359776 | S38: RS MTH MCF GROWTH | T38: =(T36*$Q$38)+(T2*$R$38) -> 936.07624 | U38: =(U36*$Q$38)+(U2*$R$38) -> 936.07624 | V38: =(V36*$Q$38)+(V2*$R$38) -> 1166.5871 | W38: =(W36*$Q$38)+(W2*$R$38) -> 3108.6335 | X38: =(X36*$Q$38)+(X2*$R$38) -> 5444.1109 | Y38: =(Y36*$Q$38)+(Y2*$R$38) -> 8158.6221 | Z38: =(Z36*$Q$38)+(Z2*$R$38) -> 9365.5984 | AA38: =(AA36*$Q$38)+(AA2*$R$38) -> 7652.8343 | ... AE38: =(AE36*$Q$38)+(AE2*$R$38) -> 905.88023 | AF38: =SUM(T38:AE38) -> 48775.76 | AG38: 36.235209 | AH38: 13.631732 | AI38: RS MTH MCF GROWTH | AJ38: =(AJ36*$AG$38)+(AJ2*$AH$38) -> 1123.2915 | AK38: =(AK36*$AG$38)+(AK2*$AH$38) -> 1123.2915 | AL38: =(AL36*$AG$38)+(AL2*$AH$38) -> 1399.9045 | AM38: =(AM36*$AG$38)+(AM2*$AH$38) -> 3730.3602 | AN38: =(AN36*$AG$38)+(AN2*$AH$38) -> 6532.9331 | AO38: =(AO36*$AG$38)+(AO2*$AH$38) -> 9790.3466 | AP38: =(AP36*$AG$38)+(AP2*$AH$38) -> 11238.718 | AQ38: =(AQ36*$AG$38)+(AQ2*$AH$38) -> 9183.4011 | ... AU38: =(AU36*$AG$38)+(AU2*$AH$38) -> 1087.0563 | AV38: =SUM(AJ38:AU38) -> 58530.912
A39: =A37+A38 -> 3958.2633 | B39: =B37+B38 -> 1489.0665 | C39: RS MTH MCF W/GROWTH | D39: =SUM(D37:D38) -> 122706.16 | E39: =SUM(E37:E38) -> 122706.16 | F39: =SUM(F37:F38) -> 152921.98 | G39: =SUM(G37:G38) -> 407490.13 | H39: =SUM(H37:H38) -> 713629.96 | I39: =SUM(I37:I38) -> 1069454.6 | J39: =SUM(J37:J38) -> 1227667.9 | K39: =SUM(K37:K38) -> 1003154.5 | ... O39: =SUM(O37:O38) -> 118747.9 | P39: =SUM(D39:O39) -> 6393678.6 | Q39: =Q37+Q38 -> 3988.4593 | R39: =R37+R38 -> 1500.4263 | S39: RS MTH MCF W/GROWTH | T39: =SUM(T37:T38) -> 123642.24 | U39: =SUM(U37:U38) -> 123642.24 | V39: =SUM(V37:V38) -> 154088.56 | W39: =SUM(W37:W38) -> 410598.76 | X39: =SUM(X37:X38) -> 719074.07 | Y39: =SUM(Y37:Y38) -> 1077613.3 | Z39: =SUM(Z37:Z38) -> 1237033.5 | AA39: =SUM(AA37:AA38) -> 1010807.3 | ... AE39: =SUM(AE37:AE38) -> 119653.78 | AF39: =SUM(T39:AE39) -> 6442454.3 | AG39: =AG37+AG38 -> 4024.6946 | AH39: =AH37+AH38 -> 1514.058 | AI39: RS MTH MCF W/GROWTH | AJ39: =SUM(AJ37:AJ38) -> 124765.53 | AK39: =SUM(AK37:AK38) -> 124765.53 | AL39: =SUM(AL37:AL38) -> 155488.47 | AM39: =SUM(AM37:AM38) -> 414329.12 | AN39: =SUM(AN37:AN38) -> 725607 | AO39: =SUM(AO37:AO38) -> 1087403.6 | AP39: =SUM(AP37:AP38) -> 1248272.3 | AQ39: =SUM(AQ37:AQ38) -> 1019990.7 | ... AU39: =SUM(AU37:AU38) -> 120740.84 | AV39: =SUM(AJ39:AU39) -> 6500985.2
C40: YTD RS MTH MCF W/GROWTH | D40: =D39 -> 122706.16 | E40: =D40+E39 -> 245412.33 | F40: =E40+F39 -> 398334.3 | G40: =F40+G39 -> 805824.43 | H40: =G40+H39 -> 1519454.4 | I40: =H40+I39 -> 2588909 | J40: =I40+J39 -> 3816577 | K40: =J40+K39 -> 4819731.4 | L40: =K40+L39 -> 5610730.6 | M40: =L40+M71 -> 5937231.3 | N40: =M40+N39 -> 6161194 | O40: =N40+O39 -> 6279941.9 | S40: YTD RS MTH MCF W/GROWTH | T40: =T39 -> 123642.24 | U40: =T40+U39 -> 247284.48 | V40: =U40+V39 -> 401373.04 | W40: =V40+W39 -> 811971.8 | X40: =W40+X39 -> 1531045.9 | Y40: =X40+Y39 -> 2608659.1 | Z40: =Y40+Z39 -> 3845692.7 | AA40: =Z40+AA39 -> 4856500 | AB40: =AA40+AB39 -> 5653533.5 | ... AE40: =AD40+AE39 -> 6442454.3 | AI40: YTD RS MTH MCF W/GROWTH | AJ40: =AJ39 -> 124765.53 | AK40: =AJ40+AK39 -> 249531.06 | AL40: =AK40+AL39 -> 405019.53 | AM40: =AL40+AM39 -> 819348.65 | AN40: =AM40+AN39 -> 1544955.7 | AO40: =AN40+AO39 -> 2632359.3 | AP40: =AO40+AP39 -> 3880631.5 | AQ40: =AP40+AQ39 -> 4900622.2 | AR40: =AQ40+AR39 -> 5704897 | ... AU40: =AT40+AU39 -> 6500985.2
C41: RS SALES PER HOUSE | D41: =D39/97000 -> 1.265012 | E41: =E39/97000 -> 1.265012 | F41: =F39/97000 -> 1.5765152 | G41: =G39/97000 -> 4.2009292 | H41: =H39/97000 -> 7.3570099 | I41: =I39/97000 -> 11.025305 | J41: =J39/97000 -> 12.656371 | K41: =K39/97000 -> 10.341799 | L41: =L39/97000 -> 8.1546309 | M41: =M71/97000 -> 3.3659866 | N41: =N39/97000 -> 2.3088937 | O41: =O39/97000 -> 1.2242052 | P41: =SUM(D41:O41) -> 64.741669
A42: 2177.7 | B42: 598.5 | C42: GS MTH MCF | D42: =(D36*$A$42)+(D2*$B$42) -> 67508.7 | E42: =(E36*$A$42)+(E2*$B$42) -> 67508.7 | F42: =(F36*$A$42)+(F2*$B$42) -> 79066.575 | G42: =(G36*$A$42)+(G2*$B$42) -> 181971.83 | H42: =(H36*$A$42)+(H2*$B$42) -> 304431.75 | I42: =(I36*$A$42)+(I2*$B$42) -> 448035 | J42: =(J36*$A$42)+(J2*$B$42) -> 511625.62 | K42: =(K36*$A$42)+(K2*$B$42) -> 419626.72 | ... O42: =(O36*$A$42)+(O2*$B$42) -> 65331 | P42: =SUM(D42:O42) -> 2783975.2 | Q42: =A44 -> 2192.3129 | R42: =B44 -> 602.5163 | S42: GS MTH MCF | T42: =(T36*$Q$42)+(T2*$R$42) -> 67961.698 | U42: =(U36*$Q$42)+(U2*$R$42) -> 67961.698 | V42: =(V36*$Q$42)+(V2*$R$42) -> 79597.135 | W42: =(W36*$Q$42)+(W2*$R$42) -> 183192.94 | X42: =(X36*$Q$42)+(X2*$R$42) -> 306474.65 | Y42: =(Y36*$Q$42)+(Y2*$R$42) -> 451041.56 | Z42: =(Z36*$Q$42)+(Z2*$R$42) -> 515058.92 | AA42: =(AA36*$Q$42)+(AA2*$R$42) -> 422442.65 | ... AE42: =(AE36*$Q$42)+(AE2*$R$42) -> 65769.386 | AF42: =SUM(T42:AE42) -> 2802657.1 | AG42: =Q44 -> 2210.057 | AH42: =R44 -> 607.39324 | AI42: GS MTH MCF | AJ42: =(AJ36*$AG$42)+(AJ2*$AH$42) -> 68511.768 | AK42: =(AK36*$AG$42)+(AK2*$AH$42) -> 68511.768 | AL42: =(AL36*$AG$42)+(AL2*$AH$42) -> 80241.386 | AM42: =(AM36*$AG$42)+(AM2*$AH$42) -> 184675.72 | AN42: =(AN36*$AG$42)+(AN2*$AH$42) -> 308955.31 | AO42: =(AO36*$AG$42)+(AO2*$AH$42) -> 454692.39 | AP42: =(AP36*$AG$42)+(AP2*$AH$42) -> 519227.92 | AQ42: =(AQ36*$AG$42)+(AQ2*$AH$42) -> 425862 | ... AU42: =(AU36*$AG$42)+(AU2*$AH$42) -> 66301.711 | AV42: =SUM(AJ42:AU42) -> 2825342.2
A43: 14.612853 | B43: 4.0163013 | C43: GS MTH MCF GROWTH | D43: =(D36*$A$43)+(D2*$B$43) -> 452.99844 | E43: =(E36*$A$43)+(E2*$B$43) -> 452.99844 | F43: =(F36*$A$43)+(F2*$B$43) -> 530.5597 | G43: =(G36*$A$43)+(G2*$B$43) -> 1221.1161 | H43: =(H36*$A$43)+(H2*$B$43) -> 2042.898 | I43: =(I36*$A$43)+(I2*$B$43) -> 3006.5628 | J43: =(J36*$A$43)+(J2*$B$43) -> 3433.2948 | K43: =(K36*$A$43)+(K2*$B$43) -> 2815.9285 | ... O43: =(O36*$A$43)+(O2*$B$43) -> 438.38559 | P43: =SUM(D43:O43) -> 18681.869 | Q43: 17.744179 | R43: 4.8769373 | S43: GS MTH MCF GROWTH | T43: =(T36*$Q$43)+(T2*$R$43) -> 550.06954 | U43: =(U36*$Q$43)+(U2*$R$43) -> 550.06954 | V43: =(V36*$Q$43)+(V2*$R$43) -> 644.25107 | W43: =(W36*$Q$43)+(W2*$R$43) -> 1482.7838 | X43: =(X36*$Q$43)+(X2*$R$43) -> 2480.6618 | Y43: =(Y36*$Q$43)+(Y2*$R$43) -> 3650.8263 | Z43: =(Z36*$Q$43)+(Z2*$R$43) -> 4169.0009 | AA43: =(AA36*$Q$43)+(AA2*$R$43) -> 3419.3417 | ... AE43: =(AE36*$Q$43)+(AE2*$R$43) -> 532.32536 | AF43: =SUM(T43:AE43) -> 22685.126 | AG43: 20.875504 | AH43: 5.7375733 | AI43: GS MTH MCF GROWTH | AJ43: =(AJ36*$Q$43)+(AJ2*$R$43) -> 550.06954 | AK43: =(AK36*$Q$43)+(AK2*$R$43) -> 550.06954 | AL43: =(AL36*$Q$43)+(AL2*$R$43) -> 644.25107 | AM43: =(AM36*$Q$43)+(AM2*$R$43) -> 1482.7838 | AN43: =(AN36*$Q$43)+(AN2*$R$43) -> 2480.6618 | AO43: =(AO36*$Q$43)+(AO2*$R$43) -> 3650.8263 | AP43: =(AP36*$Q$43)+(AP2*$R$43) -> 4169.0009 | AQ43: =(AQ36*$Q$43)+(AQ2*$R$43) -> 3419.3417 | ... AU43: =(AU36*$Q$43)+(AU2*$R$43) -> 532.32536 | AV43: =SUM(AJ43:AU43) -> 22685.126
A44: =A42+A43 -> 2192.3129 | B44: =B42+B43 -> 602.5163 | C44: GS MTH MCF W/GROWTH | D44: =SUM(D42:D43) -> 67961.698 | E44: =SUM(E42:E43) -> 67961.698 | F44: =SUM(F42:F43) -> 79597.135 | G44: =SUM(G42:G43) -> 183192.94 | H44: =SUM(H42:H43) -> 306474.65 | I44: =SUM(I42:I43) -> 451041.56 | J44: =SUM(J42:J43) -> 515058.92 | K44: =SUM(K42:K43) -> 422442.65 | ... O44: =SUM(O42:O43) -> 65769.386 | P44: =SUM(D44:O44) -> 2802657.1 | Q44: =Q42+Q43 -> 2210.057 | R44: =R42+R43 -> 607.39324 | S44: GS MTH MCF W/GROWTH | T44: =SUM(T42:T43) -> 68511.768 | U44: =SUM(U42:U43) -> 68511.768 | V44: =SUM(V42:V43) -> 80241.386 | W44: =SUM(W42:W43) -> 184675.72 | X44: =SUM(X42:X43) -> 308955.31 | Y44: =SUM(Y42:Y43) -> 454692.39 | Z44: =SUM(Z42:Z43) -> 519227.92 | AA44: =SUM(AA42:AA43) -> 425862 | ... AE44: =SUM(AE42:AE43) -> 66301.711 | AF44: =SUM(T44:AE44) -> 2825342.2 | AG44: =AG42+AG43 -> 2230.9325 | AH44: =AH42+AH43 -> 613.13081 | AI44: GS MTH MCF W/GROWTH | AJ44: =SUM(AJ42:AJ43) -> 69061.838 | AK44: =SUM(AK42:AK43) -> 69061.838 | AL44: =SUM(AL42:AL43) -> 80885.637 | AM44: =SUM(AM42:AM43) -> 186158.51 | AN44: =SUM(AN42:AN43) -> 311435.97 | AO44: =SUM(AO42:AO43) -> 458343.22 | AP44: =SUM(AP42:AP43) -> 523396.92 | AQ44: =SUM(AQ42:AQ43) -> 429281.34 | ... AU44: =SUM(AU42:AU43) -> 66834.036 | AV44: =SUM(AJ44:AU44) -> 2848027.4
C45: YTD GS MTH MCF W/GROWTH | D45: =D44 -> 67961.698 | E45: =D45+E44 -> 135923.4 | F45: =E45+F44 -> 215520.53 | G45: =F45+G44 -> 398713.47 | H45: =G45+H44 -> 705188.12 | I45: =H45+I44 -> 1156229.7 | J45: =I45+J44 -> 1671288.6 | K45: =J45+K44 -> 2093731.3 | L45: =K45+L44 -> 2432102.3 | ... O45: =N45+O44 -> 2802657.1 | S45: YTD GS MTH MCF W/GROWTH | T45: =T44 -> 68511.768 | U45: =T45+U44 -> 137023.54 | V45: =U45+V44 -> 217264.92 | W45: =V45+W44 -> 401940.65 | X45: =W45+X44 -> 710895.96 | Y45: =X45+Y44 -> 1165588.3 | Z45: =Y45+Z44 -> 1684816.3 | AA45: =Z45+AA44 -> 2110678.3 | AB45: =AA45+AB44 -> 2451788.1 | ... AE45: =AD45+AE44 -> 2825342.2 | AI45: YTD GS MTH MCF W/GROWTH | AJ45: =AJ44 -> 69061.838 | AK45: =AJ45+AK44 -> 138123.68 | AL45: =AK45+AL44 -> 219009.31 | AM45: =AL45+AM44 -> 405167.82 | AN45: =AM45+AN44 -> 716603.79 | AO45: =AN45+AO44 -> 1174947 | AP45: =AO45+AP44 -> 1698343.9 | AQ45: =AP45+AQ44 -> 2127625.3 | AR45: =AQ45+AR44 -> 2471474 | ... AU45: =AT45+AU44 -> 2848027.4
A46: 2310.5 | B46: 227.7 | C46: CIS MTH MCF | D46: =(D36*$A$46)+(D2*$B$46) -> 71625.5 | E46: =(E36*$A$46)+(E2*$B$46) -> 71625.5 | F46: =(F36*$A$46)+(F2*$B$46) -> 74540.715 | G46: =(G36*$A$46)+(G2*$B$46) -> 115173.12 | H46: =(H36*$A$46)+(H2*$B$46) -> 160281.15 | I46: =(I36*$A$46)+(I2*$B$46) -> 216397.16 | J46: =(J36*$A$46)+(J2*$B$46) -> 240590.28 | K46: =(K36*$A$46)+(K2*$B$46) -> 201143.23 | ... O46: =(O36*$A$46)+(O2*$B$46) -> 69315 | P46: =SUM(D46:O46) -> 1600093.4 | Q46: =A46 -> 2310.5 | R46: =B46 -> 227.7 | S46: CIS MTH MCF | T46: =(T36*$Q$46)+(T2*$R$46) -> 71625.5 | U46: =(U36*$Q$46)+(U2*$R$46) -> 71625.5 | V46: =(V36*$Q$46)+(V2*$R$46) -> 74540.715 | W46: =(W36*$Q$46)+(W2*$R$46) -> 115173.12 | X46: =(X36*$Q$46)+(X2*$R$46) -> 160281.15 | Y46: =(Y36*$Q$46)+(Y2*$R$46) -> 216397.16 | Z46: =(Z36*$Q$46)+(Z2*$R$46) -> 240590.28 | AA46: =(AA36*$Q$46)+(AA2*$R$46) -> 201143.23 | ... AE46: =(AE36*$Q$46)+(AE2*$R$46) -> 69315 | AF46: =SUM(T46:AE46) -> 1600093.4 | AG46: =Q46 -> 2310.5 | AH46: =R46 -> 227.7 | AI46: CIS MTH MCF | AJ46: =(AJ36*$Q$46)+(AJ2*$R$46) -> 71625.5 | AK46: =(AK36*$Q$46)+(AK2*$R$46) -> 71625.5 | AL46: =(AL36*$Q$46)+(AL2*$R$46) -> 74540.715 | AM46: =(AM36*$Q$46)+(AM2*$R$46) -> 115173.12 | AN46: =(AN36*$Q$46)+(AN2*$R$46) -> 160281.15 | AO46: =(AO36*$Q$46)+(AO2*$R$46) -> 216397.16 | AP46: =(AP36*$Q$46)+(AP2*$R$46) -> 240590.28 | AQ46: =(AQ36*$Q$46)+(AQ2*$R$46) -> 201143.23 | ... AU46: =(AU36*$Q$46)+(AU2*$R$46) -> 69315 | AV46: =SUM(AJ46:AU46) -> 1600093.4
C47: YTD CIS MTH MCF | D47: =D46 -> 71625.5 | E47: =D47+E46 -> 143251 | F47: =E47+F46 -> 217791.71 | G47: =F47+G46 -> 332964.84 | H47: =G47+H46 -> 493245.99 | I47: =H47+I46 -> 709643.15 | J47: =I47+J46 -> 950233.43 | K47: =J47+K46 -> 1151376.7 | L47: =K47+L46 -> 1325193.9 | ... O47: =N47+O46 -> 1600093.4 | S47: YTD CIS MTH MCF | T47: =T46 -> 71625.5 | U47: =T47+U46 -> 143251 | V47: =U47+V46 -> 217791.71 | W47: =V47+W46 -> 332964.84 | X47: =W47+X46 -> 493245.99 | Y47: =X47+Y46 -> 709643.15 | Z47: =Y47+Z46 -> 950233.43 | AA47: =Z47+AA46 -> 1151376.7 | AB47: =AA47+AB46 -> 1325193.9 | ... AE47: =AD47+AE46 -> 1600093.4 | AI47: YTD CIS MTH MCF | AJ47: =AJ46 -> 71625.5 | AK47: =AJ47+AK46 -> 143251 | AL47: =AK47+AL46 -> 217791.71 | AM47: =AL47+AM46 -> 332964.84 | AN47: =AM47+AN46 -> 493245.99 | AO47: =AN47+AO46 -> 709643.15 | AP47: =AO47+AP46 -> 950233.43 | AQ47: =AP47+AQ46 -> 1151376.7 | AR47: =AQ47+AR46 -> 1325193.9 | ... AU47: =AT47+AU46 -> 1600093.4
A48: 102 | B48: 67.2 | C48: MS MTH MCF | D48: =(D36*$A$48)+(D2*$B$48) -> 3162 | E48: =(E36*$A$48)+(E2*$B$48) -> 3162 | F48: =(F36*$A$48)+(F2*$B$48) -> 4602.24 | G48: =(G36*$A$48)+(G2*$B$48) -> 16014 | H48: =(H36*$A$48)+(H2*$B$48) -> 29906.4 | I48: =(I36*$A$48)+(I2*$B$48) -> 45887.76 | J48: =(J36*$A$48)+(J2*$B$48) -> 53027.76 | K48: =(K36*$A$48)+(K2*$B$48) -> 43125.6 | ... O48: =(O36*$A$48)+(O2*$B$48) -> 3060 | P48: =SUM(D48:O48) -> 260569.2 | Q48: =A48 -> 102 | R48: =B48 -> 67.2 | S48: MS MTH MCF | T48: =(T36*$Q$48)+(T2*$R$48) -> 3162 | U48: =(U36*$Q$48)+(U2*$R$48) -> 3162 | V48: =(V36*$Q$48)+(V2*$R$48) -> 4602.24 | W48: =(W36*$Q$48)+(W2*$R$48) -> 16014 | X48: =(X36*$Q$48)+(X2*$R$48) -> 29906.4 | Y48: =(Y36*$Q$48)+(Y2*$R$48) -> 45887.76 | Z48: =(Z36*$Q$48)+(Z2*$R$48) -> 53027.76 | AA48: =(AA36*$Q$48)+(AA2*$R$48) -> 43125.6 | ... AE48: =(AE36*$Q$48)+(AE2*$R$48) -> 3060 | AF48: =SUM(T48:AE48) -> 260569.2 | AG48: =Q48 -> 102 | AH48: =R48 -> 67.2 | AI48: MS MTH MCF | AJ48: =(AJ36*$Q$48)+(AJ2*$R$48) -> 3162 | AK48: =(AK36*$Q$48)+(AK2*$R$48) -> 3162 | AL48: =(AL36*$Q$48)+(AL2*$R$48) -> 4602.24 | AM48: =(AM36*$Q$48)+(AM2*$R$48) -> 16014 | AN48: =(AN36*$Q$48)+(AN2*$R$48) -> 29906.4 | AO48: =(AO36*$Q$48)+(AO2*$R$48) -> 45887.76 | AP48: =(AP36*$Q$48)+(AP2*$R$48) -> 53027.76 | AQ48: =(AQ36*$Q$48)+(AQ2*$R$48) -> 43125.6 | ... AU48: =(AU36*$Q$48)+(AU2*$R$48) -> 3060 | AV48: =SUM(AJ48:AU48) -> 260569.2
C49: YTD MS MTH MCF | D49: =D48 -> 3162 | E49: =D49+E48 -> 6324 | F49: =E49+F48 -> 10926.24 | G49: =F49+G48 -> 26940.24 | H49: =G49+H48 -> 56846.64 | I49: =H49+I48 -> 102734.4 | J49: =I49+J48 -> 155762.16 | K49: =J49+K48 -> 198887.76 | L49: =K49+L48 -> 232209.12 | ... O49: =N49+O48 -> 260569.2 | S49: YTD MS MTH MCF | T49: =T48 -> 3162 | U49: =T49+U48 -> 6324 | V49: =U49+V48 -> 10926.24 | W49: =V49+W48 -> 26940.24 | X49: =W49+X48 -> 56846.64 | Y49: =X49+Y48 -> 102734.4 | Z49: =Y49+Z48 -> 155762.16 | AA49: =Z49+AA48 -> 198887.76 | AB49: =AA49+AB48 -> 232209.12 | ... AE49: =AD49+AE48 -> 260569.2 | AI49: YTD MS MTH MCF | AJ49: =AJ48 -> 3162 | AK49: =AJ49+AK48 -> 6324 | AL49: =AK49+AL48 -> 10926.24 | AM49: =AL49+AM48 -> 26940.24 | AN49: =AM49+AN48 -> 56846.64 | AO49: =AN49+AO48 -> 102734.4 | AP49: =AO49+AP48 -> 155762.16 | AQ49: =AP49+AQ48 -> 198887.76 | AR49: =AQ49+AR48 -> 232209.12 | ... AU49: =AT49+AU48 -> 260569.2
C50: PGC MTH MCF | D50: =SUM(D37,D42,D48,D46) -> 264222.3 | E50: =SUM(E37,E42,E48,E46) -> 264222.3 | F50: =SUM(F37,F42,F48,F46) -> 310159.35 | G50: =SUM(G37,G42,G48,G46) -> 718058.55 | H50: =SUM(H37,H42,H48,H46) -> 1203712.5 | I50: =SUM(I37,I42,I48,I46) -> 1772975.7 | J50: =SUM(J37,J42,J48,J46) -> 2025106.9 | K50: =SUM(K37,K42,K48,K46) -> 1660672.7 | ... O50: =SUM(O37,O42,O48,O46) -> 255699 | P50: =SUM(D50:O50) -> 10997670 | S50: PGC MTH MCF | T50: =SUM(T37,T42,T48,T46) -> 265455.36 | U50: =SUM(U37,U42,U48,U46) -> 265455.36 | V50: =SUM(V37,V42,V48,V46) -> 311662.07 | W50: =SUM(W37,W42,W48,W46) -> 721870.19 | X50: =SUM(X37,X42,X48,X46) -> 1210292.2 | Y50: =SUM(Y37,Y42,Y48,Y46) -> 1782781.1 | Z50: =SUM(Z37,Z42,Z48,Z46) -> 2036344.9 | AA50: =SUM(AA37,AA42,AA48,AA46) -> 1669865.9 | ... AE50: =SUM(AE37,AE42,AE48,AE46) -> 256892.29 | AF50: =SUM(T50:AE50) -> 11056998 | AI50: PGC MTH MCF | AJ50: =SUM(AJ37,AJ42,AJ48,AJ46) -> 266941.51 | AK50: =SUM(AK37,AK42,AK48,AK46) -> 266941.51 | AL50: =SUM(AL37,AL42,AL48,AL46) -> 313472.9 | AM50: =SUM(AM37,AM42,AM48,AM46) -> 726461.61 | AN50: =SUM(AN37,AN42,AN48,AN46) -> 1218216.9 | AO50: =SUM(AO37,AO42,AO48,AO46) -> 1794590.6 | AP50: =SUM(AP37,AP42,AP48,AP46) -> 2049879.5 | AQ50: =SUM(AQ37,AQ42,AQ48,AQ46) -> 1680938.1 | ... AU50: =SUM(AU37,AU42,AU48,AU46) -> 258330.49 | AV50: =SUM(AJ50:AU50) -> 11128459
A51: =SUM(A38,A43) -> 39.776193 | B51: =SUM(B38,B43) -> 13.482782 | C51: PGC MTH MCF GROWTH | D51: =SUM(D38,D43) -> 1233.062 | E51: =SUM(E38,E43) -> 1233.062 | F51: =SUM(F38,F43) -> 1502.7156 | G51: =SUM(G38,G43) -> 3811.644 | H51: =SUM(H38,H43) -> 6579.6571 | I51: =SUM(I38,I43) -> 9805.4146 | J51: =SUM(J38,J43) -> 11237.96 | K51: =SUM(K38,K43) -> 9193.2904 | ... O51: =SUM(O38,O43) -> 1193.2858 | P51: =SUM(D51:O51) -> 59328.336 | Q51: =SUM(Q38,Q43) -> 47.940186 | R51: =SUM(R38,R43) -> 16.236714 | S51: PGC MTH MCF GROWTH | T51: =SUM(T38,T43) -> 1486.1458 | U51: =SUM(U38,U43) -> 1486.1458 | V51: =SUM(V38,V43) -> 1810.8382 | W51: =SUM(W38,W43) -> 4591.4173 | X51: =SUM(X38,X43) -> 7924.7728 | Y51: =SUM(Y38,Y43) -> 11809.448 | Z51: =SUM(Z38,Z43) -> 13534.599 | AA51: =SUM(AA38,AA43) -> 11072.176 | ... AE51: =SUM(AE38,AE43) -> 1438.2056 | AF51: =SUM(T51:AE51) -> 71460.886 | AG51: =SUM(AG38,AG43) -> 57.110714 | AH51: =SUM(AH38,AH43) -> 19.369305 | AI51: PGC MTH MCF GROWTH | AJ51: =SUM(AJ38,AJ43) -> 1673.361 | AK51: =SUM(AK38,AK43) -> 1673.361 | AL51: =SUM(AL38,AL43) -> 2044.1556 | AM51: =SUM(AM38,AM43) -> 5213.144 | AN51: =SUM(AN38,AN43) -> 9013.595 | AO51: =SUM(AO38,AO43) -> 13441.173 | AP51: =SUM(AP38,AP43) -> 15407.719 | AQ51: =SUM(AQ38,AQ43) -> 12602.743 | ... AU51: =SUM(AU38,AU43) -> 1619.3816 | AV51: =SUM(AJ51:AU51) -> 81216.038
A52: =SUM(A39,A44,A48,A46) -> 8563.0762 | B52: =SUM(B39,B44,B48,B46) -> 2386.4828 | C52: PGC MTH MCF W/GROWTH | D52: =SUM(D50:D51) -> 265455.36 | E52: =SUM(E50:E51) -> 265455.36 | F52: =SUM(F50:F51) -> 311662.07 | G52: =SUM(G50:G51) -> 721870.19 | H52: =SUM(H50:H51) -> 1210292.2 | I52: =SUM(I50:I51) -> 1782781.1 | J52: =SUM(J50:J51) -> 2036344.9 | K52: =SUM(K50:K51) -> 1669865.9 | ... O52: =SUM(O50:O51) -> 256892.29 | P52: =SUM(D52:O52) -> 11056998 | Q52: =SUM(Q39,Q44,Q48,Q46) -> 8611.0164 | R52: =SUM(R39,R44,R48,R46) -> 2402.7195 | S52: PGC MTH MCF W/GROWTH | T52: =SUM(T50:T51) -> 266941.51 | U52: =SUM(U50:U51) -> 266941.51 | V52: =SUM(V50:V51) -> 313472.9 | W52: =SUM(W50:W51) -> 726461.61 | X52: =SUM(X50:X51) -> 1218216.9 | Y52: =SUM(Y50:Y51) -> 1794590.6 | Z52: =SUM(Z50:Z51) -> 2049879.5 | AA52: =SUM(AA50:AA51) -> 1680938.1 | ... AE52: =SUM(AE50:AE51) -> 258330.49 | AF52: =SUM(T52:AE52) -> 11128459 | AG52: =SUM(AG39,AG44,AG48,AG46) -> 8668.1271 | AH52: =SUM(AH39,AH44,AH48,AH46) -> 2422.0888 | AI52: PGC MTH MCF W/GROWTH | AJ52: =SUM(AJ50:AJ51) -> 268614.87 | AK52: =SUM(AK50:AK51) -> 268614.87 | AL52: =SUM(AL50:AL51) -> 315517.06 | AM52: =SUM(AM50:AM51) -> 731674.76 | AN52: =SUM(AN50:AN51) -> 1227230.5 | AO52: =SUM(AO50:AO51) -> 1808031.7 | AP52: =SUM(AP50:AP51) -> 2065287.2 | AQ52: =SUM(AQ50:AQ51) -> 1693540.9 | ... AU52: =SUM(AU50:AU51) -> 259949.87 | AV52: =SUM(AJ52:AU52) -> 11209675
A53: =A52/A66 -> 0.5302846 | B53: =B52/B66 -> 0.90966207 | C53: YTD PGC MTH MCF W/GROWTH | D53: =D52 -> 265455.36 | E53: =D53+E52 -> 530910.72 | F53: =E53+F52 -> 842572.79 | G53: =F53+G52 -> 1564443 | H53: =G53+H52 -> 2774735.1 | I53: =H53+I52 -> 4557516.3 | J53: =I53+J52 -> 6593861.2 | K53: =J53+K52 -> 8263727.1 | L53: =K53+L52 -> 9600235.9 | ... O53: =N53+O52 -> 11056998 | P53: =(P13-P52)/P52 -> 0.15235457 | S53: YTD PGC MTH MCF W/GROWTH | T53: =T52 -> 266941.51 | U53: =T53+U52 -> 533883.02 | V53: =U53+V52 -> 847355.92 | W53: =V53+W52 -> 1573817.5 | X53: =W53+X52 -> 2792034.5 | Y53: =X53+Y52 -> 4586625 | Z53: =Y53+Z52 -> 6636504.5 | AA53: =Z53+AA52 -> 8317442.6 | AB53: =AA53+AB52 -> 9662724.7 | ... AE53: =AD53+AE52 -> 11128459 | AI53: YTD PGC MTH MCF W/GROWTH | AJ53: =AJ52 -> 268614.87 | AK53: =AJ53+AK52 -> 537229.74 | AL53: =AK53+AL52 -> 852746.8 | AM53: =AL53+AM52 -> 1584421.6 | AN53: =AM53+AN52 -> 2811652.1 | AO53: =AN53+AO52 -> 4619683.8 | AP53: =AO53+AP52 -> 6684971 | AQ53: =AP53+AQ52 -> 8378511.9 | AR53: =AQ53+AR52 -> 9733774 | ... AU53: =AT53+AU52 -> 11209675
C54: FLEX MTH MCF - IAA | D54: 20400 | E54: 19000 | F54: 19200 | G54: 16600 | H54: 27500 | I54: 36700 | J54: 43100 | K54: 33300 | L54: 26200 | M54: 29200 | N54: 11800 | O54: 11300 | P54: =SUM(D54:O54) -> 294300 | S54: FLEX MTH MCF - IAA | T54: 2200 | U54: 2000 | V54: 2400 | W54: 8200 | X54: 14600 | Y54: 21100 | Z54: 23500 | AA54: 18800 | AB54: 15800 | AC54: 9000 | AD54: 4700 | AE54: 2800 | AF54: =SUM(T54:AE54) -> 125100 | AI54: FLEX MTH MCF - IAA | AJ54: 2250 | AK54: 2050 | AL54: 2500 | AM54: 8400 | AN54: 15000 | AO54: 21700 | AP54: 24200 | AQ54: 19300 | AR54: 16300 | AS54: 9300 | AT54: 4800 | AU54: 2900 | AV54: =SUM(AJ54:AU54) -> 128700
C55: YTD FLEX MTH MCF - IAA | D55: =D54 -> 20400 | E55: =D55+E54 -> 39400 | F55: =E55+F54 -> 58600 | G55: =F55+G54 -> 75200 | H55: =G55+H54 -> 102700 | I55: =H55+I54 -> 139400 | J55: =I55+J54 -> 182500 | K55: =J55+K54 -> 215800 | L55: =K55+L54 -> 242000 | ... O55: =N55+O54 -> 294300 | S55: YTD FLEX MTH MCF - IAA | T55: =T54 -> 2200 | U55: =T55+U54 -> 4200 | V55: =U55+V54 -> 6600 | W55: =V55+W54 -> 14800 | X55: =W55+X54 -> 29400 | Y55: =X55+Y54 -> 50500 | Z55: =Y55+Z54 -> 74000 | AA55: =Z55+AA54 -> 92800 | AB55: =AA55+AB54 -> 108600 | ... AE55: =AD55+AE54 -> 125100 | AI55: YTD FLEX MTH MCF - IAA | AJ55: =AJ54 -> 2250 | AK55: =AJ55+AK54 -> 4300 | AL55: =AK55+AL54 -> 6800 | AM55: =AL55+AM54 -> 15200 | AN55: =AM55+AN54 -> 30200 | AO55: =AN55+AO54 -> 51900 | AP55: =AO55+AP54 -> 76100 | AQ55: =AP55+AQ54 -> 95400 | AR55: =AQ55+AR54 -> 111700 | ... AU55: =AT55+AU54 -> 128700
A56: 947 | B56: 15 | C56: FLEX MTH MCF - MODEL | D56: =(D36*$A$56)+(D2*$B$56) -> 29357 | E56: =(E36*$A$56)+(E2*$B$56) -> 29357 | F56: =(F36*$A$56)+(F2*$B$56) -> 28754.25 | G56: =(G36*$A$56)+(G2*$B$56) -> 32225.75 | H56: =(H36*$A$56)+(H2*$B$56) -> 34402.5 | I56: =(I36*$A$56)+(I2*$B$56) -> 38894 | J56: =(J36*$A$56)+(J2*$B$56) -> 40487.75 | K56: =(K36*$A$56)+(K2*$B$56) -> 35504.75 | ... O56: =(O36*$A$56)+(O2*$B$56) -> 28410 | P56: =SUM(D56:O56) -> 395507.5 | Q56: =A56 -> 947 | R56: =B56 -> 15 | S56: FLEX MTH MCF - MODEL | T56: =(T36*$Q$56)+(T2*$R$56) -> 29357 | U56: =(U36*$A$56)+(U2*$B$56) -> 29357 | V56: =(V36*$A$56)+(V2*$B$56) -> 28754.25 | W56: =(W36*$A$56)+(W2*$B$56) -> 32225.75 | X56: =(X36*$A$56)+(X2*$B$56) -> 34402.5 | Y56: =(Y36*$A$56)+(Y2*$B$56) -> 38894 | Z56: =(Z36*$A$56)+(Z2*$B$56) -> 40487.75 | AA56: =(AA36*$A$56)+(AA2*$B$56) -> 35504.75 | AB56: =(AB36*$A$56)+(AB2*$B$56) -> 36089 | ... AE56: =(AE36*$A$56)+(AE2*$B$56) -> 28410 | AF56: =SUM(T56:AE56) -> 395507.5 | AG56: =Q56 -> 947 | AH56: =R56 -> 15 | AI56: FLEX MTH MCF - MODEL | AJ56: =(AJ36*$Q$56)+(AJ2*$R$56) -> 29357 | AK56: =(AK36*$A$56)+(AK2*$B$56) -> 29357 | AL56: =(AL36*$A$56)+(AL2*$B$56) -> 28754.25 | AM56: =(AM36*$A$56)+(AM2*$B$56) -> 32225.75 | AN56: =(AN36*$A$56)+(AN2*$B$56) -> 34402.5 | AO56: =(AO36*$A$56)+(AO2*$B$56) -> 38894 | AP56: =(AP36*$A$56)+(AP2*$B$56) -> 40487.75 | AQ56: =(AQ36*$A$56)+(AQ2*$B$56) -> 35504.75 | AR56: =(AR36*$A$56)+(AR2*$B$56) -> 36089 | ... AU56: =(AU36*$A$56)+(AU2*$B$56) -> 28410 | AV56: =SUM(AJ56:AU56) -> 395507.5
C57: YTD FLEX MTH MCF - MODEL | D57: =D56 -> 29357 | E57: =D57+E56 -> 58714 | F57: =E57+F56 -> 87468.25 | G57: =F57+G56 -> 119694 | H57: =G57+H56 -> 154096.5 | I57: =H57+I56 -> 192990.5 | J57: =I57+J56 -> 233478.25 | K57: =J57+K56 -> 268983 | L57: =K57+L56 -> 305072 | ... O57: =N57+O56 -> 395507.5 | S57: YTD FLEX MTH MCF - MODEL | T57: =T56 -> 29357 | U57: =T57+U56 -> 58714 | V57: =U57+V56 -> 87468.25 | W57: =V57+W56 -> 119694 | X57: =W57+X56 -> 154096.5 | Y57: =X57+Y56 -> 192990.5 | Z57: =Y57+Z56 -> 233478.25 | AA57: =Z57+AA56 -> 268983 | AB57: =AA57+AB56 -> 305072 | ... AE57: =AD57+AE56 -> 395507.5 | AI57: YTD FLEX MTH MCF - MODEL | AJ57: =AJ56 -> 29357 | AK57: =AJ57+AK56 -> 58714 | AL57: =AK57+AL56 -> 87468.25 | AM57: =AL57+AM56 -> 119694 | AN57: =AM57+AN56 -> 154096.5 | AO57: =AN57+AO56 -> 192990.5 | AP57: =AO57+AP56 -> 233478.25 | AQ57: =AP57+AQ56 -> 268983 | AR57: =AQ57+AR56 -> 305072 | ... AU57: =AT57+AU56 -> 395507.5
C58: LVS MTH MCF - IAA | D58: 200000 | E58: 195000 | F58: 177500 | G58: 280000 | H58: 280000 | I58: 335000 | J58: 340000 | K58: 300000 | L58: 275000 | M58: 260000 | N58: 220000 | O58: 194500 | P58: =SUM(D58:O58) -> 3057000 | Q58: =P58/P62 -> 0.91218333 | S58: LVS MTH MCF - IAA | T58: 220000 | U58: 210000 | V58: 190000 | W58: 300000 | X58: 300000 | Y58: 360000 | Z58: 370000 | AA58: 330000 | AB58: 300000 | AC58: 290000 | AD58: 240000 | AE58: 210000 | AF58: =SUM(T58:AE58) -> 3320000 | AI58: LVS MTH MCF - IAA | AJ58: 225000 | AK58: 215000 | AL58: 195000 | AM58: 306000 | AN58: 310000 | AO58: 369000 | AP58: 379000 | AQ58: 335000 | AR58: 307000 | AS58: 297000 | AT58: 245000 | AU58: 215000 | AV58: =SUM(AJ58:AU58) -> 3398000
C59: YTD LVS MCF - IAA | D59: =D58 -> 200000 | E59: =D59+E58 -> 395000 | F59: =E59+F58 -> 572500 | G59: =F59+G58 -> 852500 | H59: =G59+H58 -> 1132500 | I59: =H59+I58 -> 1467500 | J59: =I59+J58 -> 1807500 | K59: =J59+K58 -> 2107500 | L59: =K59+L58 -> 2382500 | ... O59: =N59+O58 -> 3057000 | S59: YTD LVS MCF - IAA | T59: =T58 -> 220000 | U59: =T59+U58 -> 430000 | V59: =U59+V58 -> 620000 | W59: =V59+W58 -> 920000 | X59: =W59+X58 -> 1220000 | Y59: =X59+Y58 -> 1580000 | Z59: =Y59+Z58 -> 1950000 | AA59: =Z59+AA58 -> 2280000 | AB59: =AA59+AB58 -> 2580000 | ... AE59: =AD59+AE58 -> 3320000 | AI59: YTD LVS MCF - IAA | AJ59: =AJ58 -> 225000 | AK59: =AJ59+AK58 -> 440000 | AL59: =AK59+AL58 -> 635000 | AM59: =AL59+AM58 -> 941000 | AN59: =AM59+AN58 -> 1251000 | AO59: =AN59+AO58 -> 1620000 | AP59: =AO59+AP58 -> 1999000 | AQ59: =AP59+AQ58 -> 2334000 | AR59: =AQ59+AR58 -> 2641000 | ... AU59: =AT59+AU58 -> 3398000
